Workbook

Sheet 2024 Legal Max
G1: Col 1 | K1: Col 2 | O1: Col 3 | P1: Col 4 | Q1: Col 5 | R1: Col 6 | S1: Col 7 | T1: Col 8 | U1: Col 9 | V1: Col 10 | W1: Col 11 | X1: Col 12 | Y1: Col 13 | Z1: Col 14 | AA1: Col 15 | AB1: Col 16 | AC1: Col 17 | AD1: Col 18 | AE1: Col 19 | AF1: Col 20 | AG1: Col 21 | AH1: Col 22 | AI1: Col 23 | AJ1: Col 24 | AK1: Col 25 | AL1: Col 26 | AM1: Col 27 | AN1: Col 28 | AO1: Col 29 | AP1: Col 30 | AQ1: Col 31 | AR1: Col 32 | AS1: Col 33 | AT1: Col 34 | AU1: Col 35 | AV1: Col 36 | AW1: Col 37 | AX1: Col 38 | BB1: Col 39 | BC1: Col 40 | BD1: Col 41 | BE1: Col 42 | BF1: Col 43 | BG1: Col 44 | BH1: Col 45 | BI1: Col 46 | BJ1: Col 47 | BK1: Col 48 | BL1: Col 49 | BM1: Col 50 | BN1: Col 51 | BO1: Col 52 | BP1: Col 53 | BQ1: Col 54 | BR1: Col 55 | BS1: Col 56 | BT1: Col 57 | BU1: Col 58 | BV1: Col 59 | BW1: Col 60 | BX1: Col 61 | BY1: Col 62 | BZ1: Col 63 | CA1: Col 64 | CB1: Col 65 | CC1: Col 66 | CD1: Col 67 | CE1: Col 68 | CF1: Col 69 | CG1: Col 70 | CH1: Col 71 | CI1: Col 72 | CJ1: Col 73 | CK1: Col 74 | CL1: Col 75 | CM1: Col 76 | CN1: Col 77 | CO1: Col 78 | CP1: Col 79 | CQ1: Col 80 | CR1: Col 81 | CS1: Col 82 | CT1: Col 83 | CU1: Col 84 | CV1: Col 85
B2: 45470 | D2: upadated | E2: N/A | F2: upadated | P2: (Info Only) | Q2: (Info Only) | R2: (Info Only) | AR2: (Info Only) | AS2: (Info Only) | BB2: (Info Only) | BQ2: Table I - Low & High Enrollment | CA2: Table II - Transportation | CJ2: Table III - Tax Appeal Amounts | CO2: Table IV High Density At Risk | CS2: LOB Transfers
B3: County | C3: District Name | D3: FTE Enroll (excl 4yr old at-risk & virtual) 9/20/2020 | E3: FTE Enroll Tax Credit Scholarship (TCS) excl 4yr old at-risk & virtual - 9/20/2020 | F3: FTE Enroll (excl 4yr old at-risk & virtual) 2/20/2021 | G3: FTE Enroll (excl 4yr old At-Risk & Virtual) 9/20/2020 2/20/2021 | H3: FTE Enroll (excl 4yr old at-risk & virtual) 9/20/2021 | I3: FTE Enroll Tax Credit Scholarship (TCS) excl 4yr old at-risk & virtual - 9/20/2021 | J3: FTE Enroll (excl 4yr old at-risk & virtual) 2/20/2022 | K3: FTE Enroll (excl Pre-K At-Risk & Virtual) 9/20/2021 2/20/2022 | L3: FTE Enroll (excl 4yr old at-risk & virtual) 9/20/2022 | M3: FTE Enroll Tax Credit Scholarship (TCS) excl 4yr old at-risk & virtual - 9/20/2022 | N3: FTE Enroll (excl 4yr old at-risk & virtual) 2/20/2023 | O3: FTE Enroll (excl Pre-K At-Risk & Virtual) 9/20/2022 2/20/2023 | P3: FTE Enroll (excl Pre-K At-Risk & Virtual) 9/20/2023 | Q3: FTE Enroll (excl Pre-K At-Risk & Virtual) 2/20/2024 | R3: FTE Enroll (excl Pre-K At-Risk & Virtual) 9/20/2023 2/20/2024 | S3: Adjusted Enrollment | T3: Preschool-Aged At-Risk 9/20/2023 2/20/2024 | U3: Total Adjusted Enrollment (incl Pre-K AR) | V3: Low and High Enrollment WTD FTE | W3: Bilingual Contact Hours (9/20 + 2/20) | X3: Bilingual Contact Hours WTD FTE | Y3: Bilingual Headcount (9/20 + 2/20) | Z3: Bilingual Headcount WTD FTE | AA3: Bilingual (max Hrs or Hdct) WTD FTE | AB3: Career / Tech Ed Contact Hours (9/20 + 2/20) | AC3: Career / Tech Ed WTD FTE | AD3: Funded Headcount (excl Virtual, KAMS, JDC) (9/20 + 2/20) | AE3: Free Lunch (9/20 + 2/20) | AF3: At-Risk (Free Lunch) WTD FTE | AG3: High Density At-Risk (USD) | AH3: High Density At-Risk (School) | AI3: High Density At-Risk WTD FTE | AJ3: Transportation FTE > = 2.5 Miles (9/20 + 2/20) | AK3: Transportation State Aid | AL3: Transportation WTD FTE | AM3: Ancillary WTD FTE | AN3: Cost of Living WTD FTE | AO3: Special Education State Aid | AP3: Special Education WTD FTE | AQ3: KAMS FTE | AR3: WTD FTE (excl COLA; incl SPED) | AS3: WTD FTE (excl SPED) | AT3: Virtual Full-Time FTE ($5600) | AU3: Virtual Part-Time FTE ($2800) | AV3: Virtual Credits (20yrs & Older) ($709) | AW3: Virtual Credits (Dropout 19 & Under) ($709) | AX3: Virtual State Aid | AY3: Sequence Number | AZ3: Audit | BA3: Republished | BB3: Computed General Fund (excl SPED) | BC3: Computed General Fund (incl SPED) | BD3: Adopted General Fund | BE3: Legal Maximum General Fund (before reductions) | BF3: Prior Year Budget Law Violation | BG3: Current Year Transp Audit Adj | BH3: Prior Year Virtual Credits Audit Adj | BI3: Prior Year Total Reductions | BJ3: 2023-2024 Adjusted Legal General Fund Budget | BK3: 2023-2024 LOB Base General Fund | BL3: 2023-2024 LOB Authorized Percent | BM3: Computed Local Option Budget | BN3: Adopted Local Option Budget | BO3: Legal Maximum Local Option Budget | BP3: LOB Percent Used | BQ3: 0-99.9 | BU3: 100-299.9 | BY3: 300-1621.9 | BZ3: 1622 and higher | CA3: Area in Square Miles | CB3: Density Figure Range | CC3: Order ID | CD3: Per Capita | CE3: Base Change (Factor A) | CF3: Factor Per Capita Allowance (Factor B) | CG3: Factor per Capita times Constant (Factor C) | CH3: Factor per Capita Allowance times the Variable (Factor D) | CI3: Transportation Weighted FTE | CJ3: Board of Tax Appeals (Ancillary) | CK3: Form 150 - Board of Tax Appeals (Cost of Living) | CL3: Cost of Living Authorized Percent | CM3: Maximum Computed Cost of Living | CN3: Cost of Living Authority | CO3: Percent of Free Lunch (Current Year) | CP3: WTD FTE Free Lunch >=50% | CQ3: WTD FTE Free Lunch >=35% <50% | CR3: Total WTD FTE (inc. SPED) | CS3: LOB Transfer to At-Risk | CT3: LOB Transfer to Bilingual | CU3: General Fund Transfer To At-Risk | CV3: Total FTE Enrollment (incl Virtual)
A4: Total | C4: STATE TOTALS | D4: =SUM(D5:D290) -> 446279.5 | E4: =SUM(E5:E290) -> 205.2 | F4: =SUM(F5:F290) -> 580.4 | G4: =SUM(G5:G290) -> 446654.7 | H4: =SUM(H5:H290) -> 447667.9 | I4: =SUM(I5:I290) -> 330 | J4: =SUM(J5:J290) -> 470.9 | K4: =SUM(K5:K290) -> 447808.8 | ... AX4: =SUM(AX5:AX290) -> 55946494 | BB4: =SUM(BB5:BB290) -> 3495656326 | BC4: =SUM(BC5:BC290) -> 4011127709 | BD4: =SUM(BD5:BD290) -> 4108771802 | BE4: =SUM(BE5:BE290) -> 4011127201 | BF4: =SUM(BF5:BF290) -> 0 | BG4: =SUM(BG5:BG290) -> -1602010 | BH4: =SUM(BH5:BH290) -> -1389591 | BI4: =SUM(BI5:BI290) -> -2991601 | ... BK4: =SUM(BK5:BK290) -> 4017238956 | BL4: =SUM(BL5:BL290)/286 -> 0.3236 | BM4: =SUM(BM5:BM290) -> 1310731562 | BN4: =SUM(BN5:BN290) -> 1324113839 | BO4: =SUM(BO5:BO290) -> 1301876866 | BP4: =SUM(BP5:BP290)/286 -> 0.3205 | BQ4: =SUM(BQ5:BQ290) -> 748.8 | BU4: =SUM(BU5:BU290) -> 9110.4 | BY4: =SUM(BY5:BY290) -> 32345.4 | BZ4: =SUM(BZ5:BZ290) -> 11890.2 | CA4: =SUM(CA5:CA290) -> 82019.7 | CB4: =SUM(CB5:CB290) -> 1378.9 | CC4: =SUM(CC5:CC290) -> 7634 | CD4: =SUM(CD5:CD290) -> 302070 | CE4: =SUM(CE5:CE290) -> 349.3776 | CF4: =SUM(CF5:CF290) -> 91942210 | ... CN4: =SUM(CN5:CN290) -> 44823280 | CO4: =AE4/AD4 -> 0.4285 | CP4: =SUM(CP5:CP290) -> 11064.5 | CQ4: =SUM(CQ5:CQ290) -> 2295.4 | CR4: =SUM(CR5:CR290) -> 777354.8 | CS4: =SUM(CS5:CS290) -> 161907941 | CT4: =SUM(CT5:CT290) -> 15395123 | CU4: =SUM(CU5:CU290) -> 563296545 | CV4: =SUM(CV5:CV290) -> 461901.6
A5: 101 | B5: Neosho | C5: Erie-Galesburg | D5: 422.5 | F5: 0 | G5: =SUM(D5-E5+F5) -> 422.5 | H5: 419 | J5: 0 | K5: =SUM(H5-I5+J5) -> 419 | L5: 395.5 | N5: 0 | O5: =SUM(L5-M5+N5) -> 395.5 | P5: =IF(ISNA(VLOOKUP($CW5,'Audit Values'!$A:$BZ,2,FALSE)),'Preliminary SO66'!C4,VLOOKUP($CW5,'Audit Values'!$A:$BZ,76,FALSE)) -> 418 | Q5: =IF(ISNA(VLOOKUP($CW5,'Audit Values'!$A:$BZ,2,FALSE)),'Preliminary SO66'!F4,VLOOKUP($CW5,'Audit Values'!$A:$BZ,4,FALSE)) -> 0 | R5: =SUM(P5+Q5) -> 418 | S5: =IF('Military Provision'!I5="YES", MAX('2024 Legal Max'!O5,'2024 Legal Max'!K5,AVERAGE('2024 Legal Max'!G5,'2024 Legal Max'!K5,'2024 Legal Max'!O5)), MAX(O5, K5)) -> 419 | T5: =IF(ISNA(VLOOKUP($CW5,'Audit Values'!$A:$BX,2,FALSE)),'Preliminary SO66'!AL4,VLOOKUP($CW5,'Audit Values'!$A:$BX,59,FALSE)) -> 9.5 | U5: =S5+T5 -> 428.5 | V5: ='Low-High ENRL- 2023 HSubSB 113'!N8 -> 188.8 | W5: =IF(ISNA(VLOOKUP($CW5,'Audit Values'!$A:$BZ,2,FALSE)),'Preliminary SO66'!AM4,VLOOKUP($CW5,'Audit Values'!$A:$BZ,63,FALSE)) -> 0.7 | X5: =(W5/6)*'Weighting Factors'!$O$7 -> 0 | Y5: =IF(ISNA(VLOOKUP($CW5,'Audit Values'!$A:$BZ,2,FALSE)),'Preliminary SO66'!AN4,VLOOKUP($CW5,'Audit Values'!$A:$BZ,62,FALSE)) -> 4 | Z5: =Y5*'Weighting Factors'!$O$8 -> 0.7 | AA5: =MAX(X5,Z5) -> 0.7 | AB5: =IF(ISNA(VLOOKUP($CW5,'Audit Values'!$A:$BZ,2,FALSE)),'Preliminary SO66'!AO4,VLOOKUP($CW5,'Audit Values'!$A:$BZ,61,FALSE)) -> 132.7 | AC5: =AB5/6*'Weighting Factors'!$O$6 -> 11.1 | AD5: =IF(ISNA(VLOOKUP($CW5,'Audit Values'!$A:$BX,2,FALSE)),'Preliminary SO66'!AS4,VLOOKUP($CW5,'Audit Values'!$A:$BX,64,FALSE)) -> 439 | AE5: =IF(ISNA(VLOOKUP($CW5,'Audit Values'!$A:$BX,2,FALSE)),'Preliminary SO66'!AP4,VLOOKUP($CW5,'Audit Values'!$A:$BX,65,FALSE)) -> 234 | AF5: =IF(A5=207, AE5,(AE5))*'Weighting Factors'!$O$9 -> 113.3 | AG5: =MAX(CP5,CQ5) -> 24.6 | AH5: =IF(ISNA(VLOOKUP($CW5,'Audit Values'!$A:$BZ,2,FALSE)),'Preliminary SO66'!AG4,VLOOKUP($CW5,'Audit Values'!$A:$BZ,71,FALSE)) -> 22 | AI5: =MAX(AG5, AH5) -> 24.6 | AJ5: =IF(ISNA(VLOOKUP($CW5,'Audit Values'!$A:$BX,2,FALSE)),'Preliminary SO66'!AR4,VLOOKUP($CW5,'Audit Values'!$A:$BX,66,FALSE)) -> 181.5 | AK5: =CH5 -> 237241 | AL5: =AK5/'Weighting Factors'!$O$5 -> 46.6 | AM5: =CJ5/'Weighting Factors'!$O$5 -> 0 | AN5: =CN5/'Weighting Factors'!$O$5 -> 0 | AO5: 484836 | AP5: =AO5/'Weighting Factors'!$O$5 -> 95.3 | AQ5: =IF(ISNA(VLOOKUP($CW5,'Audit Values'!$A:$BX,2,FALSE)),'Preliminary SO66'!X4,VLOOKUP($CW5,'Audit Values'!$A:$BX,48,FALSE)) -> 0 | AR5: =SUM(U5+V5+AA5+AC5+AF5+AI5+AL5+AM5+AP5+AQ5) -> 908.9 | AS5: =SUM(U5+V5+AA5+AC5+AF5+AI5+AL5+AM5+AN5+AQ5) -> 813.6 | AT5: =IF(ISNA(VLOOKUP($CW5,'Audit Values'!$A$2:$BX$410,2,FALSE)),'Preliminary SO66'!AA4,VLOOKUP($CW5,'Audit Values'!$A$2:$BX$410,41,FALSE)) -> 6 | AU5: =IF(ISNA(VLOOKUP($CW5,'Audit Values'!$A$2:$BX$410,2,FALSE)),'Preliminary SO66'!AB4,VLOOKUP($CW5,'Audit Values'!$A$2:$BX$410,42,FALSE)) -> 0 | AV5: 0 | AW5: 0 | AX5: =SUM(AT5*'Weighting Factors'!$R$10)+('2024 Legal Max'!AU5*'Weighting Factors'!$R$11)+('2024 Legal Max'!AV5*'Weighting Factors'!$R$12)+('2024 Legal Max'!AW5*'Weighting Factors'!$R$12) -> 33600 | AY5: =IF(ISNA(VLOOKUP($CW5,'Audit Values'!$A$2:$BX$429,2,FALSE)),"",IF(AND('Weighting Factors'!G5>0,VLOOKUP($CW5,'Audit Values'!$A$2:$BX$429,51,FALSE)<'Weighting Factors'!G5),'Weighting Factors'!G5,VLOOKUP($CW5,'Audit Values'!$A$2:$BX$429,51,FALSE))) -> 19 | AZ5: =IF(ISNA(VLOOKUP($CW5,'Audit Values'!$A:$BY,2,FALSE)),"",VLOOKUP($CW5,'Audit Values'!$A:$BY,52,FALSE)) -> A | BA5: =IF('Weighting Factors'!F5="","",IF('Weighting Factors'!H5="Pending","PX","R")) -> R | BB5: =SUM((U5+V5+AA5+AC5+AF5+AI5+AL5+AM5+AQ5+AN5)*'Weighting Factors'!$O$5)+'2024 Legal Max'!AX5 -> 4173197 | BC5: =SUM((AR5+AN5)*'Weighting Factors'!$O$5)+AX5 -> 4658083 | BD5: =IF('Weighting Factors'!F5>0,'Weighting Factors'!F5,'Preliminary SO66'!AV4) -> 4743053 | BE5: =MIN(BC5,BD5) -> 4658083 | BF5: ='Weighting Factors'!E5 -> 0 | BG5: =Transportation!G5 -> 0 | BH5: =IF(ISNA(VLOOKUP($CW5,'Audit Values'!$A:$BW,2,FALSE)), 0, VLOOKUP($CW5,'Audit Values'!$A:$BW,75,FALSE)) -> -3545 | BI5: =SUM(BF5:BH5) -> -3545 | BJ5: =BE5+BI5 -> 4654538 | BK5: =SUM((U5+V5+AA5+AC5+AF5+AI5+AL5+AM5+AN5)*'Weighting Factors'!O$12)+(MAX(AO5,'Weighting Factors'!B5)) -> 4927716 | BL5: ='LOB%'!F3 -> 0.31 | BM5: =BK5*BL5 -> 1527592 | BN5: 1518158 | BO5: =MIN(BM5,BN5) -> 1518158 | BP5: =BO5/BK5 -> 0.3081 | BQ5: =ROUND(IF(U5<=99.9,(U5*1.014331),0),1) -> 0 | BR5: =AND(U5>99.9,U5<=299.9) -> FALSE | BS5: =IF(BR5=TRUE,ROUND((U5-100)*9.655,3),0) -> 0 | BT5: =IF(BR5=TRUE,ROUND(((7337-BS5)/3642.4)-1,6),0) -> 0 | BU5: =ROUND(BT5*U5,1) -> 0 | BV5: =AND(U5>299.9,U5<=1621.9) -> TRUE | BW5: =IF(BV5=TRUE,ROUND((U5-300)*1.2375,4),0) -> 159.0188 | BX5: =IF(BV5=TRUE,ROUND(((5406-BW5)/3642.4)-1,6),0) -> 0.440529 | BY5: =ROUND(BX5*U5,1) -> 188.8 | BZ5: =ROUND(IF(U5>=1622,(U5*0.03504),0),1) -> 0 | CA5: 325 | CB5: =AJ5/CA5 -> 0.558 | CC5: =IF(CB5<0.06,1,IF(CB5>=18.29,52,MATCH(CB5-0.001,'Weighting Factors'!$W$5:$W$156)+1)) -> 26 | CD5: =VLOOKUP(CC5, 'Weighting Factors'!$U$5:$X$56,4) -> 1070 | CE5: =('Weighting Factors'!$O$5/'Weighting Factors'!$O$14) -> 1.2216 | CF5: =AJ5*CD5 -> 194205 | CG5: =CF5*'Weighting Factors'!$Q$7 -> 194205 | CH5: =CG5*CE5 -> 237241 | CI5: =AK5/'Weighting Factors'!$O$5 -> 46.6 | CJ5: 0 | CK5: 0 | CL5: 0 | CM5: =SUM((AR5*'Weighting Factors'!$O$5)+'2024 Legal Max'!AX5)*CL5 -> 0 | CN5: =IF(CK5>CM5,CM5,CK5) -> 0 | CO5: =AE5/AD5 -> 0.533 | CP5: =IF(CO5>=50%,AE5*10.5%,0) -> 24.6 | CQ5: =IF(AND(CO5>35%,CO5<50%),AE5*(CO5-35%)*0.7,0) -> 0 | CR5: =AS5+AP5 -> 908.9 | CS5: ='Required Transfers'!L5 -> 191288 | CT5: ='Required Transfers'!O5 -> 1215 | CU5: ='Required Transfers'!H5 -> 701635 | CV5: =SUM(R5+T5+AT5+AU5+AV5/6+AW5/6) -> 433.5 | CW5: D0101
A6: 102 | B6: Gray | C6: Cimarron-Ensign | D6: 633 | F6: 0 | G6: =SUM(D6-E6+F6) -> 633 | H6: 626.5 | J6: 0 | K6: =SUM(H6-I6+J6) -> 626.5 | L6: 590.1 | N6: 0 | O6: =SUM(L6-M6+N6) -> 590.1 | P6: =IF(ISNA(VLOOKUP($CW6,'Audit Values'!$A:$BZ,2,FALSE)),'Preliminary SO66'!C5,VLOOKUP($CW6,'Audit Values'!$A:$BZ,76,FALSE)) -> 579.6 | Q6: =IF(ISNA(VLOOKUP($CW6,'Audit Values'!$A:$BZ,2,FALSE)),'Preliminary SO66'!F5,VLOOKUP($CW6,'Audit Values'!$A:$BZ,4,FALSE)) -> 0 | R6: =SUM(P6+Q6) -> 579.6 | S6: =IF('Military Provision'!I6="YES", MAX('2024 Legal Max'!O6,'2024 Legal Max'!K6,AVERAGE('2024 Legal Max'!G6,'2024 Legal Max'!K6,'2024 Legal Max'!O6)), MAX(O6, K6)) -> 626.5 | T6: =IF(ISNA(VLOOKUP($CW6,'Audit Values'!$A:$BX,2,FALSE)),'Preliminary SO66'!AL5,VLOOKUP($CW6,'Audit Values'!$A:$BX,59,FALSE)) -> 8 | U6: =S6+T6 -> 634.5 | V6: ='Low-High ENRL- 2023 HSubSB 113'!N9 -> 235.1 | W6: =IF(ISNA(VLOOKUP($CW6,'Audit Values'!$A:$BZ,2,FALSE)),'Preliminary SO66'!AM5,VLOOKUP($CW6,'Audit Values'!$A:$BZ,63,FALSE)) -> 542.9 | X6: =(W6/6)*'Weighting Factors'!$O$7 -> 35.7 | Y6: =IF(ISNA(VLOOKUP($CW6,'Audit Values'!$A:$BZ,2,FALSE)),'Preliminary SO66'!AN5,VLOOKUP($CW6,'Audit Values'!$A:$BZ,62,FALSE)) -> 121 | Z6: =Y6*'Weighting Factors'!$O$8 -> 22.4 | AA6: =MAX(X6,Z6) -> 35.7 | AB6: =IF(ISNA(VLOOKUP($CW6,'Audit Values'!$A:$BZ,2,FALSE)),'Preliminary SO66'!AO5,VLOOKUP($CW6,'Audit Values'!$A:$BZ,61,FALSE)) -> 163.4 | AC6: =AB6/6*'Weighting Factors'!$O$6 -> 13.6 | AD6: =IF(ISNA(VLOOKUP($CW6,'Audit Values'!$A:$BX,2,FALSE)),'Preliminary SO66'!AS5,VLOOKUP($CW6,'Audit Values'!$A:$BX,64,FALSE)) -> 601 | AE6: =IF(ISNA(VLOOKUP($CW6,'Audit Values'!$A:$BX,2,FALSE)),'Preliminary SO66'!AP5,VLOOKUP($CW6,'Audit Values'!$A:$BX,65,FALSE)) -> 194 | AF6: =IF(A6=207, AE6,(AE6))*'Weighting Factors'!$O$9 -> 93.9 | AG6: =MAX(CP6,CQ6) -> 0 | AH6: =IF(ISNA(VLOOKUP($CW6,'Audit Values'!$A:$BZ,2,FALSE)),'Preliminary SO66'!AG5,VLOOKUP($CW6,'Audit Values'!$A:$BZ,71,FALSE)) -> 0 | AI6: =MAX(AG6, AH6) -> 0 | AJ6: =IF(ISNA(VLOOKUP($CW6,'Audit Values'!$A:$BX,2,FALSE)),'Preliminary SO66'!AR5,VLOOKUP($CW6,'Audit Values'!$A:$BX,66,FALSE)) -> 73 | AK6: =CH6 -> 123956 | AL6: =AK6/'Weighting Factors'!$O$5 -> 24.4 | AM6: =CJ6/'Weighting Factors'!$O$5 -> 0 | AN6: =CN6/'Weighting Factors'!$O$5 -> 0 | AO6: 512639 | AP6: =AO6/'Weighting Factors'!$O$5 -> 100.8 | AQ6: =IF(ISNA(VLOOKUP($CW6,'Audit Values'!$A:$BX,2,FALSE)),'Preliminary SO66'!X5,VLOOKUP($CW6,'Audit Values'!$A:$BX,48,FALSE)) -> 0 | AR6: =SUM(U6+V6+AA6+AC6+AF6+AI6+AL6+AM6+AP6+AQ6) -> 1138 | AS6: =SUM(U6+V6+AA6+AC6+AF6+AI6+AL6+AM6+AN6+AQ6) -> 1037.2 | AT6: =IF(ISNA(VLOOKUP($CW6,'Audit Values'!$A$2:$BX$410,2,FALSE)),'Preliminary SO66'!AA5,VLOOKUP($CW6,'Audit Values'!$A$2:$BX$410,41,FALSE)) -> 0 | AU6: =IF(ISNA(VLOOKUP($CW6,'Audit Values'!$A$2:$BX$410,2,FALSE)),'Preliminary SO66'!AB5,VLOOKUP($CW6,'Audit Values'!$A$2:$BX$410,42,FALSE)) -> 0 | AV6: 0 | AW6: 0 | AX6: =SUM(AT6*'Weighting Factors'!$R$10)+('2024 Legal Max'!AU6*'Weighting Factors'!$R$11)+('2024 Legal Max'!AV6*'Weighting Factors'!$R$12)+('2024 Legal Max'!AW6*'Weighting Factors'!$R$12) -> 0 | AY6: =IF(ISNA(VLOOKUP($CW6,'Audit Values'!$A$2:$BX$429,2,FALSE)),"",IF(AND('Weighting Factors'!G6>0,VLOOKUP($CW6,'Audit Values'!$A$2:$BX$429,51,FALSE)<'Weighting Factors'!G6),'Weighting Factors'!G6,VLOOKUP($CW6,'Audit Values'!$A$2:$BX$429,51,FALSE))) -> 16 | AZ6: =IF(ISNA(VLOOKUP($CW6,'Audit Values'!$A:$BY,2,FALSE)),"",VLOOKUP($CW6,'Audit Values'!$A:$BY,52,FALSE)) -> A | BA6: =IF('Weighting Factors'!F6="","",IF('Weighting Factors'!H6="Pending","PX","R")) | BB6: =SUM((U6+V6+AA6+AC6+AF6+AI6+AL6+AM6+AQ6+AN6)*'Weighting Factors'!$O$5)+'2024 Legal Max'!AX6 -> 5277274 | BC6: =SUM((AR6+AN6)*'Weighting Factors'!$O$5)+AX6 -> 5790144 | BD6: =IF('Weighting Factors'!F6>0,'Weighting Factors'!F6,'Preliminary SO66'!AV5) -> 5880710 | BE6: =MIN(BC6,BD6) -> 5790144 | BF6: ='Weighting Factors'!E6 -> 0 | BG6: =Transportation!G6 -> 0 | BH6: =IF(ISNA(VLOOKUP($CW6,'Audit Values'!$A:$BW,2,FALSE)), 0, VLOOKUP($CW6,'Audit Values'!$A:$BW,75,FALSE)) -> 0 | BI6: =SUM(BF6:BH6) -> 0 | BJ6: =BE6+BI6 -> 5790144 | BK6: =SUM((U6+V6+AA6+AC6+AF6+AI6+AL6+AM6+AN6)*'Weighting Factors'!O$12)+(MAX(AO6,'Weighting Factors'!B6)) -> 5888261 | BL6: ='LOB%'!F4 -> 0.316 | BM6: =BK6*BL6 -> 1860690 | BN6: 1814200 | BO6: =MIN(BM6,BN6) -> 1814200 | BP6: =BO6/BK6 -> 0.3081 | BQ6: =ROUND(IF(U6<=99.9,(U6*1.014331),0),1) -> 0 | BR6: =AND(U6>99.9,U6<=299.9) -> FALSE | BS6: =IF(BR6=TRUE,ROUND((U6-100)*9.655,3),0) -> 0 | BT6: =IF(BR6=TRUE,ROUND(((7337-BS6)/3642.4)-1,6),0) -> 0 | BU6: =ROUND(BT6*U6,1) -> 0 | BV6: =AND(U6>299.9,U6<=1621.9) -> TRUE | BW6: =IF(BV6=TRUE,ROUND((U6-300)*1.2375,4),0) -> 413.9438 | BX6: =IF(BV6=TRUE,ROUND(((5406-BW6)/3642.4)-1,6),0) -> 0.37054 | BY6: =ROUND(BX6*U6,1) -> 235.1 | BZ6: =ROUND(IF(U6>=1622,(U6*0.03504),0),1) -> 0 | CA6: 538 | CB6: =AJ6/CA6 -> 0.136 | CC6: =IF(CB6<0.06,1,IF(CB6>=18.29,52,MATCH(CB6-0.001,'Weighting Factors'!$W$5:$W$156)+1)) -> 9 | CD6: =VLOOKUP(CC6, 'Weighting Factors'!$U$5:$X$56,4) -> 1390 | CE6: =('Weighting Factors'!$O$5/'Weighting Factors'!$O$14) -> 1.2216 | CF6: =AJ6*CD6 -> 101470 | CG6: =CF6*'Weighting Factors'!$Q$7 -> 101470 | CH6: =CG6*CE6 -> 123956 | CI6: =AK6/'Weighting Factors'!$O$5 -> 24.4 | CJ6: 0 | CK6: 0 | CL6: 0 | CM6: =SUM((AR6*'Weighting Factors'!$O$5)+'2024 Legal Max'!AX6)*CL6 -> 0 | CN6: =IF(CK6>CM6,CM6,CK6) -> 0 | CO6: =AE6/AD6 -> 0.3228 | CP6: =IF(CO6>=50%,AE6*10.5%,0) -> 0 | CQ6: =IF(AND(CO6>35%,CO6<50%),AE6*(CO6-35%)*0.7,0) -> 0 | CR6: =AS6+AP6 -> 1138 | CS6: ='Required Transfers'!L6 -> 150760 | CT6: ='Required Transfers'!O6 -> 57329 | CU6: ='Required Transfers'!H6 -> 477763 | CV6: =SUM(R6+T6+AT6+AU6+AV6/6+AW6/6) -> 587.6 | CW6: D0102
A7: 103 | B7: Cheyenne | C7: Cheylin | D7: 144 | F7: 0 | G7: =SUM(D7-E7+F7) -> 144 | H7: 144.8 | J7: 0 | K7: =SUM(H7-I7+J7) -> 144.8 | L7: 147 | N7: 0 | O7: =SUM(L7-M7+N7) -> 147 | P7: =IF(ISNA(VLOOKUP($CW7,'Audit Values'!$A:$BZ,2,FALSE)),'Preliminary SO66'!C6,VLOOKUP($CW7,'Audit Values'!$A:$BZ,76,FALSE)) -> 149.5 | Q7: =IF(ISNA(VLOOKUP($CW7,'Audit Values'!$A:$BZ,2,FALSE)),'Preliminary SO66'!F6,VLOOKUP($CW7,'Audit Values'!$A:$BZ,4,FALSE)) -> 0 | R7: =SUM(P7+Q7) -> 149.5 | S7: =IF('Military Provision'!I7="YES", MAX('2024 Legal Max'!O7,'2024 Legal Max'!K7,AVERAGE('2024 Legal Max'!G7,'2024 Legal Max'!K7,'2024 Legal Max'!O7)), MAX(O7, K7)) -> 147 | T7: =IF(ISNA(VLOOKUP($CW7,'Audit Values'!$A:$BX,2,FALSE)),'Preliminary SO66'!AL6,VLOOKUP($CW7,'Audit Values'!$A:$BX,59,FALSE)) -> 0 | U7: =S7+T7 -> 147 | V7: ='Low-High ENRL- 2023 HSubSB 113'!N10 -> 130.8 | W7: =IF(ISNA(VLOOKUP($CW7,'Audit Values'!$A:$BZ,2,FALSE)),'Preliminary SO66'!AM6,VLOOKUP($CW7,'Audit Values'!$A:$BZ,63,FALSE)) -> 80.5 | X7: =(W7/6)*'Weighting Factors'!$O$7 -> 5.3 | Y7: =IF(ISNA(VLOOKUP($CW7,'Audit Values'!$A:$BZ,2,FALSE)),'Preliminary SO66'!AN6,VLOOKUP($CW7,'Audit Values'!$A:$BZ,62,FALSE)) -> 20 | Z7: =Y7*'Weighting Factors'!$O$8 -> 3.7 | AA7: =MAX(X7,Z7) -> 5.3 | AB7: =IF(ISNA(VLOOKUP($CW7,'Audit Values'!$A:$BZ,2,FALSE)),'Preliminary SO66'!AO6,VLOOKUP($CW7,'Audit Values'!$A:$BZ,61,FALSE)) -> 73.8 | AC7: =AB7/6*'Weighting Factors'!$O$6 -> 6.2 | AD7: =IF(ISNA(VLOOKUP($CW7,'Audit Values'!$A:$BX,2,FALSE)),'Preliminary SO66'!AS6,VLOOKUP($CW7,'Audit Values'!$A:$BX,64,FALSE)) -> 151 | AE7: =IF(ISNA(VLOOKUP($CW7,'Audit Values'!$A:$BX,2,FALSE)),'Preliminary SO66'!AP6,VLOOKUP($CW7,'Audit Values'!$A:$BX,65,FALSE)) -> 65 | AF7: =IF(A7=207, AE7,(AE7))*'Weighting Factors'!$O$9 -> 31.5 | AG7: =MAX(CP7,CQ7) -> 3.7 | AH7: =IF(ISNA(VLOOKUP($CW7,'Audit Values'!$A:$BZ,2,FALSE)),'Preliminary SO66'!AG6,VLOOKUP($CW7,'Audit Values'!$A:$BZ,71,FALSE)) -> 4.6 | AI7: =MAX(AG7, AH7) -> 4.6 | AJ7: =IF(ISNA(VLOOKUP($CW7,'Audit Values'!$A:$BX,2,FALSE)),'Preliminary SO66'!AR6,VLOOKUP($CW7,'Audit Values'!$A:$BX,66,FALSE)) -> 44 | AK7: =CH7 -> 84926 | AL7: =AK7/'Weighting Factors'!$O$5 -> 16.7 | AM7: =CJ7/'Weighting Factors'!$O$5 -> 0 | AN7: =CN7/'Weighting Factors'!$O$5 -> 0 | AO7: 104255 | AP7: =AO7/'Weighting Factors'!$O$5 -> 20.5 | AQ7: =IF(ISNA(VLOOKUP($CW7,'Audit Values'!$A:$BX,2,FALSE)),'Preliminary SO66'!X6,VLOOKUP($CW7,'Audit Values'!$A:$BX,48,FALSE)) -> 0 | AR7: =SUM(U7+V7+AA7+AC7+AF7+AI7+AL7+AM7+AP7+AQ7) -> 362.6 | AS7: =SUM(U7+V7+AA7+AC7+AF7+AI7+AL7+AM7+AN7+AQ7) -> 342.1 | AT7: =IF(ISNA(VLOOKUP($CW7,'Audit Values'!$A$2:$BX$410,2,FALSE)),'Preliminary SO66'!AA6,VLOOKUP($CW7,'Audit Values'!$A$2:$BX$410,41,FALSE)) -> 0 | AU7: =IF(ISNA(VLOOKUP($CW7,'Audit Values'!$A$2:$BX$410,2,FALSE)),'Preliminary SO66'!AB6,VLOOKUP($CW7,'Audit Values'!$A$2:$BX$410,42,FALSE)) -> 0 | AV7: 0 | AW7: 0 | AX7: =SUM(AT7*'Weighting Factors'!$R$10)+('2024 Legal Max'!AU7*'Weighting Factors'!$R$11)+('2024 Legal Max'!AV7*'Weighting Factors'!$R$12)+('2024 Legal Max'!AW7*'Weighting Factors'!$R$12) -> 0 | AY7: =IF(ISNA(VLOOKUP($CW7,'Audit Values'!$A$2:$BX$429,2,FALSE)),"",IF(AND('Weighting Factors'!G7>0,VLOOKUP($CW7,'Audit Values'!$A$2:$BX$429,51,FALSE)<'Weighting Factors'!G7),'Weighting Factors'!G7,VLOOKUP($CW7,'Audit Values'!$A$2:$BX$429,51,FALSE))) -> 16 | AZ7: =IF(ISNA(VLOOKUP($CW7,'Audit Values'!$A:$BY,2,FALSE)),"",VLOOKUP($CW7,'Audit Values'!$A:$BY,52,FALSE)) -> A | BA7: =IF('Weighting Factors'!F7="","",IF('Weighting Factors'!H7="Pending","PX","R")) | BB7: =SUM((U7+V7+AA7+AC7+AF7+AI7+AL7+AM7+AQ7+AN7)*'Weighting Factors'!$O$5)+'2024 Legal Max'!AX7 -> 1740605 | BC7: =SUM((AR7+AN7)*'Weighting Factors'!$O$5)+AX7 -> 1844909 | BD7: =IF('Weighting Factors'!F7>0,'Weighting Factors'!F7,'Preliminary SO66'!AV6) -> 1909526 | BE7: =MIN(BC7,BD7) -> 1844909 | BF7: ='Weighting Factors'!E7 -> 0 | BG7: =Transportation!G7 -> 0 | BH7: =IF(ISNA(VLOOKUP($CW7,'Audit Values'!$A:$BW,2,FALSE)), 0, VLOOKUP($CW7,'Audit Values'!$A:$BW,75,FALSE)) -> 0 | BI7: =SUM(BF7:BH7) -> 0 | BJ7: =BE7+BI7 -> 1844909 | BK7: =SUM((U7+V7+AA7+AC7+AF7+AI7+AL7+AM7+AN7)*'Weighting Factors'!O$12)+(MAX(AO7,'Weighting Factors'!B7)) -> 1954807 | BL7: ='LOB%'!F5 -> 0.316 | BM7: =BK7*BL7 -> 617719 | BN7: 617575 | BO7: =MIN(BM7,BN7) -> 617575 | BP7: =BO7/BK7 -> 0.3159 | BQ7: =ROUND(IF(U7<=99.9,(U7*1.014331),0),1) -> 0 | BR7: =AND(U7>99.9,U7<=299.9) -> TRUE | BS7: =IF(BR7=TRUE,ROUND((U7-100)*9.655,3),0) -> 453.785 | BT7: =IF(BR7=TRUE,ROUND(((7337-BS7)/3642.4)-1,6),0) -> 0.889747 | BU7: =ROUND(BT7*U7,1) -> 130.8 | BV7: =AND(U7>299.9,U7<=1621.9) -> FALSE | BW7: =IF(BV7=TRUE,ROUND((U7-300)*1.2375,4),0) -> 0 | BX7: =IF(BV7=TRUE,ROUND(((5406-BW7)/3642.4)-1,6),0) -> 0 | BY7: =ROUND(BX7*U7,1) -> 0 | BZ7: =ROUND(IF(U7>=1622,(U7*0.03504),0),1) -> 0 | CA7: 688 | CB7: =AJ7/CA7 -> 0.064 | CC7: =IF(CB7<0.06,1,IF(CB7>=18.29,52,MATCH(CB7-0.001,'Weighting Factors'!$W$5:$W$156)+1)) -> 2 | CD7: =VLOOKUP(CC7, 'Weighting Factors'!$U$5:$X$56,4) -> 1580 | CE7: =('Weighting Factors'!$O$5/'Weighting Factors'!$O$14) -> 1.2216 | CF7: =AJ7*CD7 -> 69520 | CG7: =CF7*'Weighting Factors'!$Q$7 -> 69520 | CH7: =CG7*CE7 -> 84926 | CI7: =AK7/'Weighting Factors'!$O$5 -> 16.7 | CJ7: 0 | CK7: 0 | CL7: 0 | CM7: =SUM((AR7*'Weighting Factors'!$O$5)+'2024 Legal Max'!AX7)*CL7 -> 0 | CN7: =IF(CK7>CM7,CM7,CK7) -> 0 | CO7: =AE7/AD7 -> 0.4305 | CP7: =IF(CO7>=50%,AE7*10.5%,0) -> 0 | CQ7: =IF(AND(CO7>35%,CO7<50%),AE7*(CO7-35%)*0.7,0) -> 3.7 | CR7: =AS7+AP7 -> 362.6 | CS7: ='Required Transfers'!L7 -> 53667 | CT7: ='Required Transfers'!O7 -> 9017 | CU7: ='Required Transfers'!H7 -> 183677 | CV7: =SUM(R7+T7+AT7+AU7+AV7/6+AW7/6) -> 149.5 | CW7: D0103
A8: 105 | B8: Rawlins | C8: Rawlins County | D8: 341 | F8: 0 | G8: =SUM(D8-E8+F8) -> 341 | H8: 360.9 | J8: 0 | K8: =SUM(H8-I8+J8) -> 360.9 | L8: 374.5 | N8: 0 | O8: =SUM(L8-M8+N8) -> 374.5 | P8: =IF(ISNA(VLOOKUP($CW8,'Audit Values'!$A:$BZ,2,FALSE)),'Preliminary SO66'!C7,VLOOKUP($CW8,'Audit Values'!$A:$BZ,76,FALSE)) -> 359.5 | Q8: =IF(ISNA(VLOOKUP($CW8,'Audit Values'!$A:$BZ,2,FALSE)),'Preliminary SO66'!F7,VLOOKUP($CW8,'Audit Values'!$A:$BZ,4,FALSE)) -> 0 | R8: =SUM(P8+Q8) -> 359.5 | S8: =IF('Military Provision'!I8="YES", MAX('2024 Legal Max'!O8,'2024 Legal Max'!K8,AVERAGE('2024 Legal Max'!G8,'2024 Legal Max'!K8,'2024 Legal Max'!O8)), MAX(O8, K8)) -> 374.5 | T8: =IF(ISNA(VLOOKUP($CW8,'Audit Values'!$A:$BX,2,FALSE)),'Preliminary SO66'!AL7,VLOOKUP($CW8,'Audit Values'!$A:$BX,59,FALSE)) -> 0 | U8: =S8+T8 -> 374.5 | V8: ='Low-High ENRL- 2023 HSubSB 113'!N11 -> 171.8 | W8: =IF(ISNA(VLOOKUP($CW8,'Audit Values'!$A:$BZ,2,FALSE)),'Preliminary SO66'!AM7,VLOOKUP($CW8,'Audit Values'!$A:$BZ,63,FALSE)) -> 38.4 | X8: =(W8/6)*'Weighting Factors'!$O$7 -> 2.5 | Y8: =IF(ISNA(VLOOKUP($CW8,'Audit Values'!$A:$BZ,2,FALSE)),'Preliminary SO66'!AN7,VLOOKUP($CW8,'Audit Values'!$A:$BZ,62,FALSE)) -> 24 | Z8: =Y8*'Weighting Factors'!$O$8 -> 4.4 | AA8: =MAX(X8,Z8) -> 4.4 | AB8: =IF(ISNA(VLOOKUP($CW8,'Audit Values'!$A:$BZ,2,FALSE)),'Preliminary SO66'!AO7,VLOOKUP($CW8,'Audit Values'!$A:$BZ,61,FALSE)) -> 114.8 | AC8: =AB8/6*'Weighting Factors'!$O$6 -> 9.6 | AD8: =IF(ISNA(VLOOKUP($CW8,'Audit Values'!$A:$BX,2,FALSE)),'Preliminary SO66'!AS7,VLOOKUP($CW8,'Audit Values'!$A:$BX,64,FALSE)) -> 361 | AE8: =IF(ISNA(VLOOKUP($CW8,'Audit Values'!$A:$BX,2,FALSE)),'Preliminary SO66'!AP7,VLOOKUP($CW8,'Audit Values'!$A:$BX,65,FALSE)) -> 118 | AF8: =IF(A8=207, AE8,(AE8))*'Weighting Factors'!$O$9 -> 57.1 | AG8: =MAX(CP8,CQ8) -> 0 | AH8: =IF(ISNA(VLOOKUP($CW8,'Audit Values'!$A:$BZ,2,FALSE)),'Preliminary SO66'!AG7,VLOOKUP($CW8,'Audit Values'!$A:$BZ,71,FALSE)) -> 1.1 | AI8: =MAX(AG8, AH8) -> 1.1 | AJ8: =IF(ISNA(VLOOKUP($CW8,'Audit Values'!$A:$BX,2,FALSE)),'Preliminary SO66'!AR7,VLOOKUP($CW8,'Audit Values'!$A:$BX,66,FALSE)) -> 133.5 | AK8: =CH8 -> 212009 | AL8: =AK8/'Weighting Factors'!$O$5 -> 41.7 | AM8: =CJ8/'Weighting Factors'!$O$5 -> 0 | AN8: =CN8/'Weighting Factors'!$O$5 -> 0 | AO8: 280739 | AP8: =AO8/'Weighting Factors'!$O$5 -> 55.2 | AQ8: =IF(ISNA(VLOOKUP($CW8,'Audit Values'!$A:$BX,2,FALSE)),'Preliminary SO66'!X7,VLOOKUP($CW8,'Audit Values'!$A:$BX,48,FALSE)) -> 1 | AR8: =SUM(U8+V8+AA8+AC8+AF8+AI8+AL8+AM8+AP8+AQ8) -> 716.4 | AS8: =SUM(U8+V8+AA8+AC8+AF8+AI8+AL8+AM8+AN8+AQ8) -> 661.2 | AT8: =IF(ISNA(VLOOKUP($CW8,'Audit Values'!$A$2:$BX$410,2,FALSE)),'Preliminary SO66'!AA7,VLOOKUP($CW8,'Audit Values'!$A$2:$BX$410,41,FALSE)) -> 0 | AU8: =IF(ISNA(VLOOKUP($CW8,'Audit Values'!$A$2:$BX$410,2,FALSE)),'Preliminary SO66'!AB7,VLOOKUP($CW8,'Audit Values'!$A$2:$BX$410,42,FALSE)) -> 0 | AV8: 0 | AW8: 0 | AX8: =SUM(AT8*'Weighting Factors'!$R$10)+('2024 Legal Max'!AU8*'Weighting Factors'!$R$11)+('2024 Legal Max'!AV8*'Weighting Factors'!$R$12)+('2024 Legal Max'!AW8*'Weighting Factors'!$R$12) -> 0 | AY8: =IF(ISNA(VLOOKUP($CW8,'Audit Values'!$A$2:$BX$429,2,FALSE)),"",IF(AND('Weighting Factors'!G8>0,VLOOKUP($CW8,'Audit Values'!$A$2:$BX$429,51,FALSE)<'Weighting Factors'!G8),'Weighting Factors'!G8,VLOOKUP($CW8,'Audit Values'!$A$2:$BX$429,51,FALSE))) -> 16 | AZ8: =IF(ISNA(VLOOKUP($CW8,'Audit Values'!$A:$BY,2,FALSE)),"",VLOOKUP($CW8,'Audit Values'!$A:$BY,52,FALSE)) -> A | BA8: =IF('Weighting Factors'!F8="","",IF('Weighting Factors'!H8="Pending","PX","R")) | BB8: =SUM((U8+V8+AA8+AC8+AF8+AI8+AL8+AM8+AQ8+AN8)*'Weighting Factors'!$O$5)+'2024 Legal Max'!AX8 -> 3364186 | BC8: =SUM((AR8+AN8)*'Weighting Factors'!$O$5)+AX8 -> 3645043 | BD8: =IF('Weighting Factors'!F8>0,'Weighting Factors'!F8,'Preliminary SO66'!AV7) -> 3803280 | BE8: =MIN(BC8,BD8) -> 3645043 | BF8: ='Weighting Factors'!E8 -> 0 | BG8: =Transportation!G8 -> 0 | BH8: =IF(ISNA(VLOOKUP($CW8,'Audit Values'!$A:$BW,2,FALSE)), 0, VLOOKUP($CW8,'Audit Values'!$A:$BW,75,FALSE)) -> 0 | BI8: =SUM(BF8:BH8) -> 0 | BJ8: =BE8+BI8 -> 3645043 | BK8: =SUM((U8+V8+AA8+AC8+AF8+AI8+AL8+AM8+AN8)*'Weighting Factors'!O$12)+(MAX(AO8,'Weighting Factors'!B8)) -> 3738915 | BL8: ='LOB%'!F6 -> 0.33 | BM8: =BK8*BL8 -> 1233842 | BN8: 1273842 | BO8: =MIN(BM8,BN8) -> 1233842 | BP8: =BO8/BK8 -> 0.33 | BQ8: =ROUND(IF(U8<=99.9,(U8*1.014331),0),1) -> 0 | BR8: =AND(U8>99.9,U8<=299.9) -> FALSE | BS8: =IF(BR8=TRUE,ROUND((U8-100)*9.655,3),0) -> 0 | BT8: =IF(BR8=TRUE,ROUND(((7337-BS8)/3642.4)-1,6),0) -> 0 | BU8: =ROUND(BT8*U8,1) -> 0 | BV8: =AND(U8>299.9,U8<=1621.9) -> TRUE | BW8: =IF(BV8=TRUE,ROUND((U8-300)*1.2375,4),0) -> 92.1938 | BX8: =IF(BV8=TRUE,ROUND(((5406-BW8)/3642.4)-1,6),0) -> 0.458875 | BY8: =ROUND(BX8*U8,1) -> 171.8 | BZ8: =ROUND(IF(U8>=1622,(U8*0.03504),0),1) -> 0 | CA8: 740.1 | CB8: =AJ8/CA8 -> 0.18 | CC8: =IF(CB8<0.06,1,IF(CB8>=18.29,52,MATCH(CB8-0.001,'Weighting Factors'!$W$5:$W$156)+1)) -> 14 | CD8: =VLOOKUP(CC8, 'Weighting Factors'!$U$5:$X$56,4) -> 1300 | CE8: =('Weighting Factors'!$O$5/'Weighting Factors'!$O$14) -> 1.2216 | CF8: =AJ8*CD8 -> 173550 | CG8: =CF8*'Weighting Factors'!$Q$7 -> 173550 | CH8: =CG8*CE8 -> 212009 | CI8: =AK8/'Weighting Factors'!$O$5 -> 41.7 | CJ8: 0 | CK8: 0 | CL8: 0 | CM8: =SUM((AR8*'Weighting Factors'!$O$5)+'2024 Legal Max'!AX8)*CL8 -> 0 | CN8: =IF(CK8>CM8,CM8,CK8) -> 0 | CO8: =AE8/AD8 -> 0.3269 | CP8: =IF(CO8>=50%,AE8*10.5%,0) -> 0 | CQ8: =IF(AND(CO8>35%,CO8<50%),AE8*(CO8-35%)*0.7,0) -> 0 | CR8: =AS8+AP8 -> 716.4 | CS8: ='Required Transfers'!L8 -> 98461 | CT8: ='Required Transfers'!O8 -> 7650 | CU8: ='Required Transfers'!H8 -> 296122 | CV8: =SUM(R8+T8+AT8+AU8+AV8/6+AW8/6) -> 359.5 | CW8: D0105
A9: 106 | B9: Ness | C9: Western Plains | D9: 104.5 | F9: 0 | G9: =SUM(D9-E9+F9) -> 104.5 | H9: 107.5 | J9: 0 | K9: =SUM(H9-I9+J9) -> 107.5 | L9: 106.5 | N9: 0 | O9: =SUM(L9-M9+N9) -> 106.5 | P9: =IF(ISNA(VLOOKUP($CW9,'Audit Values'!$A:$BZ,2,FALSE)),'Preliminary SO66'!C8,VLOOKUP($CW9,'Audit Values'!$A:$BZ,76,FALSE)) -> 110 | Q9: =IF(ISNA(VLOOKUP($CW9,'Audit Values'!$A:$BZ,2,FALSE)),'Preliminary SO66'!F8,VLOOKUP($CW9,'Audit Values'!$A:$BZ,4,FALSE)) -> 0 | R9: =SUM(P9+Q9) -> 110 | S9: =IF('Military Provision'!I9="YES", MAX('2024 Legal Max'!O9,'2024 Legal Max'!K9,AVERAGE('2024 Legal Max'!G9,'2024 Legal Max'!K9,'2024 Legal Max'!O9)), MAX(O9, K9)) -> 107.5 | T9: =IF(ISNA(VLOOKUP($CW9,'Audit Values'!$A:$BX,2,FALSE)),'Preliminary SO66'!AL8,VLOOKUP($CW9,'Audit Values'!$A:$BX,59,FALSE)) -> 6.5 | U9: =S9+T9 -> 114 | V9: ='Low-High ENRL- 2023 HSubSB 113'!N12 -> 111.4 | W9: =IF(ISNA(VLOOKUP($CW9,'Audit Values'!$A:$BZ,2,FALSE)),'Preliminary SO66'!AM8,VLOOKUP($CW9,'Audit Values'!$A:$BZ,63,FALSE)) -> 75.5 | X9: =(W9/6)*'Weighting Factors'!$O$7 -> 5 | Y9: =IF(ISNA(VLOOKUP($CW9,'Audit Values'!$A:$BZ,2,FALSE)),'Preliminary SO66'!AN8,VLOOKUP($CW9,'Audit Values'!$A:$BZ,62,FALSE)) -> 18 | Z9: =Y9*'Weighting Factors'!$O$8 -> 3.3 | AA9: =MAX(X9,Z9) -> 5 | AB9: =IF(ISNA(VLOOKUP($CW9,'Audit Values'!$A:$BZ,2,FALSE)),'Preliminary SO66'!AO8,VLOOKUP($CW9,'Audit Values'!$A:$BZ,61,FALSE)) -> 48.8 | AC9: =AB9/6*'Weighting Factors'!$O$6 -> 4.1 | AD9: =IF(ISNA(VLOOKUP($CW9,'Audit Values'!$A:$BX,2,FALSE)),'Preliminary SO66'!AS8,VLOOKUP($CW9,'Audit Values'!$A:$BX,64,FALSE)) -> 123 | AE9: =IF(ISNA(VLOOKUP($CW9,'Audit Values'!$A:$BX,2,FALSE)),'Preliminary SO66'!AP8,VLOOKUP($CW9,'Audit Values'!$A:$BX,65,FALSE)) -> 79 | AF9: =IF(A9=207, AE9,(AE9))*'Weighting Factors'!$O$9 -> 38.2 | AG9: =MAX(CP9,CQ9) -> 8.3 | AH9: =IF(ISNA(VLOOKUP($CW9,'Audit Values'!$A:$BZ,2,FALSE)),'Preliminary SO66'!AG8,VLOOKUP($CW9,'Audit Values'!$A:$BZ,71,FALSE)) -> 8.3 | AI9: =MAX(AG9, AH9) -> 8.3 | AJ9: =IF(ISNA(VLOOKUP($CW9,'Audit Values'!$A:$BX,2,FALSE)),'Preliminary SO66'!AR8,VLOOKUP($CW9,'Audit Values'!$A:$BX,66,FALSE)) -> 25 | AK9: =CH9 -> 49475 | AL9: =AK9/'Weighting Factors'!$O$5 -> 9.7 | AM9: =CJ9/'Weighting Factors'!$O$5 -> 0 | AN9: =CN9/'Weighting Factors'!$O$5 -> 0 | AO9: 93572 | AP9: =AO9/'Weighting Factors'!$O$5 -> 18.4 | AQ9: =IF(ISNA(VLOOKUP($CW9,'Audit Values'!$A:$BX,2,FALSE)),'Preliminary SO66'!X8,VLOOKUP($CW9,'Audit Values'!$A:$BX,48,FALSE)) -> 0 | AR9: =SUM(U9+V9+AA9+AC9+AF9+AI9+AL9+AM9+AP9+AQ9) -> 309.1 | AS9: =SUM(U9+V9+AA9+AC9+AF9+AI9+AL9+AM9+AN9+AQ9) -> 290.7 | AT9: =IF(ISNA(VLOOKUP($CW9,'Audit Values'!$A$2:$BX$410,2,FALSE)),'Preliminary SO66'!AA8,VLOOKUP($CW9,'Audit Values'!$A$2:$BX$410,41,FALSE)) -> 0 | AU9: =IF(ISNA(VLOOKUP($CW9,'Audit Values'!$A$2:$BX$410,2,FALSE)),'Preliminary SO66'!AB8,VLOOKUP($CW9,'Audit Values'!$A$2:$BX$410,42,FALSE)) -> 0 | AV9: 0 | AW9: 0 | AX9: =SUM(AT9*'Weighting Factors'!$R$10)+('2024 Legal Max'!AU9*'Weighting Factors'!$R$11)+('2024 Legal Max'!AV9*'Weighting Factors'!$R$12)+('2024 Legal Max'!AW9*'Weighting Factors'!$R$12) -> 0 | AY9: =IF(ISNA(VLOOKUP($CW9,'Audit Values'!$A$2:$BX$429,2,FALSE)),"",IF(AND('Weighting Factors'!G9>0,VLOOKUP($CW9,'Audit Values'!$A$2:$BX$429,51,FALSE)<'Weighting Factors'!G9),'Weighting Factors'!G9,VLOOKUP($CW9,'Audit Values'!$A$2:$BX$429,51,FALSE))) -> 6 | AZ9: =IF(ISNA(VLOOKUP($CW9,'Audit Values'!$A:$BY,2,FALSE)),"",VLOOKUP($CW9,'Audit Values'!$A:$BY,52,FALSE)) -> A | BA9: =IF('Weighting Factors'!F9="","",IF('Weighting Factors'!H9="Pending","PX","R")) | BB9: =SUM((U9+V9+AA9+AC9+AF9+AI9+AL9+AM9+AQ9+AN9)*'Weighting Factors'!$O$5)+'2024 Legal Max'!AX9 -> 1479082 | BC9: =SUM((AR9+AN9)*'Weighting Factors'!$O$5)+AX9 -> 1572701 | BD9: =IF('Weighting Factors'!F9>0,'Weighting Factors'!F9,'Preliminary SO66'!AV8) -> 1608826 | BE9: =MIN(BC9,BD9) -> 1572701 | BF9: ='Weighting Factors'!E9 -> 0 | BG9: =Transportation!G9 -> 0 | BH9: =IF(ISNA(VLOOKUP($CW9,'Audit Values'!$A:$BW,2,FALSE)), 0, VLOOKUP($CW9,'Audit Values'!$A:$BW,75,FALSE)) -> 0 | BI9: =SUM(BF9:BH9) -> 0 | BJ9: =BE9+BI9 -> 1572701 | BK9: =SUM((U9+V9+AA9+AC9+AF9+AI9+AL9+AM9+AN9)*'Weighting Factors'!O$12)+(MAX(AO9,'Weighting Factors'!B9)) -> 1650773 | BL9: ='LOB%'!F7 -> 0.33 | BM9: =BK9*BL9 -> 544755 | BN9: 546117 | BO9: =MIN(BM9,BN9) -> 544755 | BP9: =BO9/BK9 -> 0.33 | BQ9: =ROUND(IF(U9<=99.9,(U9*1.014331),0),1) -> 0 | BR9: =AND(U9>99.9,U9<=299.9) -> TRUE | BS9: =IF(BR9=TRUE,ROUND((U9-100)*9.655,3),0) -> 135.17 | BT9: =IF(BR9=TRUE,ROUND(((7337-BS9)/3642.4)-1,6),0) -> 0.977221 | BU9: =ROUND(BT9*U9,1) -> 111.4 | BV9: =AND(U9>299.9,U9<=1621.9) -> FALSE | BW9: =IF(BV9=TRUE,ROUND((U9-300)*1.2375,4),0) -> 0 | BX9: =IF(BV9=TRUE,ROUND(((5406-BW9)/3642.4)-1,6),0) -> 0 | BY9: =ROUND(BX9*U9,1) -> 0 | BZ9: =ROUND(IF(U9>=1622,(U9*0.03504),0),1) -> 0 | CA9: 601.2 | CB9: =AJ9/CA9 -> 0.042 | CC9: =IF(CB9<0.06,1,IF(CB9>=18.29,52,MATCH(CB9-0.001,'Weighting Factors'!$W$5:$W$156)+1)) -> 1 | CD9: =VLOOKUP(CC9, 'Weighting Factors'!$U$5:$X$56,4) -> 1620 | CE9: =('Weighting Factors'!$O$5/'Weighting Factors'!$O$14) -> 1.2216 | CF9: =AJ9*CD9 -> 40500 | CG9: =CF9*'Weighting Factors'!$Q$7 -> 40500 | CH9: =CG9*CE9 -> 49475 | CI9: =AK9/'Weighting Factors'!$O$5 -> 9.7 | CJ9: 0 | CK9: 0 | CL9: 0 | CM9: =SUM((AR9*'Weighting Factors'!$O$5)+'2024 Legal Max'!AX9)*CL9 -> 0 | CN9: =IF(CK9>CM9,CM9,CK9) -> 0 | CO9: =AE9/AD9 -> 0.6423 | CP9: =IF(CO9>=50%,AE9*10.5%,0) -> 8.3 | CQ9: =IF(AND(CO9>35%,CO9<50%),AE9*(CO9-35%)*0.7,0) -> 0 | CR9: =AS9+AP9 -> 309.1 | CS9: ='Required Transfers'!L9 -> 68748 | CT9: ='Required Transfers'!O9 -> 8988 | CU9: ='Required Transfers'!H9 -> 236592 | CV9: =SUM(R9+T9+AT9+AU9+AV9/6+AW9/6) -> 116.5 | CW9: D0106
A10: 107 | B10: Jewell | C10: Rock Hills | D10: 328.2 | F10: 0 | G10: =SUM(D10-E10+F10) -> 328.2 | H10: 374 | J10: 0 | K10: =SUM(H10-I10+J10) -> 374 | L10: 355.5 | N10: 0 | O10: =SUM(L10-M10+N10) -> 355.5 | P10: =IF(ISNA(VLOOKUP($CW10,'Audit Values'!$A:$BZ,2,FALSE)),'Preliminary SO66'!C9,VLOOKUP($CW10,'Audit Values'!$A:$BZ,76,FALSE)) -> 348 | Q10: =IF(ISNA(VLOOKUP($CW10,'Audit Values'!$A:$BZ,2,FALSE)),'Preliminary SO66'!F9,VLOOKUP($CW10,'Audit Values'!$A:$BZ,4,FALSE)) -> 0 | R10: =SUM(P10+Q10) -> 348 | S10: =IF('Military Provision'!I10="YES", MAX('2024 Legal Max'!O10,'2024 Legal Max'!K10,AVERAGE('2024 Legal Max'!G10,'2024 Legal Max'!K10,'2024 Legal Max'!O10)), MAX(O10, K10)) -> 374 | T10: =IF(ISNA(VLOOKUP($CW10,'Audit Values'!$A:$BX,2,FALSE)),'Preliminary SO66'!AL9,VLOOKUP($CW10,'Audit Values'!$A:$BX,59,FALSE)) -> 9 | U10: =S10+T10 -> 383 | V10: ='Low-High ENRL- 2023 HSubSB 113'!N13 -> 174.6 | W10: =IF(ISNA(VLOOKUP($CW10,'Audit Values'!$A:$BZ,2,FALSE)),'Preliminary SO66'!AM9,VLOOKUP($CW10,'Audit Values'!$A:$BZ,63,FALSE)) -> 0 | X10: =(W10/6)*'Weighting Factors'!$O$7 -> 0 | Y10: =IF(ISNA(VLOOKUP($CW10,'Audit Values'!$A:$BZ,2,FALSE)),'Preliminary SO66'!AN9,VLOOKUP($CW10,'Audit Values'!$A:$BZ,62,FALSE)) -> 2 | Z10: =Y10*'Weighting Factors'!$O$8 -> 0.4 | AA10: =MAX(X10,Z10) -> 0.4 | AB10: =IF(ISNA(VLOOKUP($CW10,'Audit Values'!$A:$BZ,2,FALSE)),'Preliminary SO66'!AO9,VLOOKUP($CW10,'Audit Values'!$A:$BZ,61,FALSE)) -> 136.5 | AC10: =AB10/6*'Weighting Factors'!$O$6 -> 11.4 | AD10: =IF(ISNA(VLOOKUP($CW10,'Audit Values'!$A:$BX,2,FALSE)),'Preliminary SO66'!AS9,VLOOKUP($CW10,'Audit Values'!$A:$BX,64,FALSE)) -> 369 | AE10: =IF(ISNA(VLOOKUP($CW10,'Audit Values'!$A:$BX,2,FALSE)),'Preliminary SO66'!AP9,VLOOKUP($CW10,'Audit Values'!$A:$BX,65,FALSE)) -> 163 | AF10: =IF(A10=207, AE10,(AE10))*'Weighting Factors'!$O$9 -> 78.9 | AG10: =MAX(CP10,CQ10) -> 10.5 | AH10: =IF(ISNA(VLOOKUP($CW10,'Audit Values'!$A:$BZ,2,FALSE)),'Preliminary SO66'!AG9,VLOOKUP($CW10,'Audit Values'!$A:$BZ,71,FALSE)) -> 11 | AI10: =MAX(AG10, AH10) -> 11 | AJ10: =IF(ISNA(VLOOKUP($CW10,'Audit Values'!$A:$BX,2,FALSE)),'Preliminary SO66'!AR9,VLOOKUP($CW10,'Audit Values'!$A:$BX,66,FALSE)) -> 162 | AK10: =CH10 -> 251332 | AL10: =AK10/'Weighting Factors'!$O$5 -> 49.4 | AM10: =CJ10/'Weighting Factors'!$O$5 -> 0 | AN10: =CN10/'Weighting Factors'!$O$5 -> 0 | AO10: 376463 | AP10: =AO10/'Weighting Factors'!$O$5 -> 74 | AQ10: =IF(ISNA(VLOOKUP($CW10,'Audit Values'!$A:$BX,2,FALSE)),'Preliminary SO66'!X9,VLOOKUP($CW10,'Audit Values'!$A:$BX,48,FALSE)) -> 1 | AR10: =SUM(U10+V10+AA10+AC10+AF10+AI10+AL10+AM10+AP10+AQ10) -> 783.7 | AS10: =SUM(U10+V10+AA10+AC10+AF10+AI10+AL10+AM10+AN10+AQ10) -> 709.7 | AT10: =IF(ISNA(VLOOKUP($CW10,'Audit Values'!$A$2:$BX$410,2,FALSE)),'Preliminary SO66'!AA9,VLOOKUP($CW10,'Audit Values'!$A$2:$BX$410,41,FALSE)) -> 0 | AU10: =IF(ISNA(VLOOKUP($CW10,'Audit Values'!$A$2:$BX$410,2,FALSE)),'Preliminary SO66'!AB9,VLOOKUP($CW10,'Audit Values'!$A$2:$BX$410,42,FALSE)) -> 0 | AV10: 0 | AW10: 0 | AX10: =SUM(AT10*'Weighting Factors'!$R$10)+('2024 Legal Max'!AU10*'Weighting Factors'!$R$11)+('2024 Legal Max'!AV10*'Weighting Factors'!$R$12)+('2024 Legal Max'!AW10*'Weighting Factors'!$R$12) -> 0 | AY10: =IF(ISNA(VLOOKUP($CW10,'Audit Values'!$A$2:$BX$429,2,FALSE)),"",IF(AND('Weighting Factors'!G10>0,VLOOKUP($CW10,'Audit Values'!$A$2:$BX$429,51,FALSE)<'Weighting Factors'!G10),'Weighting Factors'!G10,VLOOKUP($CW10,'Audit Values'!$A$2:$BX$429,51,FALSE))) -> 15 | AZ10: =IF(ISNA(VLOOKUP($CW10,'Audit Values'!$A:$BY,2,FALSE)),"",VLOOKUP($CW10,'Audit Values'!$A:$BY,52,FALSE)) -> A | BA10: =IF('Weighting Factors'!F10="","",IF('Weighting Factors'!H10="Pending","PX","R")) | BB10: =SUM((U10+V10+AA10+AC10+AF10+AI10+AL10+AM10+AQ10+AN10)*'Weighting Factors'!$O$5)+'2024 Legal Max'!AX10 -> 3610954 | BC10: =SUM((AR10+AN10)*'Weighting Factors'!$O$5)+AX10 -> 3987466 | BD10: =IF('Weighting Factors'!F10>0,'Weighting Factors'!F10,'Preliminary SO66'!AV9) -> 4098384 | BE10: =MIN(BC10,BD10) -> 3987466 | BF10: ='Weighting Factors'!E10 -> 0 | BG10: =Transportation!G10 -> 0 | BH10: =IF(ISNA(VLOOKUP($CW10,'Audit Values'!$A:$BW,2,FALSE)), 0, VLOOKUP($CW10,'Audit Values'!$A:$BW,75,FALSE)) -> 0 | BI10: =SUM(BF10:BH10) -> 0 | BJ10: =BE10+BI10 -> 3987466 | BK10: =SUM((U10+V10+AA10+AC10+AF10+AI10+AL10+AM10+AN10)*'Weighting Factors'!O$12)+(MAX(AO10,'Weighting Factors'!B10)) -> 4031938 | BL10: ='LOB%'!F8 -> 0.316 | BM10: =BK10*BL10 -> 1274092 | BN10: 1309055 | BO10: =MIN(BM10,BN10) -> 1274092 | BP10: =BO10/BK10 -> 0.316 | BQ10: =ROUND(IF(U10<=99.9,(U10*1.014331),0),1) -> 0 | BR10: =AND(U10>99.9,U10<=299.9) -> FALSE | BS10: =IF(BR10=TRUE,ROUND((U10-100)*9.655,3),0) -> 0 | BT10: =IF(BR10=TRUE,ROUND(((7337-BS10)/3642.4)-1,6),0) -> 0 | BU10: =ROUND(BT10*U10,1) -> 0 | BV10: =AND(U10>299.9,U10<=1621.9) -> TRUE | BW10: =IF(BV10=TRUE,ROUND((U10-300)*1.2375,4),0) -> 102.7125 | BX10: =IF(BV10=TRUE,ROUND(((5406-BW10)/3642.4)-1,6),0) -> 0.455987 | BY10: =ROUND(BX10*U10,1) -> 174.6 | BZ10: =ROUND(IF(U10>=1622,(U10*0.03504),0),1) -> 0 | CA10: 762 | CB10: =AJ10/CA10 -> 0.213 | CC10: =IF(CB10<0.06,1,IF(CB10>=18.29,52,MATCH(CB10-0.001,'Weighting Factors'!$W$5:$W$156)+1)) -> 16 | CD10: =VLOOKUP(CC10, 'Weighting Factors'!$U$5:$X$56,4) -> 1270 | CE10: =('Weighting Factors'!$O$5/'Weighting Factors'!$O$14) -> 1.2216 | CF10: =AJ10*CD10 -> 205740 | CG10: =CF10*'Weighting Factors'!$Q$7 -> 205740 | CH10: =CG10*CE10 -> 251332 | CI10: =AK10/'Weighting Factors'!$O$5 -> 49.4 | CJ10: 0 | CK10: 0 | CL10: 0 | CM10: =SUM((AR10*'Weighting Factors'!$O$5)+'2024 Legal Max'!AX10)*CL10 -> 0 | CN10: =IF(CK10>CM10,CM10,CK10) -> 0 | CO10: =AE10/AD10 -> 0.4417 | CP10: =IF(CO10>=50%,AE10*10.5%,0) -> 0 | CQ10: =IF(AND(CO10>35%,CO10<50%),AE10*(CO10-35%)*0.7,0) -> 10.5 | CR10: =AS10+AP10 -> 783.7 | CS10: ='Required Transfers'!L10 -> 129957 | CT10: ='Required Transfers'!O10 -> 637 | CU10: ='Required Transfers'!H10 -> 457411 | CV10: =SUM(R10+T10+AT10+AU10+AV10/6+AW10/6) -> 357 | CW10: D0107
A11: 108 | B11: Washington | C11: Washington Co. Schools | D11: 365.1 | F11: 0 | G11: =SUM(D11-E11+F11) -> 365.1 | H11: 347 | J11: 0 | K11: =SUM(H11-I11+J11) -> 347 | L11: 347.5 | N11: 0 | O11: =SUM(L11-M11+N11) -> 347.5 | P11: =IF(ISNA(VLOOKUP($CW11,'Audit Values'!$A:$BZ,2,FALSE)),'Preliminary SO66'!C10,VLOOKUP($CW11,'Audit Values'!$A:$BZ,76,FALSE)) -> 351.4 | Q11: =IF(ISNA(VLOOKUP($CW11,'Audit Values'!$A:$BZ,2,FALSE)),'Preliminary SO66'!F10,VLOOKUP($CW11,'Audit Values'!$A:$BZ,4,FALSE)) -> 0 | R11: =SUM(P11+Q11) -> 351.4 | S11: =IF('Military Provision'!I11="YES", MAX('2024 Legal Max'!O11,'2024 Legal Max'!K11,AVERAGE('2024 Legal Max'!G11,'2024 Legal Max'!K11,'2024 Legal Max'!O11)), MAX(O11, K11)) -> 347.5 | T11: =IF(ISNA(VLOOKUP($CW11,'Audit Values'!$A:$BX,2,FALSE)),'Preliminary SO66'!AL10,VLOOKUP($CW11,'Audit Values'!$A:$BX,59,FALSE)) -> 1.5 | U11: =S11+T11 -> 349 | V11: ='Low-High ENRL- 2023 HSubSB 113'!N14 -> 163.2 | W11: =IF(ISNA(VLOOKUP($CW11,'Audit Values'!$A:$BZ,2,FALSE)),'Preliminary SO66'!AM10,VLOOKUP($CW11,'Audit Values'!$A:$BZ,63,FALSE)) -> 19.3 | X11: =(W11/6)*'Weighting Factors'!$O$7 -> 1.3 | Y11: =IF(ISNA(VLOOKUP($CW11,'Audit Values'!$A:$BZ,2,FALSE)),'Preliminary SO66'!AN10,VLOOKUP($CW11,'Audit Values'!$A:$BZ,62,FALSE)) -> 19 | Z11: =Y11*'Weighting Factors'!$O$8 -> 3.5 | AA11: =MAX(X11,Z11) -> 3.5 | AB11: =IF(ISNA(VLOOKUP($CW11,'Audit Values'!$A:$BZ,2,FALSE)),'Preliminary SO66'!AO10,VLOOKUP($CW11,'Audit Values'!$A:$BZ,61,FALSE)) -> 124.9 | AC11: =AB11/6*'Weighting Factors'!$O$6 -> 10.4 | AD11: =IF(ISNA(VLOOKUP($CW11,'Audit Values'!$A:$BX,2,FALSE)),'Preliminary SO66'!AS10,VLOOKUP($CW11,'Audit Values'!$A:$BX,64,FALSE)) -> 356 | AE11: =IF(ISNA(VLOOKUP($CW11,'Audit Values'!$A:$BX,2,FALSE)),'Preliminary SO66'!AP10,VLOOKUP($CW11,'Audit Values'!$A:$BX,65,FALSE)) -> 149 | AF11: =IF(A11=207, AE11,(AE11))*'Weighting Factors'!$O$9 -> 72.1 | AG11: =MAX(CP11,CQ11) -> 7.1 | AH11: =IF(ISNA(VLOOKUP($CW11,'Audit Values'!$A:$BZ,2,FALSE)),'Preliminary SO66'!AG10,VLOOKUP($CW11,'Audit Values'!$A:$BZ,71,FALSE)) -> 7.1 | AI11: =MAX(AG11, AH11) -> 7.1 | AJ11: =IF(ISNA(VLOOKUP($CW11,'Audit Values'!$A:$BX,2,FALSE)),'Preliminary SO66'!AR10,VLOOKUP($CW11,'Audit Values'!$A:$BX,66,FALSE)) -> 157 | AK11: =CH11 -> 216724 | AL11: =AK11/'Weighting Factors'!$O$5 -> 42.6 | AM11: =CJ11/'Weighting Factors'!$O$5 -> 0 | AN11: =CN11/'Weighting Factors'!$O$5 -> 0 | AO11: 370954 | AP11: =AO11/'Weighting Factors'!$O$5 -> 72.9 | AQ11: =IF(ISNA(VLOOKUP($CW11,'Audit Values'!$A:$BX,2,FALSE)),'Preliminary SO66'!X10,VLOOKUP($CW11,'Audit Values'!$A:$BX,48,FALSE)) -> 0 | AR11: =SUM(U11+V11+AA11+AC11+AF11+AI11+AL11+AM11+AP11+AQ11) -> 720.8 | AS11: =SUM(U11+V11+AA11+AC11+AF11+AI11+AL11+AM11+AN11+AQ11) -> 647.9 | AT11: =IF(ISNA(VLOOKUP($CW11,'Audit Values'!$A$2:$BX$410,2,FALSE)),'Preliminary SO66'!AA10,VLOOKUP($CW11,'Audit Values'!$A$2:$BX$410,41,FALSE)) -> 0 | AU11: =IF(ISNA(VLOOKUP($CW11,'Audit Values'!$A$2:$BX$410,2,FALSE)),'Preliminary SO66'!AB10,VLOOKUP($CW11,'Audit Values'!$A$2:$BX$410,42,FALSE)) -> 0 | AV11: 0 | AW11: 0 | AX11: =SUM(AT11*'Weighting Factors'!$R$10)+('2024 Legal Max'!AU11*'Weighting Factors'!$R$11)+('2024 Legal Max'!AV11*'Weighting Factors'!$R$12)+('2024 Legal Max'!AW11*'Weighting Factors'!$R$12) -> 0 | AY11: =IF(ISNA(VLOOKUP($CW11,'Audit Values'!$A$2:$BX$429,2,FALSE)),"",IF(AND('Weighting Factors'!G11>0,VLOOKUP($CW11,'Audit Values'!$A$2:$BX$429,51,FALSE)<'Weighting Factors'!G11),'Weighting Factors'!G11,VLOOKUP($CW11,'Audit Values'!$A$2:$BX$429,51,FALSE))) -> 25 | AZ11: =IF(ISNA(VLOOKUP($CW11,'Audit Values'!$A:$BY,2,FALSE)),"",VLOOKUP($CW11,'Audit Values'!$A:$BY,52,FALSE)) -> A | BA11: =IF('Weighting Factors'!F11="","",IF('Weighting Factors'!H11="Pending","PX","R")) -> R | BB11: =SUM((U11+V11+AA11+AC11+AF11+AI11+AL11+AM11+AQ11+AN11)*'Weighting Factors'!$O$5)+'2024 Legal Max'!AX11 -> 3296515 | BC11: =SUM((AR11+AN11)*'Weighting Factors'!$O$5)+AX11 -> 3667430 | BD11: =IF('Weighting Factors'!F11>0,'Weighting Factors'!F11,'Preliminary SO66'!AV10) -> 3667430 | BE11: =MIN(BC11,BD11) -> 3667430 | BF11: ='Weighting Factors'!E11 -> 0 | BG11: =Transportation!G11 -> 0 | BH11: =IF(ISNA(VLOOKUP($CW11,'Audit Values'!$A:$BW,2,FALSE)), 0, VLOOKUP($CW11,'Audit Values'!$A:$BW,75,FALSE)) -> 0 | BI11: =SUM(BF11:BH11) -> 0 | BJ11: =BE11+BI11 -> 3667430 | BK11: =SUM((U11+V11+AA11+AC11+AF11+AI11+AL11+AM11+AN11)*'Weighting Factors'!O$12)+(MAX(AO11,'Weighting Factors'!B11)) -> 3890199 | BL11: ='LOB%'!F9 -> 0.33 | BM11: =BK11*BL11 -> 1283766 | BN11: 1272531 | BO11: =MIN(BM11,BN11) -> 1272531 | BP11: =BO11/BK11 -> 0.3271 | BQ11: =ROUND(IF(U11<=99.9,(U11*1.014331),0),1) -> 0 | BR11: =AND(U11>99.9,U11<=299.9) -> FALSE | BS11: =IF(BR11=TRUE,ROUND((U11-100)*9.655,3),0) -> 0 | BT11: =IF(BR11=TRUE,ROUND(((7337-BS11)/3642.4)-1,6),0) -> 0 | BU11: =ROUND(BT11*U11,1) -> 0 | BV11: =AND(U11>299.9,U11<=1621.9) -> TRUE | BW11: =IF(BV11=TRUE,ROUND((U11-300)*1.2375,4),0) -> 60.6375 | BX11: =IF(BV11=TRUE,ROUND(((5406-BW11)/3642.4)-1,6),0) -> 0.467539 | BY11: =ROUND(BX11*U11,1) -> 163.2 | BZ11: =ROUND(IF(U11>=1622,(U11*0.03504),0),1) -> 0 | CA11: 389 | CB11: =AJ11/CA11 -> 0.404 | CC11: =IF(CB11<0.06,1,IF(CB11>=18.29,52,MATCH(CB11-0.001,'Weighting Factors'!$W$5:$W$156)+1)) -> 23 | CD11: =VLOOKUP(CC11, 'Weighting Factors'!$U$5:$X$56,4) -> 1130 | CE11: =('Weighting Factors'!$O$5/'Weighting Factors'!$O$14) -> 1.2216 | CF11: =AJ11*CD11 -> 177410 | CG11: =CF11*'Weighting Factors'!$Q$7 -> 177410 | CH11: =CG11*CE11 -> 216724 | CI11: =AK11/'Weighting Factors'!$O$5 -> 42.6 | CJ11: 0 | CK11: 0 | CL11: 0 | CM11: =SUM((AR11*'Weighting Factors'!$O$5)+'2024 Legal Max'!AX11)*CL11 -> 0 | CN11: =IF(CK11>CM11,CM11,CK11) -> 0 | CO11: =AE11/AD11 -> 0.4185 | CP11: =IF(CO11>=50%,AE11*10.5%,0) -> 0 | CQ11: =IF(AND(CO11>35%,CO11<50%),AE11*(CO11-35%)*0.7,0) -> 7.1 | CR11: =AS11+AP11 -> 720.8 | CS11: ='Required Transfers'!L11 -> 127508 | CT11: ='Required Transfers'!O11 -> 6235 | CU11: ='Required Transfers'!H11 -> 402970 | CV11: =SUM(R11+T11+AT11+AU11+AV11/6+AW11/6) -> 352.9 | CW11: D0108
A12: 109 | B12: Republic | C12: Republic County | D12: 477.4 | F12: 0 | G12: =SUM(D12-E12+F12) -> 477.4 | H12: 498.8 | J12: 0 | K12: =SUM(H12-I12+J12) -> 498.8 | L12: 496.3 | N12: 0 | O12: =SUM(L12-M12+N12) -> 496.3 | P12: =IF(ISNA(VLOOKUP($CW12,'Audit Values'!$A:$BZ,2,FALSE)),'Preliminary SO66'!C11,VLOOKUP($CW12,'Audit Values'!$A:$BZ,76,FALSE)) -> 504.8 | Q12: =IF(ISNA(VLOOKUP($CW12,'Audit Values'!$A:$BZ,2,FALSE)),'Preliminary SO66'!F11,VLOOKUP($CW12,'Audit Values'!$A:$BZ,4,FALSE)) -> 0 | R12: =SUM(P12+Q12) -> 504.8 | S12: =IF('Military Provision'!I12="YES", MAX('2024 Legal Max'!O12,'2024 Legal Max'!K12,AVERAGE('2024 Legal Max'!G12,'2024 Legal Max'!K12,'2024 Legal Max'!O12)), MAX(O12, K12)) -> 498.8 | T12: =IF(ISNA(VLOOKUP($CW12,'Audit Values'!$A:$BX,2,FALSE)),'Preliminary SO66'!AL11,VLOOKUP($CW12,'Audit Values'!$A:$BX,59,FALSE)) -> 4 | U12: =S12+T12 -> 502.8 | V12: ='Low-High ENRL- 2023 HSubSB 113'!N15 -> 208.8 | W12: =IF(ISNA(VLOOKUP($CW12,'Audit Values'!$A:$BZ,2,FALSE)),'Preliminary SO66'!AM11,VLOOKUP($CW12,'Audit Values'!$A:$BZ,63,FALSE)) -> 0 | X12: =(W12/6)*'Weighting Factors'!$O$7 -> 0 | Y12: =IF(ISNA(VLOOKUP($CW12,'Audit Values'!$A:$BZ,2,FALSE)),'Preliminary SO66'!AN11,VLOOKUP($CW12,'Audit Values'!$A:$BZ,62,FALSE)) -> 2 | Z12: =Y12*'Weighting Factors'!$O$8 -> 0.4 | AA12: =MAX(X12,Z12) -> 0.4 | AB12: =IF(ISNA(VLOOKUP($CW12,'Audit Values'!$A:$BZ,2,FALSE)),'Preliminary SO66'!AO11,VLOOKUP($CW12,'Audit Values'!$A:$BZ,61,FALSE)) -> 126.6 | AC12: =AB12/6*'Weighting Factors'!$O$6 -> 10.6 | AD12: =IF(ISNA(VLOOKUP($CW12,'Audit Values'!$A:$BX,2,FALSE)),'Preliminary SO66'!AS11,VLOOKUP($CW12,'Audit Values'!$A:$BX,64,FALSE)) -> 515 | AE12: =IF(ISNA(VLOOKUP($CW12,'Audit Values'!$A:$BX,2,FALSE)),'Preliminary SO66'!AP11,VLOOKUP($CW12,'Audit Values'!$A:$BX,65,FALSE)) -> 231 | AF12: =IF(A12=207, AE12,(AE12))*'Weighting Factors'!$O$9 -> 111.8 | AG12: =MAX(CP12,CQ12) -> 15.9 | AH12: =IF(ISNA(VLOOKUP($CW12,'Audit Values'!$A:$BZ,2,FALSE)),'Preliminary SO66'!AG11,VLOOKUP($CW12,'Audit Values'!$A:$BZ,71,FALSE)) -> 16.1 | AI12: =MAX(AG12, AH12) -> 16.1 | AJ12: =IF(ISNA(VLOOKUP($CW12,'Audit Values'!$A:$BX,2,FALSE)),'Preliminary SO66'!AR11,VLOOKUP($CW12,'Audit Values'!$A:$BX,66,FALSE)) -> 164 | AK12: =CH12 -> 238407 | AL12: =AK12/'Weighting Factors'!$O$5 -> 46.9 | AM12: =CJ12/'Weighting Factors'!$O$5 -> 0 | AN12: =CN12/'Weighting Factors'!$O$5 -> 0 | AO12: 511297 | AP12: =AO12/'Weighting Factors'!$O$5 -> 100.5 | AQ12: =IF(ISNA(VLOOKUP($CW12,'Audit Values'!$A:$BX,2,FALSE)),'Preliminary SO66'!X11,VLOOKUP($CW12,'Audit Values'!$A:$BX,48,FALSE)) -> 0 | AR12: =SUM(U12+V12+AA12+AC12+AF12+AI12+AL12+AM12+AP12+AQ12) -> 997.9 | AS12: =SUM(U12+V12+AA12+AC12+AF12+AI12+AL12+AM12+AN12+AQ12) -> 897.4 | AT12: =IF(ISNA(VLOOKUP($CW12,'Audit Values'!$A$2:$BX$410,2,FALSE)),'Preliminary SO66'!AA11,VLOOKUP($CW12,'Audit Values'!$A$2:$BX$410,41,FALSE)) -> 0 | AU12: =IF(ISNA(VLOOKUP($CW12,'Audit Values'!$A$2:$BX$410,2,FALSE)),'Preliminary SO66'!AB11,VLOOKUP($CW12,'Audit Values'!$A$2:$BX$410,42,FALSE)) -> 0 | AV12: 0 | AW12: 0 | AX12: =SUM(AT12*'Weighting Factors'!$R$10)+('2024 Legal Max'!AU12*'Weighting Factors'!$R$11)+('2024 Legal Max'!AV12*'Weighting Factors'!$R$12)+('2024 Legal Max'!AW12*'Weighting Factors'!$R$12) -> 0 | AY12: =IF(ISNA(VLOOKUP($CW12,'Audit Values'!$A$2:$BX$429,2,FALSE)),"",IF(AND('Weighting Factors'!G12>0,VLOOKUP($CW12,'Audit Values'!$A$2:$BX$429,51,FALSE)<'Weighting Factors'!G12),'Weighting Factors'!G12,VLOOKUP($CW12,'Audit Values'!$A$2:$BX$429,51,FALSE))) -> 19 | AZ12: =IF(ISNA(VLOOKUP($CW12,'Audit Values'!$A:$BY,2,FALSE)),"",VLOOKUP($CW12,'Audit Values'!$A:$BY,52,FALSE)) -> A | BA12: =IF('Weighting Factors'!F12="","",IF('Weighting Factors'!H12="Pending","PX","R")) -> R | BB12: =SUM((U12+V12+AA12+AC12+AF12+AI12+AL12+AM12+AQ12+AN12)*'Weighting Factors'!$O$5)+'2024 Legal Max'!AX12 -> 4565971 | BC12: =SUM((AR12+AN12)*'Weighting Factors'!$O$5)+AX12 -> 5077315 | BD12: =IF('Weighting Factors'!F12>0,'Weighting Factors'!F12,'Preliminary SO66'!AV11) -> 5100720 | BE12: =MIN(BC12,BD12) -> 5077315 | BF12: ='Weighting Factors'!E12 -> 0 | BG12: =Transportation!G12 -> 0 | BH12: =IF(ISNA(VLOOKUP($CW12,'Audit Values'!$A:$BW,2,FALSE)), 0, VLOOKUP($CW12,'Audit Values'!$A:$BW,75,FALSE)) -> 0 | BI12: =SUM(BF12:BH12) -> 0 | BJ12: =BE12+BI12 -> 5077315 | BK12: =SUM((U12+V12+AA12+AC12+AF12+AI12+AL12+AM12+AN12)*'Weighting Factors'!O$12)+(MAX(AO12,'Weighting Factors'!B12)) -> 5244049 | BL12: ='LOB%'!F10 -> 0.316 | BM12: =BK12*BL12 -> 1657119 | BN12: 1645058 | BO12: =MIN(BM12,BN12) -> 1645058 | BP12: =BO12/BK12 -> 0.3137 | BQ12: =ROUND(IF(U12<=99.9,(U12*1.014331),0),1) -> 0 | BR12: =AND(U12>99.9,U12<=299.9) -> FALSE | BS12: =IF(BR12=TRUE,ROUND((U12-100)*9.655,3),0) -> 0 | BT12: =IF(BR12=TRUE,ROUND(((7337-BS12)/3642.4)-1,6),0) -> 0 | BU12: =ROUND(BT12*U12,1) -> 0 | BV12: =AND(U12>299.9,U12<=1621.9) -> TRUE | BW12: =IF(BV12=TRUE,ROUND((U12-300)*1.2375,4),0) -> 250.965 | BX12: =IF(BV12=TRUE,ROUND(((5406-BW12)/3642.4)-1,6),0) -> 0.415285 | BY12: =ROUND(BX12*U12,1) -> 208.8 | BZ12: =ROUND(IF(U12>=1622,(U12*0.03504),0),1) -> 0 | CA12: 560 | CB12: =AJ12/CA12 -> 0.293 | CC12: =IF(CB12<0.06,1,IF(CB12>=18.29,52,MATCH(CB12-0.001,'Weighting Factors'!$W$5:$W$156)+1)) -> 20 | CD12: =VLOOKUP(CC12, 'Weighting Factors'!$U$5:$X$56,4) -> 1190 | CE12: =('Weighting Factors'!$O$5/'Weighting Factors'!$O$14) -> 1.2216 | CF12: =AJ12*CD12 -> 195160 | CG12: =CF12*'Weighting Factors'!$Q$7 -> 195160 | CH12: =CG12*CE12 -> 238407 | CI12: =AK12/'Weighting Factors'!$O$5 -> 46.9 | CJ12: 0 | CK12: 0 | CL12: 0 | CM12: =SUM((AR12*'Weighting Factors'!$O$5)+'2024 Legal Max'!AX12)*CL12 -> 0 | CN12: =IF(CK12>CM12,CM12,CK12) -> 0 | CO12: =AE12/AD12 -> 0.4485 | CP12: =IF(CO12>=50%,AE12*10.5%,0) -> 0 | CQ12: =IF(AND(CO12>35%,CO12<50%),AE12*(CO12-35%)*0.7,0) -> 15.9 | CR12: =AS12+AP12 -> 997.9 | CS12: ='Required Transfers'!L12 -> 185069 | CT12: ='Required Transfers'!O12 -> 658 | CU12: ='Required Transfers'!H12 -> 650755 | CV12: =SUM(R12+T12+AT12+AU12+AV12/6+AW12/6) -> 508.8 | CW12: D0109
A13: 110 | B13: Phillips | C13: Thunder Ridge Schools | D13: 178 | F13: 0 | G13: =SUM(D13-E13+F13) -> 178 | H13: 176 | J13: 0 | K13: =SUM(H13-I13+J13) -> 176 | L13: 169.5 | N13: 0 | O13: =SUM(L13-M13+N13) -> 169.5 | P13: =IF(ISNA(VLOOKUP($CW13,'Audit Values'!$A:$BZ,2,FALSE)),'Preliminary SO66'!C12,VLOOKUP($CW13,'Audit Values'!$A:$BZ,76,FALSE)) -> 172.5 | Q13: =IF(ISNA(VLOOKUP($CW13,'Audit Values'!$A:$BZ,2,FALSE)),'Preliminary SO66'!F12,VLOOKUP($CW13,'Audit Values'!$A:$BZ,4,FALSE)) -> 0 | R13: =SUM(P13+Q13) -> 172.5 | S13: =IF('Military Provision'!I13="YES", MAX('2024 Legal Max'!O13,'2024 Legal Max'!K13,AVERAGE('2024 Legal Max'!G13,'2024 Legal Max'!K13,'2024 Legal Max'!O13)), MAX(O13, K13)) -> 176 | T13: =IF(ISNA(VLOOKUP($CW13,'Audit Values'!$A:$BX,2,FALSE)),'Preliminary SO66'!AL12,VLOOKUP($CW13,'Audit Values'!$A:$BX,59,FALSE)) -> 2 | U13: =S13+T13 -> 178 | V13: ='Low-High ENRL- 2023 HSubSB 113'!N16 -> 143.7 | W13: =IF(ISNA(VLOOKUP($CW13,'Audit Values'!$A:$BZ,2,FALSE)),'Preliminary SO66'!AM12,VLOOKUP($CW13,'Audit Values'!$A:$BZ,63,FALSE)) -> 0 | X13: =(W13/6)*'Weighting Factors'!$O$7 -> 0 | Y13: =IF(ISNA(VLOOKUP($CW13,'Audit Values'!$A:$BZ,2,FALSE)),'Preliminary SO66'!AN12,VLOOKUP($CW13,'Audit Values'!$A:$BZ,62,FALSE)) -> 0 | Z13: =Y13*'Weighting Factors'!$O$8 -> 0 | AA13: =MAX(X13,Z13) -> 0 | AB13: =IF(ISNA(VLOOKUP($CW13,'Audit Values'!$A:$BZ,2,FALSE)),'Preliminary SO66'!AO12,VLOOKUP($CW13,'Audit Values'!$A:$BZ,61,FALSE)) -> 56.3 | AC13: =AB13/6*'Weighting Factors'!$O$6 -> 4.7 | AD13: =IF(ISNA(VLOOKUP($CW13,'Audit Values'!$A:$BX,2,FALSE)),'Preliminary SO66'!AS12,VLOOKUP($CW13,'Audit Values'!$A:$BX,64,FALSE)) -> 179 | AE13: =IF(ISNA(VLOOKUP($CW13,'Audit Values'!$A:$BX,2,FALSE)),'Preliminary SO66'!AP12,VLOOKUP($CW13,'Audit Values'!$A:$BX,65,FALSE)) -> 55 | AF13: =IF(A13=207, AE13,(AE13))*'Weighting Factors'!$O$9 -> 26.6 | AG13: =MAX(CP13,CQ13) -> 0 | AH13: =IF(ISNA(VLOOKUP($CW13,'Audit Values'!$A:$BZ,2,FALSE)),'Preliminary SO66'!AG12,VLOOKUP($CW13,'Audit Values'!$A:$BZ,71,FALSE)) -> 0.3 | AI13: =MAX(AG13, AH13) -> 0.3 | AJ13: =IF(ISNA(VLOOKUP($CW13,'Audit Values'!$A:$BX,2,FALSE)),'Preliminary SO66'!AR12,VLOOKUP($CW13,'Audit Values'!$A:$BX,66,FALSE)) -> 111 | AK13: =CH13 -> 169497 | AL13: =AK13/'Weighting Factors'!$O$5 -> 33.3 | AM13: =CJ13/'Weighting Factors'!$O$5 -> 0 | AN13: =CN13/'Weighting Factors'!$O$5 -> 0 | AO13: 211450 | AP13: =AO13/'Weighting Factors'!$O$5 -> 41.6 | AQ13: =IF(ISNA(VLOOKUP($CW13,'Audit Values'!$A:$BX,2,FALSE)),'Preliminary SO66'!X12,VLOOKUP($CW13,'Audit Values'!$A:$BX,48,FALSE)) -> 0 | AR13: =SUM(U13+V13+AA13+AC13+AF13+AI13+AL13+AM13+AP13+AQ13) -> 428.2 | AS13: =SUM(U13+V13+AA13+AC13+AF13+AI13+AL13+AM13+AN13+AQ13) -> 386.6 | AT13: =IF(ISNA(VLOOKUP($CW13,'Audit Values'!$A$2:$BX$410,2,FALSE)),'Preliminary SO66'!AA12,VLOOKUP($CW13,'Audit Values'!$A$2:$BX$410,41,FALSE)) -> 0 | AU13: =IF(ISNA(VLOOKUP($CW13,'Audit Values'!$A$2:$BX$410,2,FALSE)),'Preliminary SO66'!AB12,VLOOKUP($CW13,'Audit Values'!$A$2:$BX$410,42,FALSE)) -> 0 | AV13: 0 | AW13: 0 | AX13: =SUM(AT13*'Weighting Factors'!$R$10)+('2024 Legal Max'!AU13*'Weighting Factors'!$R$11)+('2024 Legal Max'!AV13*'Weighting Factors'!$R$12)+('2024 Legal Max'!AW13*'Weighting Factors'!$R$12) -> 0 | AY13: =IF(ISNA(VLOOKUP($CW13,'Audit Values'!$A$2:$BX$429,2,FALSE)),"",IF(AND('Weighting Factors'!G13>0,VLOOKUP($CW13,'Audit Values'!$A$2:$BX$429,51,FALSE)<'Weighting Factors'!G13),'Weighting Factors'!G13,VLOOKUP($CW13,'Audit Values'!$A$2:$BX$429,51,FALSE))) -> 7 | AZ13: =IF(ISNA(VLOOKUP($CW13,'Audit Values'!$A:$BY,2,FALSE)),"",VLOOKUP($CW13,'Audit Values'!$A:$BY,52,FALSE)) -> A | BA13: =IF('Weighting Factors'!F13="","",IF('Weighting Factors'!H13="Pending","PX","R")) | BB13: =SUM((U13+V13+AA13+AC13+AF13+AI13+AL13+AM13+AQ13+AN13)*'Weighting Factors'!$O$5)+'2024 Legal Max'!AX13 -> 1967021 | BC13: =SUM((AR13+AN13)*'Weighting Factors'!$O$5)+AX13 -> 2178682 | BD13: =IF('Weighting Factors'!F13>0,'Weighting Factors'!F13,'Preliminary SO66'!AV12) -> 2316058 | BE13: =MIN(BC13,BD13) -> 2178682 | BF13: ='Weighting Factors'!E13 -> 0 | BG13: =Transportation!G13 -> 0 | BH13: =IF(ISNA(VLOOKUP($CW13,'Audit Values'!$A:$BW,2,FALSE)), 0, VLOOKUP($CW13,'Audit Values'!$A:$BW,75,FALSE)) -> 0 | BI13: =SUM(BF13:BH13) -> 0 | BJ13: =BE13+BI13 -> 2178682 | BK13: =SUM((U13+V13+AA13+AC13+AF13+AI13+AL13+AM13+AN13)*'Weighting Factors'!O$12)+(MAX(AO13,'Weighting Factors'!B13)) -> 2328014 | BL13: ='LOB%'!F11 -> 0.316 | BM13: =BK13*BL13 -> 735652 | BN13: 773793 | BO13: =MIN(BM13,BN13) -> 735652 | BP13: =BO13/BK13 -> 0.316 | BQ13: =ROUND(IF(U13<=99.9,(U13*1.014331),0),1) -> 0 | BR13: =AND(U13>99.9,U13<=299.9) -> TRUE | BS13: =IF(BR13=TRUE,ROUND((U13-100)*9.655,3),0) -> 753.09 | BT13: =IF(BR13=TRUE,ROUND(((7337-BS13)/3642.4)-1,6),0) -> 0.807575 | BU13: =ROUND(BT13*U13,1) -> 143.7 | BV13: =AND(U13>299.9,U13<=1621.9) -> FALSE | BW13: =IF(BV13=TRUE,ROUND((U13-300)*1.2375,4),0) -> 0 | BX13: =IF(BV13=TRUE,ROUND(((5406-BW13)/3642.4)-1,6),0) -> 0 | BY13: =ROUND(BX13*U13,1) -> 0 | BZ13: =ROUND(IF(U13>=1622,(U13*0.03504),0),1) -> 0 | CA13: 491 | CB13: =AJ13/CA13 -> 0.226 | CC13: =IF(CB13<0.06,1,IF(CB13>=18.29,52,MATCH(CB13-0.001,'Weighting Factors'!$W$5:$W$156)+1)) -> 17 | CD13: =VLOOKUP(CC13, 'Weighting Factors'!$U$5:$X$56,4) -> 1250 | CE13: =('Weighting Factors'!$O$5/'Weighting Factors'!$O$14) -> 1.2216 | CF13: =AJ13*CD13 -> 138750 | CG13: =CF13*'Weighting Factors'!$Q$7 -> 138750 | CH13: =CG13*CE13 -> 169497 | CI13: =AK13/'Weighting Factors'!$O$5 -> 33.3 | CJ13: 0 | CK13: 0 | CL13: 0 | CM13: =SUM((AR13*'Weighting Factors'!$O$5)+'2024 Legal Max'!AX13)*CL13 -> 0 | CN13: =IF(CK13>CM13,CM13,CK13) -> 0 | CO13: =AE13/AD13 -> 0.3073 | CP13: =IF(CO13>=50%,AE13*10.5%,0) -> 0 | CQ13: =IF(AND(CO13>35%,CO13<50%),AE13*(CO13-35%)*0.7,0) -> 0 | CR13: =AS13+AP13 -> 428.2 | CS13: ='Required Transfers'!L13 -> 45905 | CT13: ='Required Transfers'!O13 -> 0 | CU13: ='Required Transfers'!H13 -> 136867 | CV13: =SUM(R13+T13+AT13+AU13+AV13/6+AW13/6) -> 174.5 | CW13: D0110
A14: 111 | B14: Doniphan | C14: Doniphan West Schools | D14: 290.5 | F14: 0 | G14: =SUM(D14-E14+F14) -> 290.5 | H14: 333.9 | J14: 0 | K14: =SUM(H14-I14+J14) -> 333.9 | L14: 354.2 | N14: 0 | O14: =SUM(L14-M14+N14) -> 354.2 | P14: =IF(ISNA(VLOOKUP($CW14,'Audit Values'!$A:$BZ,2,FALSE)),'Preliminary SO66'!C13,VLOOKUP($CW14,'Audit Values'!$A:$BZ,76,FALSE)) -> 369.8 | Q14: =IF(ISNA(VLOOKUP($CW14,'Audit Values'!$A:$BZ,2,FALSE)),'Preliminary SO66'!F13,VLOOKUP($CW14,'Audit Values'!$A:$BZ,4,FALSE)) -> 0 | R14: =SUM(P14+Q14) -> 369.8 | S14: =IF('Military Provision'!I14="YES", MAX('2024 Legal Max'!O14,'2024 Legal Max'!K14,AVERAGE('2024 Legal Max'!G14,'2024 Legal Max'!K14,'2024 Legal Max'!O14)), MAX(O14, K14)) -> 354.2 | T14: =IF(ISNA(VLOOKUP($CW14,'Audit Values'!$A:$BX,2,FALSE)),'Preliminary SO66'!AL13,VLOOKUP($CW14,'Audit Values'!$A:$BX,59,FALSE)) -> 5 | U14: =S14+T14 -> 359.2 | V14: ='Low-High ENRL- 2023 HSubSB 113'!N17 -> 166.7 | W14: =IF(ISNA(VLOOKUP($CW14,'Audit Values'!$A:$BZ,2,FALSE)),'Preliminary SO66'!AM13,VLOOKUP($CW14,'Audit Values'!$A:$BZ,63,FALSE)) -> 0 | X14: =(W14/6)*'Weighting Factors'!$O$7 -> 0 | Y14: =IF(ISNA(VLOOKUP($CW14,'Audit Values'!$A:$BZ,2,FALSE)),'Preliminary SO66'!AN13,VLOOKUP($CW14,'Audit Values'!$A:$BZ,62,FALSE)) -> 0 | Z14: =Y14*'Weighting Factors'!$O$8 -> 0 | AA14: =MAX(X14,Z14) -> 0 | AB14: =IF(ISNA(VLOOKUP($CW14,'Audit Values'!$A:$BZ,2,FALSE)),'Preliminary SO66'!AO13,VLOOKUP($CW14,'Audit Values'!$A:$BZ,61,FALSE)) -> 74.1 | AC14: =AB14/6*'Weighting Factors'!$O$6 -> 6.2 | AD14: =IF(ISNA(VLOOKUP($CW14,'Audit Values'!$A:$BX,2,FALSE)),'Preliminary SO66'!AS13,VLOOKUP($CW14,'Audit Values'!$A:$BX,64,FALSE)) -> 383 | AE14: =IF(ISNA(VLOOKUP($CW14,'Audit Values'!$A:$BX,2,FALSE)),'Preliminary SO66'!AP13,VLOOKUP($CW14,'Audit Values'!$A:$BX,65,FALSE)) -> 135 | AF14: =IF(A14=207, AE14,(AE14))*'Weighting Factors'!$O$9 -> 65.3 | AG14: =MAX(CP14,CQ14) -> 0.2 | AH14: =IF(ISNA(VLOOKUP($CW14,'Audit Values'!$A:$BZ,2,FALSE)),'Preliminary SO66'!AG13,VLOOKUP($CW14,'Audit Values'!$A:$BZ,71,FALSE)) -> 1.4 | AI14: =MAX(AG14, AH14) -> 1.4 | AJ14: =IF(ISNA(VLOOKUP($CW14,'Audit Values'!$A:$BX,2,FALSE)),'Preliminary SO66'!AR13,VLOOKUP($CW14,'Audit Values'!$A:$BX,66,FALSE)) -> 220 | AK14: =CH14 -> 260689 | AL14: =AK14/'Weighting Factors'!$O$5 -> 51.2 | AM14: =CJ14/'Weighting Factors'!$O$5 -> 0 | AN14: =CN14/'Weighting Factors'!$O$5 -> 0 | AO14: 436669 | AP14: =AO14/'Weighting Factors'!$O$5 -> 85.8 | AQ14: =IF(ISNA(VLOOKUP($CW14,'Audit Values'!$A:$BX,2,FALSE)),'Preliminary SO66'!X13,VLOOKUP($CW14,'Audit Values'!$A:$BX,48,FALSE)) -> 0 | AR14: =SUM(U14+V14+AA14+AC14+AF14+AI14+AL14+AM14+AP14+AQ14) -> 735.8 | AS14: =SUM(U14+V14+AA14+AC14+AF14+AI14+AL14+AM14+AN14+AQ14) -> 650 | AT14: =IF(ISNA(VLOOKUP($CW14,'Audit Values'!$A$2:$BX$410,2,FALSE)),'Preliminary SO66'!AA13,VLOOKUP($CW14,'Audit Values'!$A$2:$BX$410,41,FALSE)) -> 0 | AU14: =IF(ISNA(VLOOKUP($CW14,'Audit Values'!$A$2:$BX$410,2,FALSE)),'Preliminary SO66'!AB13,VLOOKUP($CW14,'Audit Values'!$A$2:$BX$410,42,FALSE)) -> 0 | AV14: 0 | AW14: 0 | AX14: =SUM(AT14*'Weighting Factors'!$R$10)+('2024 Legal Max'!AU14*'Weighting Factors'!$R$11)+('2024 Legal Max'!AV14*'Weighting Factors'!$R$12)+('2024 Legal Max'!AW14*'Weighting Factors'!$R$12) -> 0 | AY14: =IF(ISNA(VLOOKUP($CW14,'Audit Values'!$A$2:$BX$429,2,FALSE)),"",IF(AND('Weighting Factors'!G14>0,VLOOKUP($CW14,'Audit Values'!$A$2:$BX$429,51,FALSE)<'Weighting Factors'!G14),'Weighting Factors'!G14,VLOOKUP($CW14,'Audit Values'!$A$2:$BX$429,51,FALSE))) -> 6 | AZ14: =IF(ISNA(VLOOKUP($CW14,'Audit Values'!$A:$BY,2,FALSE)),"",VLOOKUP($CW14,'Audit Values'!$A:$BY,52,FALSE)) -> A | BA14: =IF('Weighting Factors'!F14="","",IF('Weighting Factors'!H14="Pending","PX","R")) | BB14: =SUM((U14+V14+AA14+AC14+AF14+AI14+AL14+AM14+AQ14+AN14)*'Weighting Factors'!$O$5)+'2024 Legal Max'!AX14 -> 3307200 | BC14: =SUM((AR14+AN14)*'Weighting Factors'!$O$5)+AX14 -> 3743750 | BD14: =IF('Weighting Factors'!F14>0,'Weighting Factors'!F14,'Preliminary SO66'!AV13) -> 3995606 | BE14: =MIN(BC14,BD14) -> 3743750 | BF14: ='Weighting Factors'!E14 -> 0 | BG14: =Transportation!G14 -> 0 | BH14: =IF(ISNA(VLOOKUP($CW14,'Audit Values'!$A:$BW,2,FALSE)), 0, VLOOKUP($CW14,'Audit Values'!$A:$BW,75,FALSE)) -> 0 | BI14: =SUM(BF14:BH14) -> 0 | BJ14: =BE14+BI14 -> 3743750 | BK14: =SUM((U14+V14+AA14+AC14+AF14+AI14+AL14+AM14+AN14)*'Weighting Factors'!O$12)+(MAX(AO14,'Weighting Factors'!B14)) -> 3907921 | BL14: ='LOB%'!F12 -> 0.316 | BM14: =BK14*BL14 -> 1234903 | BN14: 1299611 | BO14: =MIN(BM14,BN14) -> 1234903 | BP14: =BO14/BK14 -> 0.316 | BQ14: =ROUND(IF(U14<=99.9,(U14*1.014331),0),1) -> 0 | BR14: =AND(U14>99.9,U14<=299.9) -> FALSE | BS14: =IF(BR14=TRUE,ROUND((U14-100)*9.655,3),0) -> 0 | BT14: =IF(BR14=TRUE,ROUND(((7337-BS14)/3642.4)-1,6),0) -> 0 | BU14: =ROUND(BT14*U14,1) -> 0 | BV14: =AND(U14>299.9,U14<=1621.9) -> TRUE | BW14: =IF(BV14=TRUE,ROUND((U14-300)*1.2375,4),0) -> 73.26 | BX14: =IF(BV14=TRUE,ROUND(((5406-BW14)/3642.4)-1,6),0) -> 0.464073 | BY14: =ROUND(BX14*U14,1) -> 166.7 | BZ14: =ROUND(IF(U14>=1622,(U14*0.03504),0),1) -> 0 | CA14: 229 | CB14: =AJ14/CA14 -> 0.961 | CC14: =IF(CB14<0.06,1,IF(CB14>=18.29,52,MATCH(CB14-0.001,'Weighting Factors'!$W$5:$W$156)+1)) -> 31 | CD14: =VLOOKUP(CC14, 'Weighting Factors'!$U$5:$X$56,4) -> 970 | CE14: =('Weighting Factors'!$O$5/'Weighting Factors'!$O$14) -> 1.2216 | CF14: =AJ14*CD14 -> 213400 | CG14: =CF14*'Weighting Factors'!$Q$7 -> 213400 | CH14: =CG14*CE14 -> 260689 | CI14: =AK14/'Weighting Factors'!$O$5 -> 51.2 | CJ14: 0 | CK14: 0 | CL14: 0 | CM14: =SUM((AR14*'Weighting Factors'!$O$5)+'2024 Legal Max'!AX14)*CL14 -> 0 | CN14: =IF(CK14>CM14,CM14,CK14) -> 0 | CO14: =AE14/AD14 -> 0.3525 | CP14: =IF(CO14>=50%,AE14*10.5%,0) -> 0 | CQ14: =IF(AND(CO14>35%,CO14<50%),AE14*(CO14-35%)*0.7,0) -> 0.2 | CR14: =AS14+AP14 -> 735.8 | CS14: ='Required Transfers'!L14 -> 110400 | CT14: ='Required Transfers'!O14 -> 0 | CU14: ='Required Transfers'!H14 -> 339370 | CV14: =SUM(R14+T14+AT14+AU14+AV14/6+AW14/6) -> 374.8 | CW14: D0111
A15: 112 | B15: Ellsworth | C15: Central Plains | D15: 433.5 | F15: 0 | G15: =SUM(D15-E15+F15) -> 433.5 | H15: 444.7 | J15: 0 | K15: =SUM(H15-I15+J15) -> 444.7 | L15: 476 | N15: 0 | O15: =SUM(L15-M15+N15) -> 476 | P15: =IF(ISNA(VLOOKUP($CW15,'Audit Values'!$A:$BZ,2,FALSE)),'Preliminary SO66'!C14,VLOOKUP($CW15,'Audit Values'!$A:$BZ,76,FALSE)) -> 403 | Q15: =IF(ISNA(VLOOKUP($CW15,'Audit Values'!$A:$BZ,2,FALSE)),'Preliminary SO66'!F14,VLOOKUP($CW15,'Audit Values'!$A:$BZ,4,FALSE)) -> 0 | R15: =SUM(P15+Q15) -> 403 | S15: =IF('Military Provision'!I15="YES", MAX('2024 Legal Max'!O15,'2024 Legal Max'!K15,AVERAGE('2024 Legal Max'!G15,'2024 Legal Max'!K15,'2024 Legal Max'!O15)), MAX(O15, K15)) -> 476 | T15: =IF(ISNA(VLOOKUP($CW15,'Audit Values'!$A:$BX,2,FALSE)),'Preliminary SO66'!AL14,VLOOKUP($CW15,'Audit Values'!$A:$BX,59,FALSE)) -> 9.5 | U15: =S15+T15 -> 485.5 | V15: ='Low-High ENRL- 2023 HSubSB 113'!N18 -> 204.5 | W15: =IF(ISNA(VLOOKUP($CW15,'Audit Values'!$A:$BZ,2,FALSE)),'Preliminary SO66'!AM14,VLOOKUP($CW15,'Audit Values'!$A:$BZ,63,FALSE)) -> 0 | X15: =(W15/6)*'Weighting Factors'!$O$7 -> 0 | Y15: =IF(ISNA(VLOOKUP($CW15,'Audit Values'!$A:$BZ,2,FALSE)),'Preliminary SO66'!AN14,VLOOKUP($CW15,'Audit Values'!$A:$BZ,62,FALSE)) -> 0 | Z15: =Y15*'Weighting Factors'!$O$8 -> 0 | AA15: =MAX(X15,Z15) -> 0 | AB15: =IF(ISNA(VLOOKUP($CW15,'Audit Values'!$A:$BZ,2,FALSE)),'Preliminary SO66'!AO14,VLOOKUP($CW15,'Audit Values'!$A:$BZ,61,FALSE)) -> 88.6 | AC15: =AB15/6*'Weighting Factors'!$O$6 -> 7.4 | AD15: =IF(ISNA(VLOOKUP($CW15,'Audit Values'!$A:$BX,2,FALSE)),'Preliminary SO66'!AS14,VLOOKUP($CW15,'Audit Values'!$A:$BX,64,FALSE)) -> 426 | AE15: =IF(ISNA(VLOOKUP($CW15,'Audit Values'!$A:$BX,2,FALSE)),'Preliminary SO66'!AP14,VLOOKUP($CW15,'Audit Values'!$A:$BX,65,FALSE)) -> 169 | AF15: =IF(A15=207, AE15,(AE15))*'Weighting Factors'!$O$9 -> 81.8 | AG15: =MAX(CP15,CQ15) -> 5.5 | AH15: =IF(ISNA(VLOOKUP($CW15,'Audit Values'!$A:$BZ,2,FALSE)),'Preliminary SO66'!AG14,VLOOKUP($CW15,'Audit Values'!$A:$BZ,71,FALSE)) -> 6.7 | AI15: =MAX(AG15, AH15) -> 6.7 | AJ15: =IF(ISNA(VLOOKUP($CW15,'Audit Values'!$A:$BX,2,FALSE)),'Preliminary SO66'!AR14,VLOOKUP($CW15,'Audit Values'!$A:$BX,66,FALSE)) -> 248 | AK15: =CH15 -> 342341 | AL15: =AK15/'Weighting Factors'!$O$5 -> 67.3 | AM15: =CJ15/'Weighting Factors'!$O$5 -> 0 | AN15: =CN15/'Weighting Factors'!$O$5 -> 0 | AO15: 542764 | AP15: =AO15/'Weighting Factors'!$O$5 -> 106.7 | AQ15: =IF(ISNA(VLOOKUP($CW15,'Audit Values'!$A:$BX,2,FALSE)),'Preliminary SO66'!X14,VLOOKUP($CW15,'Audit Values'!$A:$BX,48,FALSE)) -> 1 | AR15: =SUM(U15+V15+AA15+AC15+AF15+AI15+AL15+AM15+AP15+AQ15) -> 960.9 | AS15: =SUM(U15+V15+AA15+AC15+AF15+AI15+AL15+AM15+AN15+AQ15) -> 854.2 | AT15: =IF(ISNA(VLOOKUP($CW15,'Audit Values'!$A$2:$BX$410,2,FALSE)),'Preliminary SO66'!AA14,VLOOKUP($CW15,'Audit Values'!$A$2:$BX$410,41,FALSE)) -> 12 | AU15: =IF(ISNA(VLOOKUP($CW15,'Audit Values'!$A$2:$BX$410,2,FALSE)),'Preliminary SO66'!AB14,VLOOKUP($CW15,'Audit Values'!$A$2:$BX$410,42,FALSE)) -> 0 | AV15: 2800 | AW15: 0 | AX15: =SUM(AT15*'Weighting Factors'!$R$10)+('2024 Legal Max'!AU15*'Weighting Factors'!$R$11)+('2024 Legal Max'!AV15*'Weighting Factors'!$R$12)+('2024 Legal Max'!AW15*'Weighting Factors'!$R$12) -> 2052400 | AY15: =IF(ISNA(VLOOKUP($CW15,'Audit Values'!$A$2:$BX$429,2,FALSE)),"",IF(AND('Weighting Factors'!G15>0,VLOOKUP($CW15,'Audit Values'!$A$2:$BX$429,51,FALSE)<'Weighting Factors'!G15),'Weighting Factors'!G15,VLOOKUP($CW15,'Audit Values'!$A$2:$BX$429,51,FALSE))) -> 5 | AZ15: =IF(ISNA(VLOOKUP($CW15,'Audit Values'!$A:$BY,2,FALSE)),"",VLOOKUP($CW15,'Audit Values'!$A:$BY,52,FALSE)) -> A | BA15: =IF('Weighting Factors'!F15="","",IF('Weighting Factors'!H15="Pending","PX","R")) | BB15: =SUM((U15+V15+AA15+AC15+AF15+AI15+AL15+AM15+AQ15+AN15)*'Weighting Factors'!$O$5)+'2024 Legal Max'!AX15 -> 6398570 | BC15: =SUM((AR15+AN15)*'Weighting Factors'!$O$5)+AX15 -> 6941459 | BD15: =IF('Weighting Factors'!F15>0,'Weighting Factors'!F15,'Preliminary SO66'!AV14) -> 7258442 | BE15: =MIN(BC15,BD15) -> 6941459 | BF15: ='Weighting Factors'!E15 -> 0 | BG15: =Transportation!G15 -> 0 | BH15: =IF(ISNA(VLOOKUP($CW15,'Audit Values'!$A:$BW,2,FALSE)), 0, VLOOKUP($CW15,'Audit Values'!$A:$BW,75,FALSE)) -> -124430 | BI15: =SUM(BF15:BH15) -> -124430 | BJ15: =BE15+BI15 -> 6817029 | BK15: =SUM((U15+V15+AA15+AC15+AF15+AI15+AL15+AM15+AN15)*'Weighting Factors'!O$12)+(MAX(AO15,'Weighting Factors'!B15)) -> 5086782 | BL15: ='LOB%'!F13 -> 0.33 | BM15: =BK15*BL15 -> 1678638 | BN15: 1771234 | BO15: =MIN(BM15,BN15) -> 1678638 | BP15: =BO15/BK15 -> 0.33 | BQ15: =ROUND(IF(U15<=99.9,(U15*1.014331),0),1) -> 0 | BR15: =AND(U15>99.9,U15<=299.9) -> FALSE | BS15: =IF(BR15=TRUE,ROUND((U15-100)*9.655,3),0) -> 0 | BT15: =IF(BR15=TRUE,ROUND(((7337-BS15)/3642.4)-1,6),0) -> 0 | BU15: =ROUND(BT15*U15,1) -> 0 | BV15: =AND(U15>299.9,U15<=1621.9) -> TRUE | BW15: =IF(BV15=TRUE,ROUND((U15-300)*1.2375,4),0) -> 229.5563 | BX15: =IF(BV15=TRUE,ROUND(((5406-BW15)/3642.4)-1,6),0) -> 0.421163 | BY15: =ROUND(BX15*U15,1) -> 204.5 | BZ15: =ROUND(IF(U15>=1622,(U15*0.03504),0),1) -> 0 | CA15: 582.8 | CB15: =AJ15/CA15 -> 0.426 | CC15: =IF(CB15<0.06,1,IF(CB15>=18.29,52,MATCH(CB15-0.001,'Weighting Factors'!$W$5:$W$156)+1)) -> 23 | CD15: =VLOOKUP(CC15, 'Weighting Factors'!$U$5:$X$56,4) -> 1130 | CE15: =('Weighting Factors'!$O$5/'Weighting Factors'!$O$14) -> 1.2216 | CF15: =AJ15*CD15 -> 280240 | CG15: =CF15*'Weighting Factors'!$Q$7 -> 280240 | CH15: =CG15*CE15 -> 342341 | CI15: =AK15/'Weighting Factors'!$O$5 -> 67.3 | CJ15: 0 | CK15: 0 | CL15: 0 | CM15: =SUM((AR15*'Weighting Factors'!$O$5)+'2024 Legal Max'!AX15)*CL15 -> 0 | CN15: =IF(CK15>CM15,CM15,CK15) -> 0 | CO15: =AE15/AD15 -> 0.3967 | CP15: =IF(CO15>=50%,AE15*10.5%,0) -> 0 | CQ15: =IF(AND(CO15>35%,CO15<50%),AE15*(CO15-35%)*0.7,0) -> 5.5 | CR15: =AS15+AP15 -> 960.9 | CS15: ='Required Transfers'!L15 -> 144531 | CT15: ='Required Transfers'!O15 -> 0 | CU15: ='Required Transfers'!H15 -> 450288 | CV15: =SUM(R15+T15+AT15+AU15+AV15/6+AW15/6) -> 891.2 | CW15: D0112
A16: 113 | B16: Nemaha | C16: Prairie Hills | D16: 1044.2 | F16: 0 | G16: =SUM(D16-E16+F16) -> 1044.2 | H16: 1027.2 | J16: 0 | K16: =SUM(H16-I16+J16) -> 1027.2 | L16: 1033.1 | N16: 0 | O16: =SUM(L16-M16+N16) -> 1033.1 | P16: =IF(ISNA(VLOOKUP($CW16,'Audit Values'!$A:$BZ,2,FALSE)),'Preliminary SO66'!C15,VLOOKUP($CW16,'Audit Values'!$A:$BZ,76,FALSE)) -> 898.5 | Q16: =IF(ISNA(VLOOKUP($CW16,'Audit Values'!$A:$BZ,2,FALSE)),'Preliminary SO66'!F15,VLOOKUP($CW16,'Audit Values'!$A:$BZ,4,FALSE)) -> 0 | R16: =SUM(P16+Q16) -> 898.5 | S16: =IF('Military Provision'!I16="YES", MAX('2024 Legal Max'!O16,'2024 Legal Max'!K16,AVERAGE('2024 Legal Max'!G16,'2024 Legal Max'!K16,'2024 Legal Max'!O16)), MAX(O16, K16)) -> 1033.1 | T16: =IF(ISNA(VLOOKUP($CW16,'Audit Values'!$A:$BX,2,FALSE)),'Preliminary SO66'!AL15,VLOOKUP($CW16,'Audit Values'!$A:$BX,59,FALSE)) -> 10 | U16: =S16+T16 -> 1043.1 | V16: ='Low-High ENRL- 2023 HSubSB 113'!N19 -> 241.7 | W16: =IF(ISNA(VLOOKUP($CW16,'Audit Values'!$A:$BZ,2,FALSE)),'Preliminary SO66'!AM15,VLOOKUP($CW16,'Audit Values'!$A:$BZ,63,FALSE)) -> 0 | X16: =(W16/6)*'Weighting Factors'!$O$7 -> 0 | Y16: =IF(ISNA(VLOOKUP($CW16,'Audit Values'!$A:$BZ,2,FALSE)),'Preliminary SO66'!AN15,VLOOKUP($CW16,'Audit Values'!$A:$BZ,62,FALSE)) -> 0 | Z16: =Y16*'Weighting Factors'!$O$8 -> 0 | AA16: =MAX(X16,Z16) -> 0 | AB16: =IF(ISNA(VLOOKUP($CW16,'Audit Values'!$A:$BZ,2,FALSE)),'Preliminary SO66'!AO15,VLOOKUP($CW16,'Audit Values'!$A:$BZ,61,FALSE)) -> 208.1 | AC16: =AB16/6*'Weighting Factors'!$O$6 -> 17.3 | AD16: =IF(ISNA(VLOOKUP($CW16,'Audit Values'!$A:$BX,2,FALSE)),'Preliminary SO66'!AS15,VLOOKUP($CW16,'Audit Values'!$A:$BX,64,FALSE)) -> 921 | AE16: =IF(ISNA(VLOOKUP($CW16,'Audit Values'!$A:$BX,2,FALSE)),'Preliminary SO66'!AP15,VLOOKUP($CW16,'Audit Values'!$A:$BX,65,FALSE)) -> 243 | AF16: =IF(A16=207, AE16,(AE16))*'Weighting Factors'!$O$9 -> 117.6 | AG16: =MAX(CP16,CQ16) -> 0 | AH16: =IF(ISNA(VLOOKUP($CW16,'Audit Values'!$A:$BZ,2,FALSE)),'Preliminary SO66'!AG15,VLOOKUP($CW16,'Audit Values'!$A:$BZ,71,FALSE)) -> 0 | AI16: =MAX(AG16, AH16) -> 0 | AJ16: =IF(ISNA(VLOOKUP($CW16,'Audit Values'!$A:$BX,2,FALSE)),'Preliminary SO66'!AR15,VLOOKUP($CW16,'Audit Values'!$A:$BX,66,FALSE)) -> 306 | AK16: =CH16 -> 399976 | AL16: =AK16/'Weighting Factors'!$O$5 -> 78.6 | AM16: =CJ16/'Weighting Factors'!$O$5 -> 0 | AN16: =CN16/'Weighting Factors'!$O$5 -> 0 | AO16: 621912 | AP16: =AO16/'Weighting Factors'!$O$5 -> 122.2 | AQ16: =IF(ISNA(VLOOKUP($CW16,'Audit Values'!$A:$BX,2,FALSE)),'Preliminary SO66'!X15,VLOOKUP($CW16,'Audit Values'!$A:$BX,48,FALSE)) -> 0 | AR16: =SUM(U16+V16+AA16+AC16+AF16+AI16+AL16+AM16+AP16+AQ16) -> 1620.5 | AS16: =SUM(U16+V16+AA16+AC16+AF16+AI16+AL16+AM16+AN16+AQ16) -> 1498.3 | AT16: =IF(ISNA(VLOOKUP($CW16,'Audit Values'!$A$2:$BX$410,2,FALSE)),'Preliminary SO66'!AA15,VLOOKUP($CW16,'Audit Values'!$A$2:$BX$410,41,FALSE)) -> 0 | AU16: =IF(ISNA(VLOOKUP($CW16,'Audit Values'!$A$2:$BX$410,2,FALSE)),'Preliminary SO66'!AB15,VLOOKUP($CW16,'Audit Values'!$A$2:$BX$410,42,FALSE)) -> 0 | AV16: 0 | AW16: 0 | AX16: =SUM(AT16*'Weighting Factors'!$R$10)+('2024 Legal Max'!AU16*'Weighting Factors'!$R$11)+('2024 Legal Max'!AV16*'Weighting Factors'!$R$12)+('2024 Legal Max'!AW16*'Weighting Factors'!$R$12) -> 0 | AY16: =IF(ISNA(VLOOKUP($CW16,'Audit Values'!$A$2:$BX$429,2,FALSE)),"",IF(AND('Weighting Factors'!G16>0,VLOOKUP($CW16,'Audit Values'!$A$2:$BX$429,51,FALSE)<'Weighting Factors'!G16),'Weighting Factors'!G16,VLOOKUP($CW16,'Audit Values'!$A$2:$BX$429,51,FALSE))) -> 15 | AZ16: =IF(ISNA(VLOOKUP($CW16,'Audit Values'!$A:$BY,2,FALSE)),"",VLOOKUP($CW16,'Audit Values'!$A:$BY,52,FALSE)) -> A | BA16: =IF('Weighting Factors'!F16="","",IF('Weighting Factors'!H16="Pending","PX","R")) | BB16: =SUM((U16+V16+AA16+AC16+AF16+AI16+AL16+AM16+AQ16+AN16)*'Weighting Factors'!$O$5)+'2024 Legal Max'!AX16 -> 7623350 | BC16: =SUM((AR16+AN16)*'Weighting Factors'!$O$5)+AX16 -> 8245104 | BD16: =IF('Weighting Factors'!F16>0,'Weighting Factors'!F16,'Preliminary SO66'!AV15) -> 8443473 | BE16: =MIN(BC16,BD16) -> 8245104 | BF16: ='Weighting Factors'!E16 -> 0 | BG16: =Transportation!G16 -> 0 | BH16: =IF(ISNA(VLOOKUP($CW16,'Audit Values'!$A:$BW,2,FALSE)), 0, VLOOKUP($CW16,'Audit Values'!$A:$BW,75,FALSE)) -> -3545 | BI16: =SUM(BF16:BH16) -> -3545 | BJ16: =BE16+BI16 -> 8241559 | BK16: =SUM((U16+V16+AA16+AC16+AF16+AI16+AL16+AM16+AN16)*'Weighting Factors'!O$12)+(MAX(AO16,'Weighting Factors'!B16)) -> 8829024 | BL16: ='LOB%'!F14 -> 0.33 | BM16: =BK16*BL16 -> 2913578 | BN16: 2770990 | BO16: =MIN(BM16,BN16) -> 2770990 | BP16: =BO16/BK16 -> 0.3139 | BQ16: =ROUND(IF(U16<=99.9,(U16*1.014331),0),1) -> 0 | BR16: =AND(U16>99.9,U16<=299.9) -> FALSE | BS16: =IF(BR16=TRUE,ROUND((U16-100)*9.655,3),0) -> 0 | BT16: =IF(BR16=TRUE,ROUND(((7337-BS16)/3642.4)-1,6),0) -> 0 | BU16: =ROUND(BT16*U16,1) -> 0 | BV16: =AND(U16>299.9,U16<=1621.9) -> TRUE | BW16: =IF(BV16=TRUE,ROUND((U16-300)*1.2375,4),0) -> 919.5863 | BX16: =IF(BV16=TRUE,ROUND(((5406-BW16)/3642.4)-1,6),0) -> 0.231719 | BY16: =ROUND(BX16*U16,1) -> 241.7 | BZ16: =ROUND(IF(U16>=1622,(U16*0.03504),0),1) -> 0 | CA16: 543 | CB16: =AJ16/CA16 -> 0.564 | CC16: =IF(CB16<0.06,1,IF(CB16>=18.29,52,MATCH(CB16-0.001,'Weighting Factors'!$W$5:$W$156)+1)) -> 26 | CD16: =VLOOKUP(CC16, 'Weighting Factors'!$U$5:$X$56,4) -> 1070 | CE16: =('Weighting Factors'!$O$5/'Weighting Factors'!$O$14) -> 1.2216 | CF16: =AJ16*CD16 -> 327420 | CG16: =CF16*'Weighting Factors'!$Q$7 -> 327420 | CH16: =CG16*CE16 -> 399976 | CI16: =AK16/'Weighting Factors'!$O$5 -> 78.6 | CJ16: 0 | CK16: 0 | CL16: 0 | CM16: =SUM((AR16*'Weighting Factors'!$O$5)+'2024 Legal Max'!AX16)*CL16 -> 0 | CN16: =IF(CK16>CM16,CM16,CK16) -> 0 | CO16: =AE16/AD16 -> 0.2638 | CP16: =IF(CO16>=50%,AE16*10.5%,0) -> 0 | CQ16: =IF(AND(CO16>35%,CO16<50%),AE16*(CO16-35%)*0.7,0) -> 0 | CR16: =AS16+AP16 -> 1620.5 | CS16: ='Required Transfers'!L16 -> 202282 | CT16: ='Required Transfers'!O16 -> 0 | CU16: ='Required Transfers'!H16 -> 598349 | CV16: =SUM(R16+T16+AT16+AU16+AV16/6+AW16/6) -> 908.5 | CW16: D0113
... A19: 200 | B19: Greeley | C19: Greeley County Schools | D19: 234.6 | F19: 0 | G19: =SUM(D19-E19+F19) -> 234.6 | H19: 236.5 | J19: 0 | K19: =SUM(H19-I19+J19) -> 236.5 | L19: 224 | N19: 0 | O19: =SUM(L19-M19+N19) -> 224 | P19: =IF(ISNA(VLOOKUP($CW19,'Audit Values'!$A:$BZ,2,FALSE)),'Preliminary SO66'!C18,VLOOKUP($CW19,'Audit Values'!$A:$BZ,76,FALSE)) -> 223.4 | Q19: =IF(ISNA(VLOOKUP($CW19,'Audit Values'!$A:$BZ,2,FALSE)),'Preliminary SO66'!F18,VLOOKUP($CW19,'Audit Values'!$A:$BZ,4,FALSE)) -> 0 | R19: =SUM(P19+Q19) -> 223.4 | S19: =IF('Military Provision'!I19="YES", MAX('2024 Legal Max'!O19,'2024 Legal Max'!K19,AVERAGE('2024 Legal Max'!G19,'2024 Legal Max'!K19,'2024 Legal Max'!O19)), MAX(O19, K19)) -> 236.5 | T19: =IF(ISNA(VLOOKUP($CW19,'Audit Values'!$A:$BX,2,FALSE)),'Preliminary SO66'!AL18,VLOOKUP($CW19,'Audit Values'!$A:$BX,59,FALSE)) -> 2.5 | U19: =S19+T19 -> 239 | V19: ='Low-High ENRL- 2023 HSubSB 113'!N22 -> 154.4 | W19: =IF(ISNA(VLOOKUP($CW19,'Audit Values'!$A:$BZ,2,FALSE)),'Preliminary SO66'!AM18,VLOOKUP($CW19,'Audit Values'!$A:$BZ,63,FALSE)) -> 93.7 | X19: =(W19/6)*'Weighting Factors'!$O$7 -> 6.2 | Y19: =IF(ISNA(VLOOKUP($CW19,'Audit Values'!$A:$BZ,2,FALSE)),'Preliminary SO66'!AN18,VLOOKUP($CW19,'Audit Values'!$A:$BZ,62,FALSE)) -> 46 | Z19: =Y19*'Weighting Factors'!$O$8 -> 8.5 | AA19: =MAX(X19,Z19) -> 8.5 | AB19: =IF(ISNA(VLOOKUP($CW19,'Audit Values'!$A:$BZ,2,FALSE)),'Preliminary SO66'!AO18,VLOOKUP($CW19,'Audit Values'!$A:$BZ,61,FALSE)) -> 96.6 | AC19: =AB19/6*'Weighting Factors'!$O$6 -> 8.1 | AD19: =IF(ISNA(VLOOKUP($CW19,'Audit Values'!$A:$BX,2,FALSE)),'Preliminary SO66'!AS18,VLOOKUP($CW19,'Audit Values'!$A:$BX,64,FALSE)) -> 233 | AE19: =IF(ISNA(VLOOKUP($CW19,'Audit Values'!$A:$BX,2,FALSE)),'Preliminary SO66'!AP18,VLOOKUP($CW19,'Audit Values'!$A:$BX,65,FALSE)) -> 79 | AF19: =IF(A19=207, AE19,(AE19))*'Weighting Factors'!$O$9 -> 38.2 | AG19: =MAX(CP19,CQ19) -> 0 | AH19: =IF(ISNA(VLOOKUP($CW19,'Audit Values'!$A:$BZ,2,FALSE)),'Preliminary SO66'!AG18,VLOOKUP($CW19,'Audit Values'!$A:$BZ,71,FALSE)) -> 0 | AI19: =MAX(AG19, AH19) -> 0 | AJ19: =IF(ISNA(VLOOKUP($CW19,'Audit Values'!$A:$BX,2,FALSE)),'Preliminary SO66'!AR18,VLOOKUP($CW19,'Audit Values'!$A:$BX,66,FALSE)) -> 53 | AK19: =CH19 -> 102297 | AL19: =AK19/'Weighting Factors'!$O$5 -> 20.1 | AM19: =CJ19/'Weighting Factors'!$O$5 -> 0 | AN19: =CN19/'Weighting Factors'!$O$5 -> 0 | AO19: 159676 | AP19: =AO19/'Weighting Factors'!$O$5 -> 31.4 | AQ19: =IF(ISNA(VLOOKUP($CW19,'Audit Values'!$A:$BX,2,FALSE)),'Preliminary SO66'!X18,VLOOKUP($CW19,'Audit Values'!$A:$BX,48,FALSE)) -> 0 | AR19: =SUM(U19+V19+AA19+AC19+AF19+AI19+AL19+AM19+AP19+AQ19) -> 499.7 | AS19: =SUM(U19+V19+AA19+AC19+AF19+AI19+AL19+AM19+AN19+AQ19) -> 468.3 | AT19: =IF(ISNA(VLOOKUP($CW19,'Audit Values'!$A$2:$BX$410,2,FALSE)),'Preliminary SO66'!AA18,VLOOKUP($CW19,'Audit Values'!$A$2:$BX$410,41,FALSE)) -> 0 | AU19: =IF(ISNA(VLOOKUP($CW19,'Audit Values'!$A$2:$BX$410,2,FALSE)),'Preliminary SO66'!AB18,VLOOKUP($CW19,'Audit Values'!$A$2:$BX$410,42,FALSE)) -> 0 | AV19: 0 | AW19: 0 | AX19: =SUM(AT19*'Weighting Factors'!$R$10)+('2024 Legal Max'!AU19*'Weighting Factors'!$R$11)+('2024 Legal Max'!AV19*'Weighting Factors'!$R$12)+('2024 Legal Max'!AW19*'Weighting Factors'!$R$12) -> 0 | AY19: =IF(ISNA(VLOOKUP($CW19,'Audit Values'!$A$2:$BX$429,2,FALSE)),"",IF(AND('Weighting Factors'!G19>0,VLOOKUP($CW19,'Audit Values'!$A$2:$BX$429,51,FALSE)<'Weighting Factors'!G19),'Weighting Factors'!G19,VLOOKUP($CW19,'Audit Values'!$A$2:$BX$429,51,FALSE))) -> 6 | AZ19: =IF(ISNA(VLOOKUP($CW19,'Audit Values'!$A:$BY,2,FALSE)),"",VLOOKUP($CW19,'Audit Values'!$A:$BY,52,FALSE)) -> A | BA19: =IF('Weighting Factors'!F19="","",IF('Weighting Factors'!H19="Pending","PX","R")) | BB19: =SUM((U19+V19+AA19+AC19+AF19+AI19+AL19+AM19+AQ19+AN19)*'Weighting Factors'!$O$5)+'2024 Legal Max'!AX19 -> 2382710 | BC19: =SUM((AR19+AN19)*'Weighting Factors'!$O$5)+AX19 -> 2542474 | BD19: =IF('Weighting Factors'!F19>0,'Weighting Factors'!F19,'Preliminary SO66'!AV18) -> 2694605 | BE19: =MIN(BC19,BD19) -> 2542474 | BF19: ='Weighting Factors'!E19 -> 0 | BG19: =Transportation!G19 -> 0 | BH19: =IF(ISNA(VLOOKUP($CW19,'Audit Values'!$A:$BW,2,FALSE)), 0, VLOOKUP($CW19,'Audit Values'!$A:$BW,75,FALSE)) -> 0 | BI19: =SUM(BF19:BH19) -> 0 | BJ19: =BE19+BI19 -> 2542474 | BK19: =SUM((U19+V19+AA19+AC19+AF19+AI19+AL19+AM19+AN19)*'Weighting Factors'!O$12)+(MAX(AO19,'Weighting Factors'!B19)) -> 2581342 | BL19: ='LOB%'!F17 -> 0.316 | BM19: =BK19*BL19 -> 815704 | BN19: 818745 | BO19: =MIN(BM19,BN19) -> 815704 | BP19: =BO19/BK19 -> 0.316 | BQ19: =ROUND(IF(U19<=99.9,(U19*1.014331),0),1) -> 0 | BR19: =AND(U19>99.9,U19<=299.9) -> TRUE | BS19: =IF(BR19=TRUE,ROUND((U19-100)*9.655,3),0) -> 1342.045 | BT19: =IF(BR19=TRUE,ROUND(((7337-BS19)/3642.4)-1,6),0) -> 0.64588 | BU19: =ROUND(BT19*U19,1) -> 154.4 | BV19: =AND(U19>299.9,U19<=1621.9) -> FALSE | BW19: =IF(BV19=TRUE,ROUND((U19-300)*1.2375,4),0) -> 0 | BX19: =IF(BV19=TRUE,ROUND(((5406-BW19)/3642.4)-1,6),0) -> 0 | BY19: =ROUND(BX19*U19,1) -> 0 | BZ19: =ROUND(IF(U19>=1622,(U19*0.03504),0),1) -> 0 | CA19: 780 | CB19: =AJ19/CA19 -> 0.068 | CC19: =IF(CB19<0.06,1,IF(CB19>=18.29,52,MATCH(CB19-0.001,'Weighting Factors'!$W$5:$W$156)+1)) -> 2 | CD19: =VLOOKUP(CC19, 'Weighting Factors'!$U$5:$X$56,4) -> 1580 | CE19: =('Weighting Factors'!$O$5/'Weighting Factors'!$O$14) -> 1.2216 | CF19: =AJ19*CD19 -> 83740 | CG19: =CF19*'Weighting Factors'!$Q$7 -> 83740 | CH19: =CG19*CE19 -> 102297 | CI19: =AK19/'Weighting Factors'!$O$5 -> 20.1 | CJ19: 0 | CK19: 0 | CL19: 0 | CM19: =SUM((AR19*'Weighting Factors'!$O$5)+'2024 Legal Max'!AX19)*CL19 -> 0 | CN19: =IF(CK19>CM19,CM19,CK19) -> 0 | CO19: =AE19/AD19 -> 0.3391 | CP19: =IF(CO19>=50%,AE19*10.5%,0) -> 0 | CQ19: =IF(AND(CO19>35%,CO19<50%),AE19*(CO19-35%)*0.7,0) -> 0 | CR19: =AS19+AP19 -> 499.7 | CS19: ='Required Transfers'!L19 -> 62646 | CT19: ='Required Transfers'!O19 -> 13949 | CU19: ='Required Transfers'!H19 -> 194362 | CV19: =SUM(R19+T19+AT19+AU19+AV19/6+AW19/6) -> 225.9 | CW19: D0200
A20: 202 | B20: Wyandotte | C20: Turner-Kansas City | D20: 3681.8 | F20: 0 | G20: =SUM(D20-E20+F20) -> 3681.8 | H20: 3698.6 | I20: 6 | J20: 0 | K20: =SUM(H20-I20+J20) -> 3692.6 | L20: 3617.6 | N20: 0 | O20: =SUM(L20-M20+N20) -> 3617.6 | P20: =IF(ISNA(VLOOKUP($CW20,'Audit Values'!$A:$BZ,2,FALSE)),'Preliminary SO66'!C19,VLOOKUP($CW20,'Audit Values'!$A:$BZ,76,FALSE)) -> 3616.5 | Q20: =IF(ISNA(VLOOKUP($CW20,'Audit Values'!$A:$BZ,2,FALSE)),'Preliminary SO66'!F19,VLOOKUP($CW20,'Audit Values'!$A:$BZ,4,FALSE)) -> 0 | R20: =SUM(P20+Q20) -> 3616.5 | S20: =IF('Military Provision'!I20="YES", MAX('2024 Legal Max'!O20,'2024 Legal Max'!K20,AVERAGE('2024 Legal Max'!G20,'2024 Legal Max'!K20,'2024 Legal Max'!O20)), MAX(O20, K20)) -> 3692.6 | T20: =IF(ISNA(VLOOKUP($CW20,'Audit Values'!$A:$BX,2,FALSE)),'Preliminary SO66'!AL19,VLOOKUP($CW20,'Audit Values'!$A:$BX,59,FALSE)) -> 78.5 | U20: =S20+T20 -> 3771.1 | V20: ='Low-High ENRL- 2023 HSubSB 113'!N23 -> 132.1 | W20: =IF(ISNA(VLOOKUP($CW20,'Audit Values'!$A:$BZ,2,FALSE)),'Preliminary SO66'!AM19,VLOOKUP($CW20,'Audit Values'!$A:$BZ,63,FALSE)) -> 1916.1 | X20: =(W20/6)*'Weighting Factors'!$O$7 -> 126.1 | Y20: =IF(ISNA(VLOOKUP($CW20,'Audit Values'!$A:$BZ,2,FALSE)),'Preliminary SO66'!AN19,VLOOKUP($CW20,'Audit Values'!$A:$BZ,62,FALSE)) -> 691 | Z20: =Y20*'Weighting Factors'!$O$8 -> 127.8 | AA20: =MAX(X20,Z20) -> 127.8 | AB20: =IF(ISNA(VLOOKUP($CW20,'Audit Values'!$A:$BZ,2,FALSE)),'Preliminary SO66'!AO19,VLOOKUP($CW20,'Audit Values'!$A:$BZ,61,FALSE)) -> 1154.2 | AC20: =AB20/6*'Weighting Factors'!$O$6 -> 96.2 | AD20: =IF(ISNA(VLOOKUP($CW20,'Audit Values'!$A:$BX,2,FALSE)),'Preliminary SO66'!AS19,VLOOKUP($CW20,'Audit Values'!$A:$BX,64,FALSE)) -> 3791 | AE20: =IF(ISNA(VLOOKUP($CW20,'Audit Values'!$A:$BX,2,FALSE)),'Preliminary SO66'!AP19,VLOOKUP($CW20,'Audit Values'!$A:$BX,65,FALSE)) -> 2683 | AF20: =IF(A20=207, AE20,(AE20))*'Weighting Factors'!$O$9 -> 1298.6 | AG20: =MAX(CP20,CQ20) -> 281.7 | AH20: =IF(ISNA(VLOOKUP($CW20,'Audit Values'!$A:$BZ,2,FALSE)),'Preliminary SO66'!AG19,VLOOKUP($CW20,'Audit Values'!$A:$BZ,71,FALSE)) -> 281.7 | AI20: =MAX(AG20, AH20) -> 281.7 | AJ20: =IF(ISNA(VLOOKUP($CW20,'Audit Values'!$A:$BX,2,FALSE)),'Preliminary SO66'!AR19,VLOOKUP($CW20,'Audit Values'!$A:$BX,66,FALSE)) -> 1226 | AK20: =CH20 -> 823725 | AL20: =AK20/'Weighting Factors'!$O$5 -> 161.9 | AM20: =CJ20/'Weighting Factors'!$O$5 -> 0 | AN20: =CN20/'Weighting Factors'!$O$5 -> 0 | AO20: 3251883 | AP20: =AO20/'Weighting Factors'!$O$5 -> 639.1 | AQ20: =IF(ISNA(VLOOKUP($CW20,'Audit Values'!$A:$BX,2,FALSE)),'Preliminary SO66'!X19,VLOOKUP($CW20,'Audit Values'!$A:$BX,48,FALSE)) -> 1 | AR20: =SUM(U20+V20+AA20+AC20+AF20+AI20+AL20+AM20+AP20+AQ20) -> 6509.5 | AS20: =SUM(U20+V20+AA20+AC20+AF20+AI20+AL20+AM20+AN20+AQ20) -> 5870.4 | AT20: =IF(ISNA(VLOOKUP($CW20,'Audit Values'!$A$2:$BX$410,2,FALSE)),'Preliminary SO66'!AA19,VLOOKUP($CW20,'Audit Values'!$A$2:$BX$410,41,FALSE)) -> 14 | AU20: =IF(ISNA(VLOOKUP($CW20,'Audit Values'!$A$2:$BX$410,2,FALSE)),'Preliminary SO66'!AB19,VLOOKUP($CW20,'Audit Values'!$A$2:$BX$410,42,FALSE)) -> 2 | AV20: 54.5 | AW20: 0 | AX20: =SUM(AT20*'Weighting Factors'!$R$10)+('2024 Legal Max'!AU20*'Weighting Factors'!$R$11)+('2024 Legal Max'!AV20*'Weighting Factors'!$R$12)+('2024 Legal Max'!AW20*'Weighting Factors'!$R$12) -> 122641 | AY20: =IF(ISNA(VLOOKUP($CW20,'Audit Values'!$A$2:$BX$429,2,FALSE)),"",IF(AND('Weighting Factors'!G20>0,VLOOKUP($CW20,'Audit Values'!$A$2:$BX$429,51,FALSE)<'Weighting Factors'!G20),'Weighting Factors'!G20,VLOOKUP($CW20,'Audit Values'!$A$2:$BX$429,51,FALSE))) -> 25 | AZ20: =IF(ISNA(VLOOKUP($CW20,'Audit Values'!$A:$BY,2,FALSE)),"",VLOOKUP($CW20,'Audit Values'!$A:$BY,52,FALSE)) -> A | BA20: =IF('Weighting Factors'!F20="","",IF('Weighting Factors'!H20="Pending","PX","R")) | BB20: =SUM((U20+V20+AA20+AC20+AF20+AI20+AL20+AM20+AQ20+AN20)*'Weighting Factors'!$O$5)+'2024 Legal Max'!AX20 -> 29991236 | BC20: =SUM((AR20+AN20)*'Weighting Factors'!$O$5)+AX20 -> 33242977 | BD20: =IF('Weighting Factors'!F20>0,'Weighting Factors'!F20,'Preliminary SO66'!AV19) -> 33379249 | BE20: =MIN(BC20,BD20) -> 33242977 | BF20: ='Weighting Factors'!E20 -> 0 | BG20: =Transportation!G20 -> 0 | BH20: =IF(ISNA(VLOOKUP($CW20,'Audit Values'!$A:$BW,2,FALSE)), 0, VLOOKUP($CW20,'Audit Values'!$A:$BW,75,FALSE)) -> -1120 | BI20: =SUM(BF20:BH20) -> -1120 | BJ20: =BE20+BI20 -> 33241857 | BK20: =SUM((U20+V20+AA20+AC20+AF20+AI20+AL20+AM20+AN20)*'Weighting Factors'!O$12)+(MAX(AO20,'Weighting Factors'!B20)) -> 33526248 | BL20: ='LOB%'!F18 -> 0.316 | BM20: =BK20*BL20 -> 10594294 | BN20: 10430113 | BO20: =MIN(BM20,BN20) -> 10430113 | BP20: =BO20/BK20 -> 0.3111 | BQ20: =ROUND(IF(U20<=99.9,(U20*1.014331),0),1) -> 0 | BR20: =AND(U20>99.9,U20<=299.9) -> FALSE | BS20: =IF(BR20=TRUE,ROUND((U20-100)*9.655,3),0) -> 0 | BT20: =IF(BR20=TRUE,ROUND(((7337-BS20)/3642.4)-1,6),0) -> 0 | BU20: =ROUND(BT20*U20,1) -> 0 | BV20: =AND(U20>299.9,U20<=1621.9) -> FALSE | BW20: =IF(BV20=TRUE,ROUND((U20-300)*1.2375,4),0) -> 0 | BX20: =IF(BV20=TRUE,ROUND(((5406-BW20)/3642.4)-1,6),0) -> 0 | BY20: =ROUND(BX20*U20,1) -> 0 | BZ20: =ROUND(IF(U20>=1622,(U20*0.03504),0),1) -> 132.1 | CA20: 17 | CB20: =AJ20/CA20 -> 72.118 | CC20: =IF(CB20<0.06,1,IF(CB20>=18.29,52,MATCH(CB20-0.001,'Weighting Factors'!$W$5:$W$156)+1)) -> 52 | CD20: =VLOOKUP(CC20, 'Weighting Factors'!$U$5:$X$56,4) -> 550 | CE20: =('Weighting Factors'!$O$5/'Weighting Factors'!$O$14) -> 1.2216 | CF20: =AJ20*CD20 -> 674300 | CG20: =CF20*'Weighting Factors'!$Q$7 -> 674300 | CH20: =CG20*CE20 -> 823725 | CI20: =AK20/'Weighting Factors'!$O$5 -> 161.9 | CJ20: 0 | CK20: 0 | CL20: 0 | CM20: =SUM((AR20*'Weighting Factors'!$O$5)+'2024 Legal Max'!AX20)*CL20 -> 0 | CN20: =IF(CK20>CM20,CM20,CK20) -> 0 | CO20: =AE20/AD20 -> 0.7077 | CP20: =IF(CO20>=50%,AE20*10.5%,0) -> 281.7 | CQ20: =IF(AND(CO20>35%,CO20<50%),AE20*(CO20-35%)*0.7,0) -> 0 | CR20: =AS20+AP20 -> 6509.5 | CS20: ='Required Transfers'!L20 -> 2106883 | CT20: ='Required Transfers'!O20 -> 207559 | CU20: ='Required Transfers'!H20 -> 8040566 | CV20: =SUM(R20+T20+AT20+AU20+AV20/6+AW20/6) -> 3720.1 | CW20: D0202
A21: 203 | B21: Wyandotte | C21: Piper-Kansas City | D21: 2465.2 | F21: 0 | G21: =SUM(D21-E21+F21) -> 2465.2 | H21: 2498.5 | I21: 4 | J21: 0 | K21: =SUM(H21-I21+J21) -> 2494.5 | L21: 2638 | N21: 0 | O21: =SUM(L21-M21+N21) -> 2638 | P21: =IF(ISNA(VLOOKUP($CW21,'Audit Values'!$A:$BZ,2,FALSE)),'Preliminary SO66'!C20,VLOOKUP($CW21,'Audit Values'!$A:$BZ,76,FALSE)) -> 2651.9 | Q21: =IF(ISNA(VLOOKUP($CW21,'Audit Values'!$A:$BZ,2,FALSE)),'Preliminary SO66'!F20,VLOOKUP($CW21,'Audit Values'!$A:$BZ,4,FALSE)) -> 0 | R21: =SUM(P21+Q21) -> 2651.9 | S21: =IF('Military Provision'!I21="YES", MAX('2024 Legal Max'!O21,'2024 Legal Max'!K21,AVERAGE('2024 Legal Max'!G21,'2024 Legal Max'!K21,'2024 Legal Max'!O21)), MAX(O21, K21)) -> 2638 | T21: =IF(ISNA(VLOOKUP($CW21,'Audit Values'!$A:$BX,2,FALSE)),'Preliminary SO66'!AL20,VLOOKUP($CW21,'Audit Values'!$A:$BX,59,FALSE)) -> 20.5 | U21: =S21+T21 -> 2658.5 | V21: ='Low-High ENRL- 2023 HSubSB 113'!N24 -> 93.2 | W21: =IF(ISNA(VLOOKUP($CW21,'Audit Values'!$A:$BZ,2,FALSE)),'Preliminary SO66'!AM20,VLOOKUP($CW21,'Audit Values'!$A:$BZ,63,FALSE)) -> 584.3 | X21: =(W21/6)*'Weighting Factors'!$O$7 -> 38.5 | Y21: =IF(ISNA(VLOOKUP($CW21,'Audit Values'!$A:$BZ,2,FALSE)),'Preliminary SO66'!AN20,VLOOKUP($CW21,'Audit Values'!$A:$BZ,62,FALSE)) -> 208 | Z21: =Y21*'Weighting Factors'!$O$8 -> 38.5 | AA21: =MAX(X21,Z21) -> 38.5 | AB21: =IF(ISNA(VLOOKUP($CW21,'Audit Values'!$A:$BZ,2,FALSE)),'Preliminary SO66'!AO20,VLOOKUP($CW21,'Audit Values'!$A:$BZ,61,FALSE)) -> 801.8 | AC21: =AB21/6*'Weighting Factors'!$O$6 -> 66.8 | AD21: =IF(ISNA(VLOOKUP($CW21,'Audit Values'!$A:$BX,2,FALSE)),'Preliminary SO66'!AS20,VLOOKUP($CW21,'Audit Values'!$A:$BX,64,FALSE)) -> 2705 | AE21: =IF(ISNA(VLOOKUP($CW21,'Audit Values'!$A:$BX,2,FALSE)),'Preliminary SO66'!AP20,VLOOKUP($CW21,'Audit Values'!$A:$BX,65,FALSE)) -> 598 | AF21: =IF(A21=207, AE21,(AE21))*'Weighting Factors'!$O$9 -> 289.4 | AG21: =MAX(CP21,CQ21) -> 0 | AH21: =IF(ISNA(VLOOKUP($CW21,'Audit Values'!$A:$BZ,2,FALSE)),'Preliminary SO66'!AG20,VLOOKUP($CW21,'Audit Values'!$A:$BZ,71,FALSE)) -> 0 | AI21: =MAX(AG21, AH21) -> 0 | AJ21: =IF(ISNA(VLOOKUP($CW21,'Audit Values'!$A:$BX,2,FALSE)),'Preliminary SO66'!AR20,VLOOKUP($CW21,'Audit Values'!$A:$BX,66,FALSE)) -> 1283 | AK21: =CH21 -> 862022 | AL21: =AK21/'Weighting Factors'!$O$5 -> 169.4 | AM21: =CJ21/'Weighting Factors'!$O$5 -> 0 | AN21: =CN21/'Weighting Factors'!$O$5 -> 125.7 | AO21: 3395297 | AP21: =AO21/'Weighting Factors'!$O$5 -> 667.3 | AQ21: =IF(ISNA(VLOOKUP($CW21,'Audit Values'!$A:$BX,2,FALSE)),'Preliminary SO66'!X20,VLOOKUP($CW21,'Audit Values'!$A:$BX,48,FALSE)) -> 0 | AR21: =SUM(U21+V21+AA21+AC21+AF21+AI21+AL21+AM21+AP21+AQ21) -> 3983.1 | AS21: =SUM(U21+V21+AA21+AC21+AF21+AI21+AL21+AM21+AN21+AQ21) -> 3441.5 | AT21: =IF(ISNA(VLOOKUP($CW21,'Audit Values'!$A$2:$BX$410,2,FALSE)),'Preliminary SO66'!AA20,VLOOKUP($CW21,'Audit Values'!$A$2:$BX$410,41,FALSE)) -> 13 | AU21: =IF(ISNA(VLOOKUP($CW21,'Audit Values'!$A$2:$BX$410,2,FALSE)),'Preliminary SO66'!AB20,VLOOKUP($CW21,'Audit Values'!$A$2:$BX$410,42,FALSE)) -> 0 | AV21: 0 | AW21: 0.5 | AX21: =SUM(AT21*'Weighting Factors'!$R$10)+('2024 Legal Max'!AU21*'Weighting Factors'!$R$11)+('2024 Legal Max'!AV21*'Weighting Factors'!$R$12)+('2024 Legal Max'!AW21*'Weighting Factors'!$R$12) -> 73155 | AY21: =IF(ISNA(VLOOKUP($CW21,'Audit Values'!$A$2:$BX$429,2,FALSE)),"",IF(AND('Weighting Factors'!G21>0,VLOOKUP($CW21,'Audit Values'!$A$2:$BX$429,51,FALSE)<'Weighting Factors'!G21),'Weighting Factors'!G21,VLOOKUP($CW21,'Audit Values'!$A$2:$BX$429,51,FALSE))) -> 8 | AZ21: =IF(ISNA(VLOOKUP($CW21,'Audit Values'!$A:$BY,2,FALSE)),"",VLOOKUP($CW21,'Audit Values'!$A:$BY,52,FALSE)) -> A | BA21: =IF('Weighting Factors'!F21="","",IF('Weighting Factors'!H21="Pending","PX","R")) | BB21: =SUM((U21+V21+AA21+AC21+AF21+AI21+AL21+AM21+AQ21+AN21)*'Weighting Factors'!$O$5)+'2024 Legal Max'!AX21 -> 17583507 | BC21: =SUM((AR21+AN21)*'Weighting Factors'!$O$5)+AX21 -> 20978729 | BD21: =IF('Weighting Factors'!F21>0,'Weighting Factors'!F21,'Preliminary SO66'!AV20) -> 21858623 | BE21: =MIN(BC21,BD21) -> 20978729 | BF21: ='Weighting Factors'!E21 -> 0 | BG21: =Transportation!G21 -> 0 | BH21: =IF(ISNA(VLOOKUP($CW21,'Audit Values'!$A:$BW,2,FALSE)), 0, VLOOKUP($CW21,'Audit Values'!$A:$BW,75,FALSE)) -> -16091 | BI21: =SUM(BF21:BH21) -> -16091 | BJ21: =BE21+BI21 -> 20962638 | BK21: =SUM((U21+V21+AA21+AC21+AF21+AI21+AL21+AM21+AN21)*'Weighting Factors'!O$12)+(MAX(AO21,'Weighting Factors'!B21)) -> 21146554 | BL21: ='LOB%'!F19 -> 0.33 | BM21: =BK21*BL21 -> 6978363 | BN21: 7234017 | BO21: =MIN(BM21,BN21) -> 6978363 | BP21: =BO21/BK21 -> 0.33 | BQ21: =ROUND(IF(U21<=99.9,(U21*1.014331),0),1) -> 0 | BR21: =AND(U21>99.9,U21<=299.9) -> FALSE | BS21: =IF(BR21=TRUE,ROUND((U21-100)*9.655,3),0) -> 0 | BT21: =IF(BR21=TRUE,ROUND(((7337-BS21)/3642.4)-1,6),0) -> 0 | BU21: =ROUND(BT21*U21,1) -> 0 | BV21: =AND(U21>299.9,U21<=1621.9) -> FALSE | BW21: =IF(BV21=TRUE,ROUND((U21-300)*1.2375,4),0) -> 0 | BX21: =IF(BV21=TRUE,ROUND(((5406-BW21)/3642.4)-1,6),0) -> 0 | BY21: =ROUND(BX21*U21,1) -> 0 | BZ21: =ROUND(IF(U21>=1622,(U21*0.03504),0),1) -> 93.2 | CA21: 31.4 | CB21: =AJ21/CA21 -> 40.86 | CC21: =IF(CB21<0.06,1,IF(CB21>=18.29,52,MATCH(CB21-0.001,'Weighting Factors'!$W$5:$W$156)+1)) -> 52 | CD21: =VLOOKUP(CC21, 'Weighting Factors'!$U$5:$X$56,4) -> 550 | CE21: =('Weighting Factors'!$O$5/'Weighting Factors'!$O$14) -> 1.2216 | CF21: =AJ21*CD21 -> 705650 | CG21: =CF21*'Weighting Factors'!$Q$7 -> 705650 | CH21: =CG21*CE21 -> 862022 | CI21: =AK21/'Weighting Factors'!$O$5 -> 169.4 | CJ21: 0 | CK21: 639500 | CL21: 0.0459 | CM21: =SUM((AR21*'Weighting Factors'!$O$5)+'2024 Legal Max'!AX21)*CL21 -> 933568 | CN21: =IF(CK21>CM21,CM21,CK21) -> 639500 | CO21: =AE21/AD21 -> 0.2211 | CP21: =IF(CO21>=50%,AE21*10.5%,0) -> 0 | CQ21: =IF(AND(CO21>35%,CO21<50%),AE21*(CO21-35%)*0.7,0) -> 0 | CR21: =AS21+AP21 -> 4108.8 | CS21: ='Required Transfers'!L21 -> 494068 | CT21: ='Required Transfers'!O21 -> 65597 | CU21: ='Required Transfers'!H21 -> 1472467 | CV21: =SUM(R21+T21+AT21+AU21+AV21/6+AW21/6) -> 2685.5 | CW21: D0203
A22: 204 | B22: Wyandotte | C22: Bonner Springs | D22: 2515.9 | F22: 0 | G22: =SUM(D22-E22+F22) -> 2515.9 | H22: 2406 | J22: 0 | K22: =SUM(H22-I22+J22) -> 2406 | L22: 2346 | N22: 0 | O22: =SUM(L22-M22+N22) -> 2346 | P22: =IF(ISNA(VLOOKUP($CW22,'Audit Values'!$A:$BZ,2,FALSE)),'Preliminary SO66'!C21,VLOOKUP($CW22,'Audit Values'!$A:$BZ,76,FALSE)) -> 2383.4 | Q22: =IF(ISNA(VLOOKUP($CW22,'Audit Values'!$A:$BZ,2,FALSE)),'Preliminary SO66'!F21,VLOOKUP($CW22,'Audit Values'!$A:$BZ,4,FALSE)) -> 0 | R22: =SUM(P22+Q22) -> 2383.4 | S22: =IF('Military Provision'!I22="YES", MAX('2024 Legal Max'!O22,'2024 Legal Max'!K22,AVERAGE('2024 Legal Max'!G22,'2024 Legal Max'!K22,'2024 Legal Max'!O22)), MAX(O22, K22)) -> 2406 | T22: =IF(ISNA(VLOOKUP($CW22,'Audit Values'!$A:$BX,2,FALSE)),'Preliminary SO66'!AL21,VLOOKUP($CW22,'Audit Values'!$A:$BX,59,FALSE)) -> 15.5 | U22: =S22+T22 -> 2421.5 | V22: ='Low-High ENRL- 2023 HSubSB 113'!N25 -> 84.8 | W22: =IF(ISNA(VLOOKUP($CW22,'Audit Values'!$A:$BZ,2,FALSE)),'Preliminary SO66'!AM21,VLOOKUP($CW22,'Audit Values'!$A:$BZ,63,FALSE)) -> 311.7 | X22: =(W22/6)*'Weighting Factors'!$O$7 -> 20.5 | Y22: =IF(ISNA(VLOOKUP($CW22,'Audit Values'!$A:$BZ,2,FALSE)),'Preliminary SO66'!AN21,VLOOKUP($CW22,'Audit Values'!$A:$BZ,62,FALSE)) -> 154 | Z22: =Y22*'Weighting Factors'!$O$8 -> 28.5 | AA22: =MAX(X22,Z22) -> 28.5 | AB22: =IF(ISNA(VLOOKUP($CW22,'Audit Values'!$A:$BZ,2,FALSE)),'Preliminary SO66'!AO21,VLOOKUP($CW22,'Audit Values'!$A:$BZ,61,FALSE)) -> 794.3 | AC22: =AB22/6*'Weighting Factors'!$O$6 -> 66.2 | AD22: =IF(ISNA(VLOOKUP($CW22,'Audit Values'!$A:$BX,2,FALSE)),'Preliminary SO66'!AS21,VLOOKUP($CW22,'Audit Values'!$A:$BX,64,FALSE)) -> 2432 | AE22: =IF(ISNA(VLOOKUP($CW22,'Audit Values'!$A:$BX,2,FALSE)),'Preliminary SO66'!AP21,VLOOKUP($CW22,'Audit Values'!$A:$BX,65,FALSE)) -> 1190 | AF22: =IF(A22=207, AE22,(AE22))*'Weighting Factors'!$O$9 -> 576 | AG22: =MAX(CP22,CQ22) -> 116 | AH22: =IF(ISNA(VLOOKUP($CW22,'Audit Values'!$A:$BZ,2,FALSE)),'Preliminary SO66'!AG21,VLOOKUP($CW22,'Audit Values'!$A:$BZ,71,FALSE)) -> 102.5 | AI22: =MAX(AG22, AH22) -> 116 | AJ22: =IF(ISNA(VLOOKUP($CW22,'Audit Values'!$A:$BX,2,FALSE)),'Preliminary SO66'!AR21,VLOOKUP($CW22,'Audit Values'!$A:$BX,66,FALSE)) -> 540 | AK22: =CH22 -> 389202 | AL22: =AK22/'Weighting Factors'!$O$5 -> 76.5 | AM22: =CJ22/'Weighting Factors'!$O$5 -> 0 | AN22: =CN22/'Weighting Factors'!$O$5 -> 0 | AO22: 3163684 | AP22: =AO22/'Weighting Factors'!$O$5 -> 621.8 | AQ22: =IF(ISNA(VLOOKUP($CW22,'Audit Values'!$A:$BX,2,FALSE)),'Preliminary SO66'!X21,VLOOKUP($CW22,'Audit Values'!$A:$BX,48,FALSE)) -> 0 | AR22: =SUM(U22+V22+AA22+AC22+AF22+AI22+AL22+AM22+AP22+AQ22) -> 3991.3 | AS22: =SUM(U22+V22+AA22+AC22+AF22+AI22+AL22+AM22+AN22+AQ22) -> 3369.5 | AT22: =IF(ISNA(VLOOKUP($CW22,'Audit Values'!$A$2:$BX$410,2,FALSE)),'Preliminary SO66'!AA21,VLOOKUP($CW22,'Audit Values'!$A$2:$BX$410,41,FALSE)) -> 43 | AU22: =IF(ISNA(VLOOKUP($CW22,'Audit Values'!$A$2:$BX$410,2,FALSE)),'Preliminary SO66'!AB21,VLOOKUP($CW22,'Audit Values'!$A$2:$BX$410,42,FALSE)) -> 5.8 | AV22: 12 | AW22: 0 | AX22: =SUM(AT22*'Weighting Factors'!$R$10)+('2024 Legal Max'!AU22*'Weighting Factors'!$R$11)+('2024 Legal Max'!AV22*'Weighting Factors'!$R$12)+('2024 Legal Max'!AW22*'Weighting Factors'!$R$12) -> 265548 | AY22: =IF(ISNA(VLOOKUP($CW22,'Audit Values'!$A$2:$BX$429,2,FALSE)),"",IF(AND('Weighting Factors'!G22>0,VLOOKUP($CW22,'Audit Values'!$A$2:$BX$429,51,FALSE)<'Weighting Factors'!G22),'Weighting Factors'!G22,VLOOKUP($CW22,'Audit Values'!$A$2:$BX$429,51,FALSE))) -> 14 | AZ22: =IF(ISNA(VLOOKUP($CW22,'Audit Values'!$A:$BY,2,FALSE)),"",VLOOKUP($CW22,'Audit Values'!$A:$BY,52,FALSE)) -> A | BA22: =IF('Weighting Factors'!F22="","",IF('Weighting Factors'!H22="Pending","PX","R")) -> R | BB22: =SUM((U22+V22+AA22+AC22+AF22+AI22+AL22+AM22+AQ22+AN22)*'Weighting Factors'!$O$5)+'2024 Legal Max'!AX22 -> 17409564 | BC22: =SUM((AR22+AN22)*'Weighting Factors'!$O$5)+AX22 -> 20573282 | BD22: =IF('Weighting Factors'!F22>0,'Weighting Factors'!F22,'Preliminary SO66'!AV21) -> 21117079 | BE22: =MIN(BC22,BD22) -> 20573282 | BF22: ='Weighting Factors'!E22 -> 0 | BG22: =Transportation!G22 -> 0 | BH22: =IF(ISNA(VLOOKUP($CW22,'Audit Values'!$A:$BW,2,FALSE)), 0, VLOOKUP($CW22,'Audit Values'!$A:$BW,75,FALSE)) -> -8082 | BI22: =SUM(BF22:BH22) -> -8082 | BJ22: =BE22+BI22 -> 20565200 | BK22: =SUM((U22+V22+AA22+AC22+AF22+AI22+AL22+AM22+AN22)*'Weighting Factors'!O$12)+(MAX(AO22,'Weighting Factors'!B22)) -> 20543565 | BL22: ='LOB%'!F20 -> 0.33 | BM22: =BK22*BL22 -> 6779376 | BN22: 6757530 | BO22: =MIN(BM22,BN22) -> 6757530 | BP22: =BO22/BK22 -> 0.3289 | BQ22: =ROUND(IF(U22<=99.9,(U22*1.014331),0),1) -> 0 | BR22: =AND(U22>99.9,U22<=299.9) -> FALSE | BS22: =IF(BR22=TRUE,ROUND((U22-100)*9.655,3),0) -> 0 | BT22: =IF(BR22=TRUE,ROUND(((7337-BS22)/3642.4)-1,6),0) -> 0 | BU22: =ROUND(BT22*U22,1) -> 0 | BV22: =AND(U22>299.9,U22<=1621.9) -> FALSE | BW22: =IF(BV22=TRUE,ROUND((U22-300)*1.2375,4),0) -> 0 | BX22: =IF(BV22=TRUE,ROUND(((5406-BW22)/3642.4)-1,6),0) -> 0 | BY22: =ROUND(BX22*U22,1) -> 0 | BZ22: =ROUND(IF(U22>=1622,(U22*0.03504),0),1) -> 84.8 | CA22: 38 | CB22: =AJ22/CA22 -> 14.211 | CC22: =IF(CB22<0.06,1,IF(CB22>=18.29,52,MATCH(CB22-0.001,'Weighting Factors'!$W$5:$W$156)+1)) -> 50 | CD22: =VLOOKUP(CC22, 'Weighting Factors'!$U$5:$X$56,4) -> 590 | CE22: =('Weighting Factors'!$O$5/'Weighting Factors'!$O$14) -> 1.2216 | CF22: =AJ22*CD22 -> 318600 | CG22: =CF22*'Weighting Factors'!$Q$7 -> 318600 | CH22: =CG22*CE22 -> 389202 | CI22: =AK22/'Weighting Factors'!$O$5 -> 76.5 | CJ22: 0 | CK22: 0 | CL22: 0.0049 | CM22: =SUM((AR22*'Weighting Factors'!$O$5)+'2024 Legal Max'!AX22)*CL22 -> 100809 | CN22: =IF(CK22>CM22,CM22,CK22) -> 0 | CO22: =AE22/AD22 -> 0.4893 | CP22: =IF(CO22>=50%,AE22*10.5%,0) -> 0 | CQ22: =IF(AND(CO22>35%,CO22<50%),AE22*(CO22-35%)*0.7,0) -> 116 | CR22: =AS22+AP22 -> 3991.3 | CS22: ='Required Transfers'!L22 -> 979166 | CT22: ='Required Transfers'!O22 -> 48654 | CU22: ='Required Transfers'!H22 -> 3520896 | CV22: =SUM(R22+T22+AT22+AU22+AV22/6+AW22/6) -> 2449.7 | CW22: D0204
A23: 205 | B23: Butler | C23: Bluestem | D23: 476.6 | F23: 0 | G23: =SUM(D23-E23+F23) -> 476.6 | H23: 505 | J23: 0 | K23: =SUM(H23-I23+J23) -> 505 | L23: 500.6 | N23: 0 | O23: =SUM(L23-M23+N23) -> 500.6 | P23: =IF(ISNA(VLOOKUP($CW23,'Audit Values'!$A:$BZ,2,FALSE)),'Preliminary SO66'!C22,VLOOKUP($CW23,'Audit Values'!$A:$BZ,76,FALSE)) -> 492.9 | Q23: =IF(ISNA(VLOOKUP($CW23,'Audit Values'!$A:$BZ,2,FALSE)),'Preliminary SO66'!F22,VLOOKUP($CW23,'Audit Values'!$A:$BZ,4,FALSE)) -> 0 | R23: =SUM(P23+Q23) -> 492.9 | S23: =IF('Military Provision'!I23="YES", MAX('2024 Legal Max'!O23,'2024 Legal Max'!K23,AVERAGE('2024 Legal Max'!G23,'2024 Legal Max'!K23,'2024 Legal Max'!O23)), MAX(O23, K23)) -> 505 | T23: =IF(ISNA(VLOOKUP($CW23,'Audit Values'!$A:$BX,2,FALSE)),'Preliminary SO66'!AL22,VLOOKUP($CW23,'Audit Values'!$A:$BX,59,FALSE)) -> 9.5 | U23: =S23+T23 -> 514.5 | V23: ='Low-High ENRL- 2023 HSubSB 113'!N26 -> 211.6 | W23: =IF(ISNA(VLOOKUP($CW23,'Audit Values'!$A:$BZ,2,FALSE)),'Preliminary SO66'!AM22,VLOOKUP($CW23,'Audit Values'!$A:$BZ,63,FALSE)) -> 8 | X23: =(W23/6)*'Weighting Factors'!$O$7 -> 0.5 | Y23: =IF(ISNA(VLOOKUP($CW23,'Audit Values'!$A:$BZ,2,FALSE)),'Preliminary SO66'!AN22,VLOOKUP($CW23,'Audit Values'!$A:$BZ,62,FALSE)) -> 4 | Z23: =Y23*'Weighting Factors'!$O$8 -> 0.7 | AA23: =MAX(X23,Z23) -> 0.7 | AB23: =IF(ISNA(VLOOKUP($CW23,'Audit Values'!$A:$BZ,2,FALSE)),'Preliminary SO66'!AO22,VLOOKUP($CW23,'Audit Values'!$A:$BZ,61,FALSE)) -> 266 | AC23: =AB23/6*'Weighting Factors'!$O$6 -> 22.2 | AD23: =IF(ISNA(VLOOKUP($CW23,'Audit Values'!$A:$BX,2,FALSE)),'Preliminary SO66'!AS22,VLOOKUP($CW23,'Audit Values'!$A:$BX,64,FALSE)) -> 520 | AE23: =IF(ISNA(VLOOKUP($CW23,'Audit Values'!$A:$BX,2,FALSE)),'Preliminary SO66'!AP22,VLOOKUP($CW23,'Audit Values'!$A:$BX,65,FALSE)) -> 181 | AF23: =IF(A23=207, AE23,(AE23))*'Weighting Factors'!$O$9 -> 87.6 | AG23: =MAX(CP23,CQ23) -> 0 | AH23: =IF(ISNA(VLOOKUP($CW23,'Audit Values'!$A:$BZ,2,FALSE)),'Preliminary SO66'!AG22,VLOOKUP($CW23,'Audit Values'!$A:$BZ,71,FALSE)) -> 0.9 | AI23: =MAX(AG23, AH23) -> 0.9 | AJ23: =IF(ISNA(VLOOKUP($CW23,'Audit Values'!$A:$BX,2,FALSE)),'Preliminary SO66'!AR22,VLOOKUP($CW23,'Audit Values'!$A:$BX,66,FALSE)) -> 290 | AK23: =CH23 -> 350721 | AL23: =AK23/'Weighting Factors'!$O$5 -> 68.9 | AM23: =CJ23/'Weighting Factors'!$O$5 -> 0 | AN23: =CN23/'Weighting Factors'!$O$5 -> 0 | AO23: 559437 | AP23: =AO23/'Weighting Factors'!$O$5 -> 110 | AQ23: =IF(ISNA(VLOOKUP($CW23,'Audit Values'!$A:$BX,2,FALSE)),'Preliminary SO66'!X22,VLOOKUP($CW23,'Audit Values'!$A:$BX,48,FALSE)) -> 0 | AR23: =SUM(U23+V23+AA23+AC23+AF23+AI23+AL23+AM23+AP23+AQ23) -> 1016.4 | AS23: =SUM(U23+V23+AA23+AC23+AF23+AI23+AL23+AM23+AN23+AQ23) -> 906.4 | AT23: =IF(ISNA(VLOOKUP($CW23,'Audit Values'!$A$2:$BX$410,2,FALSE)),'Preliminary SO66'!AA22,VLOOKUP($CW23,'Audit Values'!$A$2:$BX$410,41,FALSE)) -> 0 | AU23: =IF(ISNA(VLOOKUP($CW23,'Audit Values'!$A$2:$BX$410,2,FALSE)),'Preliminary SO66'!AB22,VLOOKUP($CW23,'Audit Values'!$A$2:$BX$410,42,FALSE)) -> 0 | AV23: 0 | AW23: 0 | AX23: =SUM(AT23*'Weighting Factors'!$R$10)+('2024 Legal Max'!AU23*'Weighting Factors'!$R$11)+('2024 Legal Max'!AV23*'Weighting Factors'!$R$12)+('2024 Legal Max'!AW23*'Weighting Factors'!$R$12) -> 0 | AY23: =IF(ISNA(VLOOKUP($CW23,'Audit Values'!$A$2:$BX$429,2,FALSE)),"",IF(AND('Weighting Factors'!G23>0,VLOOKUP($CW23,'Audit Values'!$A$2:$BX$429,51,FALSE)<'Weighting Factors'!G23),'Weighting Factors'!G23,VLOOKUP($CW23,'Audit Values'!$A$2:$BX$429,51,FALSE))) -> 18 | AZ23: =IF(ISNA(VLOOKUP($CW23,'Audit Values'!$A:$BY,2,FALSE)),"",VLOOKUP($CW23,'Audit Values'!$A:$BY,52,FALSE)) -> A | BA23: =IF('Weighting Factors'!F23="","",IF('Weighting Factors'!H23="Pending","PX","R")) | BB23: =SUM((U23+V23+AA23+AC23+AF23+AI23+AL23+AM23+AQ23+AN23)*'Weighting Factors'!$O$5)+'2024 Legal Max'!AX23 -> 4611763 | BC23: =SUM((AR23+AN23)*'Weighting Factors'!$O$5)+AX23 -> 5171443 | BD23: =IF('Weighting Factors'!F23>0,'Weighting Factors'!F23,'Preliminary SO66'!AV22) -> 5360208 | BE23: =MIN(BC23,BD23) -> 5171443 | BF23: ='Weighting Factors'!E23 -> 0 | BG23: =Transportation!G23 -> 0 | BH23: =IF(ISNA(VLOOKUP($CW23,'Audit Values'!$A:$BW,2,FALSE)), 0, VLOOKUP($CW23,'Audit Values'!$A:$BW,75,FALSE)) -> 0 | BI23: =SUM(BF23:BH23) -> 0 | BJ23: =BE23+BI23 -> 5171443 | BK23: =SUM((U23+V23+AA23+AC23+AF23+AI23+AL23+AM23+AN23)*'Weighting Factors'!O$12)+(MAX(AO23,'Weighting Factors'!B23)) -> 5281685 | BL23: ='LOB%'!F21 -> 0.33 | BM23: =BK23*BL23 -> 1742956 | BN23: 1793850 | BO23: =MIN(BM23,BN23) -> 1742956 | BP23: =BO23/BK23 -> 0.33 | BQ23: =ROUND(IF(U23<=99.9,(U23*1.014331),0),1) -> 0 | BR23: =AND(U23>99.9,U23<=299.9) -> FALSE | BS23: =IF(BR23=TRUE,ROUND((U23-100)*9.655,3),0) -> 0 | BT23: =IF(BR23=TRUE,ROUND(((7337-BS23)/3642.4)-1,6),0) -> 0 | BU23: =ROUND(BT23*U23,1) -> 0 | BV23: =AND(U23>299.9,U23<=1621.9) -> TRUE | BW23: =IF(BV23=TRUE,ROUND((U23-300)*1.2375,4),0) -> 265.4438 | BX23: =IF(BV23=TRUE,ROUND(((5406-BW23)/3642.4)-1,6),0) -> 0.41131 | BY23: =ROUND(BX23*U23,1) -> 211.6 | BZ23: =ROUND(IF(U23>=1622,(U23*0.03504),0),1) -> 0 | CA23: 348.6 | CB23: =AJ23/CA23 -> 0.832 | CC23: =IF(CB23<0.06,1,IF(CB23>=18.29,52,MATCH(CB23-0.001,'Weighting Factors'!$W$5:$W$156)+1)) -> 30 | CD23: =VLOOKUP(CC23, 'Weighting Factors'!$U$5:$X$56,4) -> 990 | CE23: =('Weighting Factors'!$O$5/'Weighting Factors'!$O$14) -> 1.2216 | CF23: =AJ23*CD23 -> 287100 | CG23: =CF23*'Weighting Factors'!$Q$7 -> 287100 | CH23: =CG23*CE23 -> 350721 | CI23: =AK23/'Weighting Factors'!$O$5 -> 68.9 | CJ23: 0 | CK23: 0 | CL23: 0 | CM23: =SUM((AR23*'Weighting Factors'!$O$5)+'2024 Legal Max'!AX23)*CL23 -> 0 | CN23: =IF(CK23>CM23,CM23,CK23) -> 0 | CO23: =AE23/AD23 -> 0.3481 | CP23: =IF(CO23>=50%,AE23*10.5%,0) -> 0 | CQ23: =IF(AND(CO23>35%,CO23<50%),AE23*(CO23-35%)*0.7,0) -> 0 | CR23: =AS23+AP23 -> 1016.4 | CS23: ='Required Transfers'!L23 -> 151637 | CT23: ='Required Transfers'!O23 -> 1220 | CU23: ='Required Transfers'!H23 -> 450288 | CV23: =SUM(R23+T23+AT23+AU23+AV23/6+AW23/6) -> 502.4 | CW23: D0205
A24: 206 | B24: Butler | C24: Remington-Whitewater | D24: 454 | F24: 0 | G24: =SUM(D24-E24+F24) -> 454 | H24: 464.5 | J24: 0 | K24: =SUM(H24-I24+J24) -> 464.5 | L24: 457.5 | N24: 0 | O24: =SUM(L24-M24+N24) -> 457.5 | P24: =IF(ISNA(VLOOKUP($CW24,'Audit Values'!$A:$BZ,2,FALSE)),'Preliminary SO66'!C23,VLOOKUP($CW24,'Audit Values'!$A:$BZ,76,FALSE)) -> 482.6 | Q24: =IF(ISNA(VLOOKUP($CW24,'Audit Values'!$A:$BZ,2,FALSE)),'Preliminary SO66'!F23,VLOOKUP($CW24,'Audit Values'!$A:$BZ,4,FALSE)) -> 0 | R24: =SUM(P24+Q24) -> 482.6 | S24: =IF('Military Provision'!I24="YES", MAX('2024 Legal Max'!O24,'2024 Legal Max'!K24,AVERAGE('2024 Legal Max'!G24,'2024 Legal Max'!K24,'2024 Legal Max'!O24)), MAX(O24, K24)) -> 464.5 | T24: =IF(ISNA(VLOOKUP($CW24,'Audit Values'!$A:$BX,2,FALSE)),'Preliminary SO66'!AL23,VLOOKUP($CW24,'Audit Values'!$A:$BX,59,FALSE)) -> 5.5 | U24: =S24+T24 -> 470 | V24: ='Low-High ENRL- 2023 HSubSB 113'!N27 -> 200.4 | W24: =IF(ISNA(VLOOKUP($CW24,'Audit Values'!$A:$BZ,2,FALSE)),'Preliminary SO66'!AM23,VLOOKUP($CW24,'Audit Values'!$A:$BZ,63,FALSE)) -> 24.5 | X24: =(W24/6)*'Weighting Factors'!$O$7 -> 1.6 | Y24: =IF(ISNA(VLOOKUP($CW24,'Audit Values'!$A:$BZ,2,FALSE)),'Preliminary SO66'!AN23,VLOOKUP($CW24,'Audit Values'!$A:$BZ,62,FALSE)) -> 10 | Z24: =Y24*'Weighting Factors'!$O$8 -> 1.9 | AA24: =MAX(X24,Z24) -> 1.9 | AB24: =IF(ISNA(VLOOKUP($CW24,'Audit Values'!$A:$BZ,2,FALSE)),'Preliminary SO66'!AO23,VLOOKUP($CW24,'Audit Values'!$A:$BZ,61,FALSE)) -> 246 | AC24: =AB24/6*'Weighting Factors'!$O$6 -> 20.5 | AD24: =IF(ISNA(VLOOKUP($CW24,'Audit Values'!$A:$BX,2,FALSE)),'Preliminary SO66'!AS23,VLOOKUP($CW24,'Audit Values'!$A:$BX,64,FALSE)) -> 496 | AE24: =IF(ISNA(VLOOKUP($CW24,'Audit Values'!$A:$BX,2,FALSE)),'Preliminary SO66'!AP23,VLOOKUP($CW24,'Audit Values'!$A:$BX,65,FALSE)) -> 175 | AF24: =IF(A24=207, AE24,(AE24))*'Weighting Factors'!$O$9 -> 84.7 | AG24: =MAX(CP24,CQ24) -> 0.3 | AH24: =IF(ISNA(VLOOKUP($CW24,'Audit Values'!$A:$BZ,2,FALSE)),'Preliminary SO66'!AG23,VLOOKUP($CW24,'Audit Values'!$A:$BZ,71,FALSE)) -> 3.3 | AI24: =MAX(AG24, AH24) -> 3.3 | AJ24: =IF(ISNA(VLOOKUP($CW24,'Audit Values'!$A:$BX,2,FALSE)),'Preliminary SO66'!AR23,VLOOKUP($CW24,'Audit Values'!$A:$BX,66,FALSE)) -> 237 | AK24: =CH24 -> 280834 | AL24: =AK24/'Weighting Factors'!$O$5 -> 55.2 | AM24: =CJ24/'Weighting Factors'!$O$5 -> 0 | AN24: =CN24/'Weighting Factors'!$O$5 -> 0 | AO24: 510538 | AP24: =AO24/'Weighting Factors'!$O$5 -> 100.3 | AQ24: =IF(ISNA(VLOOKUP($CW24,'Audit Values'!$A:$BX,2,FALSE)),'Preliminary SO66'!X23,VLOOKUP($CW24,'Audit Values'!$A:$BX,48,FALSE)) -> 0 | AR24: =SUM(U24+V24+AA24+AC24+AF24+AI24+AL24+AM24+AP24+AQ24) -> 936.3 | AS24: =SUM(U24+V24+AA24+AC24+AF24+AI24+AL24+AM24+AN24+AQ24) -> 836 | AT24: =IF(ISNA(VLOOKUP($CW24,'Audit Values'!$A$2:$BX$410,2,FALSE)),'Preliminary SO66'!AA23,VLOOKUP($CW24,'Audit Values'!$A$2:$BX$410,41,FALSE)) -> 0 | AU24: =IF(ISNA(VLOOKUP($CW24,'Audit Values'!$A$2:$BX$410,2,FALSE)),'Preliminary SO66'!AB23,VLOOKUP($CW24,'Audit Values'!$A$2:$BX$410,42,FALSE)) -> 0 | AV24: 0 | AW24: 0 | AX24: =SUM(AT24*'Weighting Factors'!$R$10)+('2024 Legal Max'!AU24*'Weighting Factors'!$R$11)+('2024 Legal Max'!AV24*'Weighting Factors'!$R$12)+('2024 Legal Max'!AW24*'Weighting Factors'!$R$12) -> 0 | AY24: =IF(ISNA(VLOOKUP($CW24,'Audit Values'!$A$2:$BX$429,2,FALSE)),"",IF(AND('Weighting Factors'!G24>0,VLOOKUP($CW24,'Audit Values'!$A$2:$BX$429,51,FALSE)<'Weighting Factors'!G24),'Weighting Factors'!G24,VLOOKUP($CW24,'Audit Values'!$A$2:$BX$429,51,FALSE))) -> 15 | AZ24: =IF(ISNA(VLOOKUP($CW24,'Audit Values'!$A:$BY,2,FALSE)),"",VLOOKUP($CW24,'Audit Values'!$A:$BY,52,FALSE)) -> A | BA24: =IF('Weighting Factors'!F24="","",IF('Weighting Factors'!H24="Pending","PX","R")) | BB24: =SUM((U24+V24+AA24+AC24+AF24+AI24+AL24+AM24+AQ24+AN24)*'Weighting Factors'!$O$5)+'2024 Legal Max'!AX24 -> 4253568 | BC24: =SUM((AR24+AN24)*'Weighting Factors'!$O$5)+AX24 -> 4763894 | BD24: =IF('Weighting Factors'!F24>0,'Weighting Factors'!F24,'Preliminary SO66'!AV23) -> 4852934 | BE24: =MIN(BC24,BD24) -> 4763894 | BF24: ='Weighting Factors'!E24 -> 0 | BG24: =Transportation!G24 -> 0 | BH24: =IF(ISNA(VLOOKUP($CW24,'Audit Values'!$A:$BW,2,FALSE)), 0, VLOOKUP($CW24,'Audit Values'!$A:$BW,75,FALSE)) -> 0 | BI24: =SUM(BF24:BH24) -> 0 | BJ24: =BE24+BI24 -> 4763894 | BK24: =SUM((U24+V24+AA24+AC24+AF24+AI24+AL24+AM24+AN24)*'Weighting Factors'!O$12)+(MAX(AO24,'Weighting Factors'!B24)) -> 4843796 | BL24: ='LOB%'!F22 -> 0.33 | BM24: =BK24*BL24 -> 1598453 | BN24: 1620677 | BO24: =MIN(BM24,BN24) -> 1598453 | BP24: =BO24/BK24 -> 0.33 | BQ24: =ROUND(IF(U24<=99.9,(U24*1.014331),0),1) -> 0 | BR24: =AND(U24>99.9,U24<=299.9) -> FALSE | BS24: =IF(BR24=TRUE,ROUND((U24-100)*9.655,3),0) -> 0 | BT24: =IF(BR24=TRUE,ROUND(((7337-BS24)/3642.4)-1,6),0) -> 0 | BU24: =ROUND(BT24*U24,1) -> 0 | BV24: =AND(U24>299.9,U24<=1621.9) -> TRUE | BW24: =IF(BV24=TRUE,ROUND((U24-300)*1.2375,4),0) -> 210.375 | BX24: =IF(BV24=TRUE,ROUND(((5406-BW24)/3642.4)-1,6),0) -> 0.426429 | BY24: =ROUND(BX24*U24,1) -> 200.4 | BZ24: =ROUND(IF(U24>=1622,(U24*0.03504),0),1) -> 0 | CA24: 253 | CB24: =AJ24/CA24 -> 0.937 | CC24: =IF(CB24<0.06,1,IF(CB24>=18.29,52,MATCH(CB24-0.001,'Weighting Factors'!$W$5:$W$156)+1)) -> 31 | CD24: =VLOOKUP(CC24, 'Weighting Factors'!$U$5:$X$56,4) -> 970 | CE24: =('Weighting Factors'!$O$5/'Weighting Factors'!$O$14) -> 1.2216 | CF24: =AJ24*CD24 -> 229890 | CG24: =CF24*'Weighting Factors'!$Q$7 -> 229890 | CH24: =CG24*CE24 -> 280834 | CI24: =AK24/'Weighting Factors'!$O$5 -> 55.2 | CJ24: 0 | CK24: 0 | CL24: 0 | CM24: =SUM((AR24*'Weighting Factors'!$O$5)+'2024 Legal Max'!AX24)*CL24 -> 0 | CN24: =IF(CK24>CM24,CM24,CK24) -> 0 | CO24: =AE24/AD24 -> 0.3528 | CP24: =IF(CO24>=50%,AE24*10.5%,0) -> 0 | CQ24: =IF(AND(CO24>35%,CO24<50%),AE24*(CO24-35%)*0.7,0) -> 0.3 | CR24: =AS24+AP24 -> 936.3 | CS24: ='Required Transfers'!L24 -> 145459 | CT24: ='Required Transfers'!O24 -> 3197 | CU24: ='Required Transfers'!H24 -> 447744 | CV24: =SUM(R24+T24+AT24+AU24+AV24/6+AW24/6) -> 488.1 | CW24: D0206
A25: 207 | B25: Leavenworth | C25: Fort Leavenworth | D25: 1350.8 | F25: 78.5 | G25: =SUM(D25-E25+F25) -> 1429.3 | H25: 1434.6 | J25: 19.1 | K25: =SUM(H25-I25+J25) -> 1453.7 | L25: 1519.1 | N25: 56.5 | O25: =SUM(L25-M25+N25) -> 1575.6 | P25: =IF(ISNA(VLOOKUP($CW25,'Audit Values'!$A:$BZ,2,FALSE)),'Preliminary SO66'!C24,VLOOKUP($CW25,'Audit Values'!$A:$BZ,76,FALSE)) -> 1449 | Q25: =IF(ISNA(VLOOKUP($CW25,'Audit Values'!$A:$BZ,2,FALSE)),'Preliminary SO66'!F24,VLOOKUP($CW25,'Audit Values'!$A:$BZ,4,FALSE)) -> 42 | R25: =SUM(P25+Q25) -> 1491 | S25: =IF('Military Provision'!I25="YES", MAX('2024 Legal Max'!O25,'2024 Legal Max'!K25,AVERAGE('2024 Legal Max'!G25,'2024 Legal Max'!K25,'2024 Legal Max'!O25)), MAX(O25, K25)) -> 1575.6 | T25: =IF(ISNA(VLOOKUP($CW25,'Audit Values'!$A:$BX,2,FALSE)),'Preliminary SO66'!AL24,VLOOKUP($CW25,'Audit Values'!$A:$BX,59,FALSE)) -> 0 | U25: =S25+T25 -> 1575.6 | V25: ='Low-High ENRL- 2023 HSubSB 113'!N28 -> 80 | W25: =IF(ISNA(VLOOKUP($CW25,'Audit Values'!$A:$BZ,2,FALSE)),'Preliminary SO66'!AM24,VLOOKUP($CW25,'Audit Values'!$A:$BZ,63,FALSE)) -> 31.6 | X25: =(W25/6)*'Weighting Factors'!$O$7 -> 2.1 | Y25: =IF(ISNA(VLOOKUP($CW25,'Audit Values'!$A:$BZ,2,FALSE)),'Preliminary SO66'!AN24,VLOOKUP($CW25,'Audit Values'!$A:$BZ,62,FALSE)) -> 88 | Z25: =Y25*'Weighting Factors'!$O$8 -> 16.3 | AA25: =MAX(X25,Z25) -> 16.3 | AB25: =IF(ISNA(VLOOKUP($CW25,'Audit Values'!$A:$BZ,2,FALSE)),'Preliminary SO66'!AO24,VLOOKUP($CW25,'Audit Values'!$A:$BZ,61,FALSE)) -> 0 | AC25: =AB25/6*'Weighting Factors'!$O$6 -> 0 | AD25: =IF(ISNA(VLOOKUP($CW25,'Audit Values'!$A:$BX,2,FALSE)),'Preliminary SO66'!AS24,VLOOKUP($CW25,'Audit Values'!$A:$BX,64,FALSE)) -> 1510 | AE25: =IF(ISNA(VLOOKUP($CW25,'Audit Values'!$A:$BX,2,FALSE)),'Preliminary SO66'!AP24,VLOOKUP($CW25,'Audit Values'!$A:$BX,65,FALSE)) -> 60 | AF25: =IF(A25=207, AE25,(AE25))*'Weighting Factors'!$O$9 -> 29 | AG25: =MAX(CP25,CQ25) -> 0 | AH25: =IF(ISNA(VLOOKUP($CW25,'Audit Values'!$A:$BZ,2,FALSE)),'Preliminary SO66'!AG24,VLOOKUP($CW25,'Audit Values'!$A:$BZ,71,FALSE)) -> 0 | AI25: =MAX(AG25, AH25) -> 0 | AJ25: =IF(ISNA(VLOOKUP($CW25,'Audit Values'!$A:$BX,2,FALSE)),'Preliminary SO66'!AR24,VLOOKUP($CW25,'Audit Values'!$A:$BX,66,FALSE)) -> 185 | AK25: =CH25 -> 124298 | AL25: =AK25/'Weighting Factors'!$O$5 -> 24.4 | AM25: =CJ25/'Weighting Factors'!$O$5 -> 0 | AN25: =CN25/'Weighting Factors'!$O$5 -> 0 | AO25: 1247083 | AP25: =AO25/'Weighting Factors'!$O$5 -> 245.1 | AQ25: =IF(ISNA(VLOOKUP($CW25,'Audit Values'!$A:$BX,2,FALSE)),'Preliminary SO66'!X24,VLOOKUP($CW25,'Audit Values'!$A:$BX,48,FALSE)) -> 0 | AR25: =SUM(U25+V25+AA25+AC25+AF25+AI25+AL25+AM25+AP25+AQ25) -> 1970.4 | AS25: =SUM(U25+V25+AA25+AC25+AF25+AI25+AL25+AM25+AN25+AQ25) -> 1725.3 | AT25: =IF(ISNA(VLOOKUP($CW25,'Audit Values'!$A$2:$BX$410,2,FALSE)),'Preliminary SO66'!AA24,VLOOKUP($CW25,'Audit Values'!$A$2:$BX$410,41,FALSE)) -> 0 | AU25: =IF(ISNA(VLOOKUP($CW25,'Audit Values'!$A$2:$BX$410,2,FALSE)),'Preliminary SO66'!AB24,VLOOKUP($CW25,'Audit Values'!$A$2:$BX$410,42,FALSE)) -> 0 | AV25: 0 | AW25: 0 | AX25: =SUM(AT25*'Weighting Factors'!$R$10)+('2024 Legal Max'!AU25*'Weighting Factors'!$R$11)+('2024 Legal Max'!AV25*'Weighting Factors'!$R$12)+('2024 Legal Max'!AW25*'Weighting Factors'!$R$12) -> 0 | AY25: =IF(ISNA(VLOOKUP($CW25,'Audit Values'!$A$2:$BX$429,2,FALSE)),"",IF(AND('Weighting Factors'!G25>0,VLOOKUP($CW25,'Audit Values'!$A$2:$BX$429,51,FALSE)<'Weighting Factors'!G25),'Weighting Factors'!G25,VLOOKUP($CW25,'Audit Values'!$A$2:$BX$429,51,FALSE))) -> 14 | AZ25: =IF(ISNA(VLOOKUP($CW25,'Audit Values'!$A:$BY,2,FALSE)),"",VLOOKUP($CW25,'Audit Values'!$A:$BY,52,FALSE)) -> A | BA25: =IF('Weighting Factors'!F25="","",IF('Weighting Factors'!H25="Pending","PX","R")) | BB25: =SUM((U25+V25+AA25+AC25+AF25+AI25+AL25+AM25+AQ25+AN25)*'Weighting Factors'!$O$5)+'2024 Legal Max'!AX25 -> 8778326 | BC25: =SUM((AR25+AN25)*'Weighting Factors'!$O$5)+AX25 -> 10025395 | BD25: =IF('Weighting Factors'!F25>0,'Weighting Factors'!F25,'Preliminary SO66'!AV24) -> 10372672 | BE25: =MIN(BC25,BD25) -> 10025395 | BF25: ='Weighting Factors'!E25 -> 0 | BG25: =Transportation!G25 -> 0 | BH25: =IF(ISNA(VLOOKUP($CW25,'Audit Values'!$A:$BW,2,FALSE)), 0, VLOOKUP($CW25,'Audit Values'!$A:$BW,75,FALSE)) -> 0 | BI25: =SUM(BF25:BH25) -> 0 | BJ25: =BE25+BI25 -> 10025395 | BK25: =SUM((U25+V25+AA25+AC25+AF25+AI25+AL25+AM25+AN25)*'Weighting Factors'!O$12)+(MAX(AO25,'Weighting Factors'!B25)) -> 10146180 | BL25: ='LOB%'!F23 -> 0.33 | BM25: =BK25*BL25 -> 3348239 | BN25: 3450905 | BO25: =MIN(BM25,BN25) -> 3348239 | BP25: =BO25/BK25 -> 0.33 | BQ25: =ROUND(IF(U25<=99.9,(U25*1.014331),0),1) -> 0 | BR25: =AND(U25>99.9,U25<=299.9) -> FALSE | BS25: =IF(BR25=TRUE,ROUND((U25-100)*9.655,3),0) -> 0 | BT25: =IF(BR25=TRUE,ROUND(((7337-BS25)/3642.4)-1,6),0) -> 0 | BU25: =ROUND(BT25*U25,1) -> 0 | BV25: =AND(U25>299.9,U25<=1621.9) -> TRUE | BW25: =IF(BV25=TRUE,ROUND((U25-300)*1.2375,4),0) -> 1578.555 | BX25: =IF(BV25=TRUE,ROUND(((5406-BW25)/3642.4)-1,6),0) -> 0.050803 | BY25: =ROUND(BX25*U25,1) -> 80 | BZ25: =ROUND(IF(U25>=1622,(U25*0.03504),0),1) -> 0 | CA25: 8.5 | CB25: =AJ25/CA25 -> 21.765 | CC25: =IF(CB25<0.06,1,IF(CB25>=18.29,52,MATCH(CB25-0.001,'Weighting Factors'!$W$5:$W$156)+1)) -> 52 | CD25: =VLOOKUP(CC25, 'Weighting Factors'!$U$5:$X$56,4) -> 550 | CE25: =('Weighting Factors'!$O$5/'Weighting Factors'!$O$14) -> 1.2216 | CF25: =AJ25*CD25 -> 101750 | CG25: =CF25*'Weighting Factors'!$Q$7 -> 101750 | CH25: =CG25*CE25 -> 124298 | CI25: =AK25/'Weighting Factors'!$O$5 -> 24.4 | CJ25: 0 | CK25: 0 | CL25: 0 | CM25: =SUM((AR25*'Weighting Factors'!$O$5)+'2024 Legal Max'!AX25)*CL25 -> 0 | CN25: =IF(CK25>CM25,CM25,CK25) -> 0 | CO25: =AE25/AD25 -> 0.0397 | CP25: =IF(CO25>=50%,AE25*10.5%,0) -> 0 | CQ25: =IF(AND(CO25>35%,CO25<50%),AE25*(CO25-35%)*0.7,0) -> 0 | CR25: =AS25+AP25 -> 1970.4 | CS25: ='Required Transfers'!L25 -> 49219 | CT25: ='Required Transfers'!O25 -> 27790 | CU25: ='Required Transfers'!H25 -> 147552 | CV25: =SUM(R25+T25+AT25+AU25+AV25/6+AW25/6) -> 1491 | CW25: D0207
A26: 208 | B26: Trego | C26: Wakeeney | D26: 355.1 | F26: 0 | G26: =SUM(D26-E26+F26) -> 355.1 | H26: 366.8 | J26: 0 | K26: =SUM(H26-I26+J26) -> 366.8 | L26: 365.8 | N26: 0 | O26: =SUM(L26-M26+N26) -> 365.8 | P26: =IF(ISNA(VLOOKUP($CW26,'Audit Values'!$A:$BZ,2,FALSE)),'Preliminary SO66'!C25,VLOOKUP($CW26,'Audit Values'!$A:$BZ,76,FALSE)) -> 365.7 | Q26: =IF(ISNA(VLOOKUP($CW26,'Audit Values'!$A:$BZ,2,FALSE)),'Preliminary SO66'!F25,VLOOKUP($CW26,'Audit Values'!$A:$BZ,4,FALSE)) -> 0 | R26: =SUM(P26+Q26) -> 365.7 | S26: =IF('Military Provision'!I26="YES", MAX('2024 Legal Max'!O26,'2024 Legal Max'!K26,AVERAGE('2024 Legal Max'!G26,'2024 Legal Max'!K26,'2024 Legal Max'!O26)), MAX(O26, K26)) -> 366.8 | T26: =IF(ISNA(VLOOKUP($CW26,'Audit Values'!$A:$BX,2,FALSE)),'Preliminary SO66'!AL25,VLOOKUP($CW26,'Audit Values'!$A:$BX,59,FALSE)) -> 4.5 | U26: =S26+T26 -> 371.3 | V26: ='Low-High ENRL- 2023 HSubSB 113'!N29 -> 170.8 | W26: =IF(ISNA(VLOOKUP($CW26,'Audit Values'!$A:$BZ,2,FALSE)),'Preliminary SO66'!AM25,VLOOKUP($CW26,'Audit Values'!$A:$BZ,63,FALSE)) -> 0 | X26: =(W26/6)*'Weighting Factors'!$O$7 -> 0 | Y26: =IF(ISNA(VLOOKUP($CW26,'Audit Values'!$A:$BZ,2,FALSE)),'Preliminary SO66'!AN25,VLOOKUP($CW26,'Audit Values'!$A:$BZ,62,FALSE)) -> 0 | Z26: =Y26*'Weighting Factors'!$O$8 -> 0 | AA26: =MAX(X26,Z26) -> 0 | AB26: =IF(ISNA(VLOOKUP($CW26,'Audit Values'!$A:$BZ,2,FALSE)),'Preliminary SO66'!AO25,VLOOKUP($CW26,'Audit Values'!$A:$BZ,61,FALSE)) -> 168.7 | AC26: =AB26/6*'Weighting Factors'!$O$6 -> 14.1 | AD26: =IF(ISNA(VLOOKUP($CW26,'Audit Values'!$A:$BX,2,FALSE)),'Preliminary SO66'!AS25,VLOOKUP($CW26,'Audit Values'!$A:$BX,64,FALSE)) -> 379 | AE26: =IF(ISNA(VLOOKUP($CW26,'Audit Values'!$A:$BX,2,FALSE)),'Preliminary SO66'!AP25,VLOOKUP($CW26,'Audit Values'!$A:$BX,65,FALSE)) -> 140 | AF26: =IF(A26=207, AE26,(AE26))*'Weighting Factors'!$O$9 -> 67.8 | AG26: =MAX(CP26,CQ26) -> 1.9 | AH26: =IF(ISNA(VLOOKUP($CW26,'Audit Values'!$A:$BZ,2,FALSE)),'Preliminary SO66'!AG25,VLOOKUP($CW26,'Audit Values'!$A:$BZ,71,FALSE)) -> 2 | AI26: =MAX(AG26, AH26) -> 2 | AJ26: =IF(ISNA(VLOOKUP($CW26,'Audit Values'!$A:$BX,2,FALSE)),'Preliminary SO66'!AR25,VLOOKUP($CW26,'Audit Values'!$A:$BX,66,FALSE)) -> 73.5 | AK26: =CH26 -> 130192 | AL26: =AK26/'Weighting Factors'!$O$5 -> 25.6 | AM26: =CJ26/'Weighting Factors'!$O$5 -> 0 | AN26: =CN26/'Weighting Factors'!$O$5 -> 0 | AO26: 422850 | AP26: =AO26/'Weighting Factors'!$O$5 -> 83.1 | AQ26: =IF(ISNA(VLOOKUP($CW26,'Audit Values'!$A:$BX,2,FALSE)),'Preliminary SO66'!X25,VLOOKUP($CW26,'Audit Values'!$A:$BX,48,FALSE)) -> 0 | AR26: =SUM(U26+V26+AA26+AC26+AF26+AI26+AL26+AM26+AP26+AQ26) -> 734.7 | AS26: =SUM(U26+V26+AA26+AC26+AF26+AI26+AL26+AM26+AN26+AQ26) -> 651.6 | AT26: =IF(ISNA(VLOOKUP($CW26,'Audit Values'!$A$2:$BX$410,2,FALSE)),'Preliminary SO66'!AA25,VLOOKUP($CW26,'Audit Values'!$A$2:$BX$410,41,FALSE)) -> 0 | AU26: =IF(ISNA(VLOOKUP($CW26,'Audit Values'!$A$2:$BX$410,2,FALSE)),'Preliminary SO66'!AB25,VLOOKUP($CW26,'Audit Values'!$A$2:$BX$410,42,FALSE)) -> 0 | AV26: 0 | AW26: 0 | AX26: =SUM(AT26*'Weighting Factors'!$R$10)+('2024 Legal Max'!AU26*'Weighting Factors'!$R$11)+('2024 Legal Max'!AV26*'Weighting Factors'!$R$12)+('2024 Legal Max'!AW26*'Weighting Factors'!$R$12) -> 0 | AY26: =IF(ISNA(VLOOKUP($CW26,'Audit Values'!$A$2:$BX$429,2,FALSE)),"",IF(AND('Weighting Factors'!G26>0,VLOOKUP($CW26,'Audit Values'!$A$2:$BX$429,51,FALSE)<'Weighting Factors'!G26),'Weighting Factors'!G26,VLOOKUP($CW26,'Audit Values'!$A$2:$BX$429,51,FALSE))) -> 3 | AZ26: =IF(ISNA(VLOOKUP($CW26,'Audit Values'!$A:$BY,2,FALSE)),"",VLOOKUP($CW26,'Audit Values'!$A:$BY,52,FALSE)) -> A | BA26: =IF('Weighting Factors'!F26="","",IF('Weighting Factors'!H26="Pending","PX","R")) | BB26: =SUM((U26+V26+AA26+AC26+AF26+AI26+AL26+AM26+AQ26+AN26)*'Weighting Factors'!$O$5)+'2024 Legal Max'!AX26 -> 3315341 | BC26: =SUM((AR26+AN26)*'Weighting Factors'!$O$5)+AX26 -> 3738154 | BD26: =IF('Weighting Factors'!F26>0,'Weighting Factors'!F26,'Preliminary SO66'!AV25) -> 3775296 | BE26: =MIN(BC26,BD26) -> 3738154 | BF26: ='Weighting Factors'!E26 -> 0 | BG26: =Transportation!G26 -> 0 | BH26: =IF(ISNA(VLOOKUP($CW26,'Audit Values'!$A:$BW,2,FALSE)), 0, VLOOKUP($CW26,'Audit Values'!$A:$BW,75,FALSE)) -> 0 | BI26: =SUM(BF26:BH26) -> 0 | BJ26: =BE26+BI26 -> 3738154 | BK26: =SUM((U26+V26+AA26+AC26+AF26+AI26+AL26+AM26+AN26)*'Weighting Factors'!O$12)+(MAX(AO26,'Weighting Factors'!B26)) -> 3870951 | BL26: ='LOB%'!F24 -> 0.33 | BM26: =BK26*BL26 -> 1277414 | BN26: 1274010 | BO26: =MIN(BM26,BN26) -> 1274010 | BP26: =BO26/BK26 -> 0.3291 | BQ26: =ROUND(IF(U26<=99.9,(U26*1.014331),0),1) -> 0 | BR26: =AND(U26>99.9,U26<=299.9) -> FALSE | BS26: =IF(BR26=TRUE,ROUND((U26-100)*9.655,3),0) -> 0 | BT26: =IF(BR26=TRUE,ROUND(((7337-BS26)/3642.4)-1,6),0) -> 0 | BU26: =ROUND(BT26*U26,1) -> 0 | BV26: =AND(U26>299.9,U26<=1621.9) -> TRUE | BW26: =IF(BV26=TRUE,ROUND((U26-300)*1.2375,4),0) -> 88.2338 | BX26: =IF(BV26=TRUE,ROUND(((5406-BW26)/3642.4)-1,6),0) -> 0.459962 | BY26: =ROUND(BX26*U26,1) -> 170.8 | BZ26: =ROUND(IF(U26>=1622,(U26*0.03504),0),1) -> 0 | CA26: 706.7 | CB26: =AJ26/CA26 -> 0.104 | CC26: =IF(CB26<0.06,1,IF(CB26>=18.29,52,MATCH(CB26-0.001,'Weighting Factors'!$W$5:$W$156)+1)) -> 6 | CD26: =VLOOKUP(CC26, 'Weighting Factors'!$U$5:$X$56,4) -> 1450 | CE26: =('Weighting Factors'!$O$5/'Weighting Factors'!$O$14) -> 1.2216 | CF26: =AJ26*CD26 -> 106575 | CG26: =CF26*'Weighting Factors'!$Q$7 -> 106575 | CH26: =CG26*CE26 -> 130192 | CI26: =AK26/'Weighting Factors'!$O$5 -> 25.6 | CJ26: 0 | CK26: 0 | CL26: 0 | CM26: =SUM((AR26*'Weighting Factors'!$O$5)+'2024 Legal Max'!AX26)*CL26 -> 0 | CN26: =IF(CK26>CM26,CM26,CK26) -> 0 | CO26: =AE26/AD26 -> 0.3694 | CP26: =IF(CO26>=50%,AE26*10.5%,0) -> 0 | CQ26: =IF(AND(CO26>35%,CO26<50%),AE26*(CO26-35%)*0.7,0) -> 1.9 | CR26: =AS26+AP26 -> 734.7 | CS26: ='Required Transfers'!L26 -> 118356 | CT26: ='Required Transfers'!O26 -> 0 | CU26: ='Required Transfers'!H26 -> 355142 | CV26: =SUM(R26+T26+AT26+AU26+AV26/6+AW26/6) -> 370.2 | CW26: D0208
A27: 209 | B27: Stevens | C27: Moscow Public Schools | D27: 128 | F27: 0 | G27: =SUM(D27-E27+F27) -> 128 | H27: 126 | J27: 0 | K27: =SUM(H27-I27+J27) -> 126 | L27: 131 | N27: 0 | O27: =SUM(L27-M27+N27) -> 131 | P27: =IF(ISNA(VLOOKUP($CW27,'Audit Values'!$A:$BZ,2,FALSE)),'Preliminary SO66'!C26,VLOOKUP($CW27,'Audit Values'!$A:$BZ,76,FALSE)) -> 133.1 | Q27: =IF(ISNA(VLOOKUP($CW27,'Audit Values'!$A:$BZ,2,FALSE)),'Preliminary SO66'!F26,VLOOKUP($CW27,'Audit Values'!$A:$BZ,4,FALSE)) -> 0 | R27: =SUM(P27+Q27) -> 133.1 | S27: =IF('Military Provision'!I27="YES", MAX('2024 Legal Max'!O27,'2024 Legal Max'!K27,AVERAGE('2024 Legal Max'!G27,'2024 Legal Max'!K27,'2024 Legal Max'!O27)), MAX(O27, K27)) -> 131 | T27: =IF(ISNA(VLOOKUP($CW27,'Audit Values'!$A:$BX,2,FALSE)),'Preliminary SO66'!AL26,VLOOKUP($CW27,'Audit Values'!$A:$BX,59,FALSE)) -> 3 | U27: =S27+T27 -> 134 | V27: ='Low-High ENRL- 2023 HSubSB 113'!N30 -> 123.8 | W27: =IF(ISNA(VLOOKUP($CW27,'Audit Values'!$A:$BZ,2,FALSE)),'Preliminary SO66'!AM26,VLOOKUP($CW27,'Audit Values'!$A:$BZ,63,FALSE)) -> 131.2 | X27: =(W27/6)*'Weighting Factors'!$O$7 -> 8.6 | Y27: =IF(ISNA(VLOOKUP($CW27,'Audit Values'!$A:$BZ,2,FALSE)),'Preliminary SO66'!AN26,VLOOKUP($CW27,'Audit Values'!$A:$BZ,62,FALSE)) -> 31 | Z27: =Y27*'Weighting Factors'!$O$8 -> 5.7 | AA27: =MAX(X27,Z27) -> 8.6 | AB27: =IF(ISNA(VLOOKUP($CW27,'Audit Values'!$A:$BZ,2,FALSE)),'Preliminary SO66'!AO26,VLOOKUP($CW27,'Audit Values'!$A:$BZ,61,FALSE)) -> 0 | AC27: =AB27/6*'Weighting Factors'!$O$6 -> 0 | AD27: =IF(ISNA(VLOOKUP($CW27,'Audit Values'!$A:$BX,2,FALSE)),'Preliminary SO66'!AS26,VLOOKUP($CW27,'Audit Values'!$A:$BX,64,FALSE)) -> 140 | AE27: =IF(ISNA(VLOOKUP($CW27,'Audit Values'!$A:$BX,2,FALSE)),'Preliminary SO66'!AP26,VLOOKUP($CW27,'Audit Values'!$A:$BX,65,FALSE)) -> 65 | AF27: =IF(A27=207, AE27,(AE27))*'Weighting Factors'!$O$9 -> 31.5 | AG27: =MAX(CP27,CQ27) -> 5.2 | AH27: =IF(ISNA(VLOOKUP($CW27,'Audit Values'!$A:$BZ,2,FALSE)),'Preliminary SO66'!AG26,VLOOKUP($CW27,'Audit Values'!$A:$BZ,71,FALSE)) -> 4.7 | AI27: =MAX(AG27, AH27) -> 5.2 | AJ27: =IF(ISNA(VLOOKUP($CW27,'Audit Values'!$A:$BX,2,FALSE)),'Preliminary SO66'!AR26,VLOOKUP($CW27,'Audit Values'!$A:$BX,66,FALSE)) -> 22 | AK27: =CH27 -> 39775 | AL27: =AK27/'Weighting Factors'!$O$5 -> 7.8 | AM27: =CJ27/'Weighting Factors'!$O$5 -> 0 | AN27: =CN27/'Weighting Factors'!$O$5 -> 0 | AO27: 90811 | AP27: =AO27/'Weighting Factors'!$O$5 -> 17.8 | AQ27: =IF(ISNA(VLOOKUP($CW27,'Audit Values'!$A:$BX,2,FALSE)),'Preliminary SO66'!X26,VLOOKUP($CW27,'Audit Values'!$A:$BX,48,FALSE)) -> 0 | AR27: =SUM(U27+V27+AA27+AC27+AF27+AI27+AL27+AM27+AP27+AQ27) -> 328.7 | AS27: =SUM(U27+V27+AA27+AC27+AF27+AI27+AL27+AM27+AN27+AQ27) -> 310.9 | AT27: =IF(ISNA(VLOOKUP($CW27,'Audit Values'!$A$2:$BX$410,2,FALSE)),'Preliminary SO66'!AA26,VLOOKUP($CW27,'Audit Values'!$A$2:$BX$410,41,FALSE)) -> 0 | AU27: =IF(ISNA(VLOOKUP($CW27,'Audit Values'!$A$2:$BX$410,2,FALSE)),'Preliminary SO66'!AB26,VLOOKUP($CW27,'Audit Values'!$A$2:$BX$410,42,FALSE)) -> 0 | AV27: 0 | AW27: 0 | AX27: =SUM(AT27*'Weighting Factors'!$R$10)+('2024 Legal Max'!AU27*'Weighting Factors'!$R$11)+('2024 Legal Max'!AV27*'Weighting Factors'!$R$12)+('2024 Legal Max'!AW27*'Weighting Factors'!$R$12) -> 0 | AY27: =IF(ISNA(VLOOKUP($CW27,'Audit Values'!$A$2:$BX$429,2,FALSE)),"",IF(AND('Weighting Factors'!G27>0,VLOOKUP($CW27,'Audit Values'!$A$2:$BX$429,51,FALSE)<'Weighting Factors'!G27),'Weighting Factors'!G27,VLOOKUP($CW27,'Audit Values'!$A$2:$BX$429,51,FALSE))) -> 10 | AZ27: =IF(ISNA(VLOOKUP($CW27,'Audit Values'!$A:$BY,2,FALSE)),"",VLOOKUP($CW27,'Audit Values'!$A:$BY,52,FALSE)) -> A | BA27: =IF('Weighting Factors'!F27="","",IF('Weighting Factors'!H27="Pending","PX","R")) | BB27: =SUM((U27+V27+AA27+AC27+AF27+AI27+AL27+AM27+AQ27+AN27)*'Weighting Factors'!$O$5)+'2024 Legal Max'!AX27 -> 1581859 | BC27: =SUM((AR27+AN27)*'Weighting Factors'!$O$5)+AX27 -> 1672426 | BD27: =IF('Weighting Factors'!F27>0,'Weighting Factors'!F27,'Preliminary SO66'!AV26) -> 1778765 | BE27: =MIN(BC27,BD27) -> 1672426 | BF27: ='Weighting Factors'!E27 -> 0 | BG27: =Transportation!G27 -> 0 | BH27: =IF(ISNA(VLOOKUP($CW27,'Audit Values'!$A:$BW,2,FALSE)), 0, VLOOKUP($CW27,'Audit Values'!$A:$BW,75,FALSE)) -> 0 | BI27: =SUM(BF27:BH27) -> 0 | BJ27: =BE27+BI27 -> 1672426 | BK27: =SUM((U27+V27+AA27+AC27+AF27+AI27+AL27+AM27+AN27)*'Weighting Factors'!O$12)+(MAX(AO27,'Weighting Factors'!B27)) -> 1741783 | BL27: ='LOB%'!F25 -> 0.33 | BM27: =BK27*BL27 -> 574788 | BN27: 598108 | BO27: =MIN(BM27,BN27) -> 574788 | BP27: =BO27/BK27 -> 0.33 | BQ27: =ROUND(IF(U27<=99.9,(U27*1.014331),0),1) -> 0 | BR27: =AND(U27>99.9,U27<=299.9) -> TRUE | BS27: =IF(BR27=TRUE,ROUND((U27-100)*9.655,3),0) -> 328.27 | BT27: =IF(BR27=TRUE,ROUND(((7337-BS27)/3642.4)-1,6),0) -> 0.924207 | BU27: =ROUND(BT27*U27,1) -> 123.8 | BV27: =AND(U27>299.9,U27<=1621.9) -> FALSE | BW27: =IF(BV27=TRUE,ROUND((U27-300)*1.2375,4),0) -> 0 | BX27: =IF(BV27=TRUE,ROUND(((5406-BW27)/3642.4)-1,6),0) -> 0 | BY27: =ROUND(BX27*U27,1) -> 0 | BZ27: =ROUND(IF(U27>=1622,(U27*0.03504),0),1) -> 0 | CA27: 223 | CB27: =AJ27/CA27 -> 0.099 | CC27: =IF(CB27<0.06,1,IF(CB27>=18.29,52,MATCH(CB27-0.001,'Weighting Factors'!$W$5:$W$156)+1)) -> 5 | CD27: =VLOOKUP(CC27, 'Weighting Factors'!$U$5:$X$56,4) -> 1480 | CE27: =('Weighting Factors'!$O$5/'Weighting Factors'!$O$14) -> 1.2216 | CF27: =AJ27*CD27 -> 32560 | CG27: =CF27*'Weighting Factors'!$Q$7 -> 32560 | CH27: =CG27*CE27 -> 39775 | CI27: =AK27/'Weighting Factors'!$O$5 -> 7.8 | CJ27: 0 | CK27: 0 | CL27: 0 | CM27: =SUM((AR27*'Weighting Factors'!$O$5)+'2024 Legal Max'!AX27)*CL27 -> 0 | CN27: =IF(CK27>CM27,CM27,CK27) -> 0 | CO27: =AE27/AD27 -> 0.4643 | CP27: =IF(CO27>=50%,AE27*10.5%,0) -> 0 | CQ27: =IF(AND(CO27>35%,CO27<50%),AE27*(CO27-35%)*0.7,0) -> 5.2 | CR27: =AS27+AP27 -> 328.7 | CS27: ='Required Transfers'!L27 -> 55582 | CT27: ='Required Transfers'!O27 -> 15174 | CU27: ='Required Transfers'!H27 -> 186730 | CV27: =SUM(R27+T27+AT27+AU27+AV27/6+AW27/6) -> 136.1 | CW27: D0209
A28: 210 | B28: Stevens | C28: Hugoton Public Schools | D28: 974.6 | F28: 0 | G28: =SUM(D28-E28+F28) -> 974.6 | H28: 983 | J28: 0 | K28: =SUM(H28-I28+J28) -> 983 | L28: 966.8 | N28: 0 | O28: =SUM(L28-M28+N28) -> 966.8 | P28: =IF(ISNA(VLOOKUP($CW28,'Audit Values'!$A:$BZ,2,FALSE)),'Preliminary SO66'!C27,VLOOKUP($CW28,'Audit Values'!$A:$BZ,76,FALSE)) -> 943 | Q28: =IF(ISNA(VLOOKUP($CW28,'Audit Values'!$A:$BZ,2,FALSE)),'Preliminary SO66'!F27,VLOOKUP($CW28,'Audit Values'!$A:$BZ,4,FALSE)) -> 0 | R28: =SUM(P28+Q28) -> 943 | S28: =IF('Military Provision'!I28="YES", MAX('2024 Legal Max'!O28,'2024 Legal Max'!K28,AVERAGE('2024 Legal Max'!G28,'2024 Legal Max'!K28,'2024 Legal Max'!O28)), MAX(O28, K28)) -> 983 | T28: =IF(ISNA(VLOOKUP($CW28,'Audit Values'!$A:$BX,2,FALSE)),'Preliminary SO66'!AL27,VLOOKUP($CW28,'Audit Values'!$A:$BX,59,FALSE)) -> 16.5 | U28: =S28+T28 -> 999.5 | V28: ='Low-High ENRL- 2023 HSubSB 113'!N31 -> 246.4 | W28: =IF(ISNA(VLOOKUP($CW28,'Audit Values'!$A:$BZ,2,FALSE)),'Preliminary SO66'!AM27,VLOOKUP($CW28,'Audit Values'!$A:$BZ,63,FALSE)) -> 660.3 | X28: =(W28/6)*'Weighting Factors'!$O$7 -> 43.5 | Y28: =IF(ISNA(VLOOKUP($CW28,'Audit Values'!$A:$BZ,2,FALSE)),'Preliminary SO66'!AN27,VLOOKUP($CW28,'Audit Values'!$A:$BZ,62,FALSE)) -> 209 | Z28: =Y28*'Weighting Factors'!$O$8 -> 38.7 | AA28: =MAX(X28,Z28) -> 43.5 | AB28: =IF(ISNA(VLOOKUP($CW28,'Audit Values'!$A:$BZ,2,FALSE)),'Preliminary SO66'!AO27,VLOOKUP($CW28,'Audit Values'!$A:$BZ,61,FALSE)) -> 301.6 | AC28: =AB28/6*'Weighting Factors'!$O$6 -> 25.1 | AD28: =IF(ISNA(VLOOKUP($CW28,'Audit Values'!$A:$BX,2,FALSE)),'Preliminary SO66'!AS27,VLOOKUP($CW28,'Audit Values'!$A:$BX,64,FALSE)) -> 978 | AE28: =IF(ISNA(VLOOKUP($CW28,'Audit Values'!$A:$BX,2,FALSE)),'Preliminary SO66'!AP27,VLOOKUP($CW28,'Audit Values'!$A:$BX,65,FALSE)) -> 455 | AF28: =IF(A28=207, AE28,(AE28))*'Weighting Factors'!$O$9 -> 220.2 | AG28: =MAX(CP28,CQ28) -> 36.7 | AH28: =IF(ISNA(VLOOKUP($CW28,'Audit Values'!$A:$BZ,2,FALSE)),'Preliminary SO66'!AG27,VLOOKUP($CW28,'Audit Values'!$A:$BZ,71,FALSE)) -> 36 | AI28: =MAX(AG28, AH28) -> 36.7 | AJ28: =IF(ISNA(VLOOKUP($CW28,'Audit Values'!$A:$BX,2,FALSE)),'Preliminary SO66'!AR27,VLOOKUP($CW28,'Audit Values'!$A:$BX,66,FALSE)) -> 149 | AK28: =CH28 -> 223883 | AL28: =AK28/'Weighting Factors'!$O$5 -> 44 | AM28: =CJ28/'Weighting Factors'!$O$5 -> 0 | AN28: =CN28/'Weighting Factors'!$O$5 -> 0 | AO28: 622684 | AP28: =AO28/'Weighting Factors'!$O$5 -> 122.4 | AQ28: =IF(ISNA(VLOOKUP($CW28,'Audit Values'!$A:$BX,2,FALSE)),'Preliminary SO66'!X27,VLOOKUP($CW28,'Audit Values'!$A:$BX,48,FALSE)) -> 0 | AR28: =SUM(U28+V28+AA28+AC28+AF28+AI28+AL28+AM28+AP28+AQ28) -> 1737.8 | AS28: =SUM(U28+V28+AA28+AC28+AF28+AI28+AL28+AM28+AN28+AQ28) -> 1615.4 | AT28: =IF(ISNA(VLOOKUP($CW28,'Audit Values'!$A$2:$BX$410,2,FALSE)),'Preliminary SO66'!AA27,VLOOKUP($CW28,'Audit Values'!$A$2:$BX$410,41,FALSE)) -> 5 | AU28: =IF(ISNA(VLOOKUP($CW28,'Audit Values'!$A$2:$BX$410,2,FALSE)),'Preliminary SO66'!AB27,VLOOKUP($CW28,'Audit Values'!$A$2:$BX$410,42,FALSE)) -> 3.5 | AV28: 4 | AW28: 0 | AX28: =SUM(AT28*'Weighting Factors'!$R$10)+('2024 Legal Max'!AU28*'Weighting Factors'!$R$11)+('2024 Legal Max'!AV28*'Weighting Factors'!$R$12)+('2024 Legal Max'!AW28*'Weighting Factors'!$R$12) -> 40636 | AY28: =IF(ISNA(VLOOKUP($CW28,'Audit Values'!$A$2:$BX$429,2,FALSE)),"",IF(AND('Weighting Factors'!G28>0,VLOOKUP($CW28,'Audit Values'!$A$2:$BX$429,51,FALSE)<'Weighting Factors'!G28),'Weighting Factors'!G28,VLOOKUP($CW28,'Audit Values'!$A$2:$BX$429,51,FALSE))) -> 8 | AZ28: =IF(ISNA(VLOOKUP($CW28,'Audit Values'!$A:$BY,2,FALSE)),"",VLOOKUP($CW28,'Audit Values'!$A:$BY,52,FALSE)) -> A | BA28: =IF('Weighting Factors'!F28="","",IF('Weighting Factors'!H28="Pending","PX","R")) | BB28: =SUM((U28+V28+AA28+AC28+AF28+AI28+AL28+AM28+AQ28+AN28)*'Weighting Factors'!$O$5)+'2024 Legal Max'!AX28 -> 8259791 | BC28: =SUM((AR28+AN28)*'Weighting Factors'!$O$5)+AX28 -> 8882562 | BD28: =IF('Weighting Factors'!F28>0,'Weighting Factors'!F28,'Preliminary SO66'!AV27) -> 9401875 | BE28: =MIN(BC28,BD28) -> 8882562 | BF28: ='Weighting Factors'!E28 -> 0 | BG28: =Transportation!G28 -> 0 | BH28: =IF(ISNA(VLOOKUP($CW28,'Audit Values'!$A:$BW,2,FALSE)), 0, VLOOKUP($CW28,'Audit Values'!$A:$BW,75,FALSE)) -> 0 | BI28: =SUM(BF28:BH28) -> 0 | BJ28: =BE28+BI28 -> 8882562 | BK28: =SUM((U28+V28+AA28+AC28+AF28+AI28+AL28+AM28+AN28)*'Weighting Factors'!O$12)+(MAX(AO28,'Weighting Factors'!B28)) -> 8955012 | BL28: ='LOB%'!F26 -> 0.316 | BM28: =BK28*BL28 -> 2829784 | BN28: 3000778 | BO28: =MIN(BM28,BN28) -> 2829784 | BP28: =BO28/BK28 -> 0.316 | BQ28: =ROUND(IF(U28<=99.9,(U28*1.014331),0),1) -> 0 | BR28: =AND(U28>99.9,U28<=299.9) -> FALSE | BS28: =IF(BR28=TRUE,ROUND((U28-100)*9.655,3),0) -> 0 | BT28: =IF(BR28=TRUE,ROUND(((7337-BS28)/3642.4)-1,6),0) -> 0 | BU28: =ROUND(BT28*U28,1) -> 0 | BV28: =AND(U28>299.9,U28<=1621.9) -> TRUE | BW28: =IF(BV28=TRUE,ROUND((U28-300)*1.2375,4),0) -> 865.6313 | BX28: =IF(BV28=TRUE,ROUND(((5406-BW28)/3642.4)-1,6),0) -> 0.246532 | BY28: =ROUND(BX28*U28,1) -> 246.4 | BZ28: =ROUND(IF(U28>=1622,(U28*0.03504),0),1) -> 0 | CA28: 575 | CB28: =AJ28/CA28 -> 0.259 | CC28: =IF(CB28<0.06,1,IF(CB28>=18.29,52,MATCH(CB28-0.001,'Weighting Factors'!$W$5:$W$156)+1)) -> 18 | CD28: =VLOOKUP(CC28, 'Weighting Factors'!$U$5:$X$56,4) -> 1230 | CE28: =('Weighting Factors'!$O$5/'Weighting Factors'!$O$14) -> 1.2216 | CF28: =AJ28*CD28 -> 183270 | CG28: =CF28*'Weighting Factors'!$Q$7 -> 183270 | CH28: =CG28*CE28 -> 223883 | CI28: =AK28/'Weighting Factors'!$O$5 -> 44 | CJ28: 0 | CK28: 0 | CL28: 0 | CM28: =SUM((AR28*'Weighting Factors'!$O$5)+'2024 Legal Max'!AX28)*CL28 -> 0 | CN28: =IF(CK28>CM28,CM28,CK28) -> 0 | CO28: =AE28/AD28 -> 0.4652 | CP28: =IF(CO28>=50%,AE28*10.5%,0) -> 0 | CQ28: =IF(AND(CO28>35%,CO28<50%),AE28*(CO28-35%)*0.7,0) -> 36.7 | CR28: =AS28+AP28 -> 1737.8 | CS28: ='Required Transfers'!L28 -> 361929 | CT28: ='Required Transfers'!O28 -> 71594 | CU28: ='Required Transfers'!H28 -> 1307107 | CV28: =SUM(R28+T28+AT28+AU28+AV28/6+AW28/6) -> 968.7 | CW28: D0210
A29: 211 | B29: Norton | C29: Norton Community Schools | D29: 618.5 | F29: 0 | G29: =SUM(D29-E29+F29) -> 618.5 | H29: 645.9 | J29: 0 | K29: =SUM(H29-I29+J29) -> 645.9 | L29: 640.7 | N29: 0 | O29: =SUM(L29-M29+N29) -> 640.7 | P29: =IF(ISNA(VLOOKUP($CW29,'Audit Values'!$A:$BZ,2,FALSE)),'Preliminary SO66'!C28,VLOOKUP($CW29,'Audit Values'!$A:$BZ,76,FALSE)) -> 650.5 | Q29: =IF(ISNA(VLOOKUP($CW29,'Audit Values'!$A:$BZ,2,FALSE)),'Preliminary SO66'!F28,VLOOKUP($CW29,'Audit Values'!$A:$BZ,4,FALSE)) -> 0 | R29: =SUM(P29+Q29) -> 650.5 | S29: =IF('Military Provision'!I29="YES", MAX('2024 Legal Max'!O29,'2024 Legal Max'!K29,AVERAGE('2024 Legal Max'!G29,'2024 Legal Max'!K29,'2024 Legal Max'!O29)), MAX(O29, K29)) -> 645.9 | T29: =IF(ISNA(VLOOKUP($CW29,'Audit Values'!$A:$BX,2,FALSE)),'Preliminary SO66'!AL28,VLOOKUP($CW29,'Audit Values'!$A:$BX,59,FALSE)) -> 10 | U29: =S29+T29 -> 655.9 | V29: ='Low-High ENRL- 2023 HSubSB 113'!N32 -> 238.3 | W29: =IF(ISNA(VLOOKUP($CW29,'Audit Values'!$A:$BZ,2,FALSE)),'Preliminary SO66'!AM28,VLOOKUP($CW29,'Audit Values'!$A:$BZ,63,FALSE)) -> 0 | X29: =(W29/6)*'Weighting Factors'!$O$7 -> 0 | Y29: =IF(ISNA(VLOOKUP($CW29,'Audit Values'!$A:$BZ,2,FALSE)),'Preliminary SO66'!AN28,VLOOKUP($CW29,'Audit Values'!$A:$BZ,62,FALSE)) -> 10 | Z29: =Y29*'Weighting Factors'!$O$8 -> 1.9 | AA29: =MAX(X29,Z29) -> 1.9 | AB29: =IF(ISNA(VLOOKUP($CW29,'Audit Values'!$A:$BZ,2,FALSE)),'Preliminary SO66'!AO28,VLOOKUP($CW29,'Audit Values'!$A:$BZ,61,FALSE)) -> 154.6 | AC29: =AB29/6*'Weighting Factors'!$O$6 -> 12.9 | AD29: =IF(ISNA(VLOOKUP($CW29,'Audit Values'!$A:$BX,2,FALSE)),'Preliminary SO66'!AS28,VLOOKUP($CW29,'Audit Values'!$A:$BX,64,FALSE)) -> 676 | AE29: =IF(ISNA(VLOOKUP($CW29,'Audit Values'!$A:$BX,2,FALSE)),'Preliminary SO66'!AP28,VLOOKUP($CW29,'Audit Values'!$A:$BX,65,FALSE)) -> 296 | AF29: =IF(A29=207, AE29,(AE29))*'Weighting Factors'!$O$9 -> 143.3 | AG29: =MAX(CP29,CQ29) -> 18.2 | AH29: =IF(ISNA(VLOOKUP($CW29,'Audit Values'!$A:$BZ,2,FALSE)),'Preliminary SO66'!AG28,VLOOKUP($CW29,'Audit Values'!$A:$BZ,71,FALSE)) -> 20 | AI29: =MAX(AG29, AH29) -> 20 | AJ29: =IF(ISNA(VLOOKUP($CW29,'Audit Values'!$A:$BX,2,FALSE)),'Preliminary SO66'!AR28,VLOOKUP($CW29,'Audit Values'!$A:$BX,66,FALSE)) -> 108 | AK29: =CH29 -> 178109 | AL29: =AK29/'Weighting Factors'!$O$5 -> 35 | AM29: =CJ29/'Weighting Factors'!$O$5 -> 0 | AN29: =CN29/'Weighting Factors'!$O$5 -> 0 | AO29: 800928 | AP29: =AO29/'Weighting Factors'!$O$5 -> 157.4 | AQ29: =IF(ISNA(VLOOKUP($CW29,'Audit Values'!$A:$BX,2,FALSE)),'Preliminary SO66'!X28,VLOOKUP($CW29,'Audit Values'!$A:$BX,48,FALSE)) -> 0 | AR29: =SUM(U29+V29+AA29+AC29+AF29+AI29+AL29+AM29+AP29+AQ29) -> 1264.7 | AS29: =SUM(U29+V29+AA29+AC29+AF29+AI29+AL29+AM29+AN29+AQ29) -> 1107.3 | AT29: =IF(ISNA(VLOOKUP($CW29,'Audit Values'!$A$2:$BX$410,2,FALSE)),'Preliminary SO66'!AA28,VLOOKUP($CW29,'Audit Values'!$A$2:$BX$410,41,FALSE)) -> 0 | AU29: =IF(ISNA(VLOOKUP($CW29,'Audit Values'!$A$2:$BX$410,2,FALSE)),'Preliminary SO66'!AB28,VLOOKUP($CW29,'Audit Values'!$A$2:$BX$410,42,FALSE)) -> 0 | AV29: 0 | AW29: 0 | AX29: =SUM(AT29*'Weighting Factors'!$R$10)+('2024 Legal Max'!AU29*'Weighting Factors'!$R$11)+('2024 Legal Max'!AV29*'Weighting Factors'!$R$12)+('2024 Legal Max'!AW29*'Weighting Factors'!$R$12) -> 0 | AY29: =IF(ISNA(VLOOKUP($CW29,'Audit Values'!$A$2:$BX$429,2,FALSE)),"",IF(AND('Weighting Factors'!G29>0,VLOOKUP($CW29,'Audit Values'!$A$2:$BX$429,51,FALSE)<'Weighting Factors'!G29),'Weighting Factors'!G29,VLOOKUP($CW29,'Audit Values'!$A$2:$BX$429,51,FALSE))) -> 15 | AZ29: =IF(ISNA(VLOOKUP($CW29,'Audit Values'!$A:$BY,2,FALSE)),"",VLOOKUP($CW29,'Audit Values'!$A:$BY,52,FALSE)) -> A | BA29: =IF('Weighting Factors'!F29="","",IF('Weighting Factors'!H29="Pending","PX","R")) | BB29: =SUM((U29+V29+AA29+AC29+AF29+AI29+AL29+AM29+AQ29+AN29)*'Weighting Factors'!$O$5)+'2024 Legal Max'!AX29 -> 5633942 | BC29: =SUM((AR29+AN29)*'Weighting Factors'!$O$5)+AX29 -> 6434794 | BD29: =IF('Weighting Factors'!F29>0,'Weighting Factors'!F29,'Preliminary SO66'!AV28) -> 6646963 | BE29: =MIN(BC29,BD29) -> 6434794 | BF29: ='Weighting Factors'!E29 -> 0 | BG29: =Transportation!G29 -> 0 | BH29: =IF(ISNA(VLOOKUP($CW29,'Audit Values'!$A:$BW,2,FALSE)), 0, VLOOKUP($CW29,'Audit Values'!$A:$BW,75,FALSE)) -> 0 | BI29: =SUM(BF29:BH29) -> 0 | BJ29: =BE29+BI29 -> 6434794 | BK29: =SUM((U29+V29+AA29+AC29+AF29+AI29+AL29+AM29+AN29)*'Weighting Factors'!O$12)+(MAX(AO29,'Weighting Factors'!B29)) -> 6577987 | BL29: ='LOB%'!F27 -> 0.316 | BM29: =BK29*BL29 -> 2078644 | BN29: 2137810 | BO29: =MIN(BM29,BN29) -> 2078644 | BP29: =BO29/BK29 -> 0.316 | BQ29: =ROUND(IF(U29<=99.9,(U29*1.014331),0),1) -> 0 | BR29: =AND(U29>99.9,U29<=299.9) -> FALSE | BS29: =IF(BR29=TRUE,ROUND((U29-100)*9.655,3),0) -> 0 | BT29: =IF(BR29=TRUE,ROUND(((7337-BS29)/3642.4)-1,6),0) -> 0 | BU29: =ROUND(BT29*U29,1) -> 0 | BV29: =AND(U29>299.9,U29<=1621.9) -> TRUE | BW29: =IF(BV29=TRUE,ROUND((U29-300)*1.2375,4),0) -> 440.4263 | BX29: =IF(BV29=TRUE,ROUND(((5406-BW29)/3642.4)-1,6),0) -> 0.36327 | BY29: =ROUND(BX29*U29,1) -> 238.3 | BZ29: =ROUND(IF(U29>=1622,(U29*0.03504),0),1) -> 0 | CA29: 678 | CB29: =AJ29/CA29 -> 0.159 | CC29: =IF(CB29<0.06,1,IF(CB29>=18.29,52,MATCH(CB29-0.001,'Weighting Factors'!$W$5:$W$156)+1)) -> 11 | CD29: =VLOOKUP(CC29, 'Weighting Factors'!$U$5:$X$56,4) -> 1350 | CE29: =('Weighting Factors'!$O$5/'Weighting Factors'!$O$14) -> 1.2216 | CF29: =AJ29*CD29 -> 145800 | CG29: =CF29*'Weighting Factors'!$Q$7 -> 145800 | CH29: =CG29*CE29 -> 178109 | CI29: =AK29/'Weighting Factors'!$O$5 -> 35 | CJ29: 0 | CK29: 0 | CL29: 0 | CM29: =SUM((AR29*'Weighting Factors'!$O$5)+'2024 Legal Max'!AX29)*CL29 -> 0 | CN29: =IF(CK29>CM29,CM29,CK29) -> 0 | CO29: =AE29/AD29 -> 0.4379 | CP29: =IF(CO29>=50%,AE29*10.5%,0) -> 0 | CQ29: =IF(AND(CO29>35%,CO29<50%),AE29*(CO29-35%)*0.7,0) -> 18.2 | CR29: =AS29+AP29 -> 1264.7 | CS29: ='Required Transfers'!L29 -> 237381 | CT29: ='Required Transfers'!O29 -> 3118 | CU29: ='Required Transfers'!H29 -> 830870 | CV29: =SUM(R29+T29+AT29+AU29+AV29/6+AW29/6) -> 660.5 | CW29: D0211
A30: 212 | B30: Norton | C30: Northern Valley | D30: 122.7 | F30: 0 | G30: =SUM(D30-E30+F30) -> 122.7 | H30: 139.6 | J30: 0 | K30: =SUM(H30-I30+J30) -> 139.6 | L30: 135.5 | N30: 0 | O30: =SUM(L30-M30+N30) -> 135.5 | P30: =IF(ISNA(VLOOKUP($CW30,'Audit Values'!$A:$BZ,2,FALSE)),'Preliminary SO66'!C29,VLOOKUP($CW30,'Audit Values'!$A:$BZ,76,FALSE)) -> 143.1 | Q30: =IF(ISNA(VLOOKUP($CW30,'Audit Values'!$A:$BZ,2,FALSE)),'Preliminary SO66'!F29,VLOOKUP($CW30,'Audit Values'!$A:$BZ,4,FALSE)) -> 0 | R30: =SUM(P30+Q30) -> 143.1 | S30: =IF('Military Provision'!I30="YES", MAX('2024 Legal Max'!O30,'2024 Legal Max'!K30,AVERAGE('2024 Legal Max'!G30,'2024 Legal Max'!K30,'2024 Legal Max'!O30)), MAX(O30, K30)) -> 139.6 | T30: =IF(ISNA(VLOOKUP($CW30,'Audit Values'!$A:$BX,2,FALSE)),'Preliminary SO66'!AL29,VLOOKUP($CW30,'Audit Values'!$A:$BX,59,FALSE)) -> 3 | U30: =S30+T30 -> 142.6 | V30: ='Low-High ENRL- 2023 HSubSB 113'!N33 -> 128.5 | W30: =IF(ISNA(VLOOKUP($CW30,'Audit Values'!$A:$BZ,2,FALSE)),'Preliminary SO66'!AM29,VLOOKUP($CW30,'Audit Values'!$A:$BZ,63,FALSE)) -> 0 | X30: =(W30/6)*'Weighting Factors'!$O$7 -> 0 | Y30: =IF(ISNA(VLOOKUP($CW30,'Audit Values'!$A:$BZ,2,FALSE)),'Preliminary SO66'!AN29,VLOOKUP($CW30,'Audit Values'!$A:$BZ,62,FALSE)) -> 1 | Z30: =Y30*'Weighting Factors'!$O$8 -> 0.2 | AA30: =MAX(X30,Z30) -> 0.2 | AB30: =IF(ISNA(VLOOKUP($CW30,'Audit Values'!$A:$BZ,2,FALSE)),'Preliminary SO66'!AO29,VLOOKUP($CW30,'Audit Values'!$A:$BZ,61,FALSE)) -> 65.4 | AC30: =AB30/6*'Weighting Factors'!$O$6 -> 5.5 | AD30: =IF(ISNA(VLOOKUP($CW30,'Audit Values'!$A:$BX,2,FALSE)),'Preliminary SO66'!AS29,VLOOKUP($CW30,'Audit Values'!$A:$BX,64,FALSE)) -> 153 | AE30: =IF(ISNA(VLOOKUP($CW30,'Audit Values'!$A:$BX,2,FALSE)),'Preliminary SO66'!AP29,VLOOKUP($CW30,'Audit Values'!$A:$BX,65,FALSE)) -> 79 | AF30: =IF(A30=207, AE30,(AE30))*'Weighting Factors'!$O$9 -> 38.2 | AG30: =MAX(CP30,CQ30) -> 8.3 | AH30: =IF(ISNA(VLOOKUP($CW30,'Audit Values'!$A:$BZ,2,FALSE)),'Preliminary SO66'!AG29,VLOOKUP($CW30,'Audit Values'!$A:$BZ,71,FALSE)) -> 7.2 | AI30: =MAX(AG30, AH30) -> 8.3 | AJ30: =IF(ISNA(VLOOKUP($CW30,'Audit Values'!$A:$BX,2,FALSE)),'Preliminary SO66'!AR29,VLOOKUP($CW30,'Audit Values'!$A:$BX,66,FALSE)) -> 68 | AK30: =CH30 -> 102175 | AL30: =AK30/'Weighting Factors'!$O$5 -> 20.1 | AM30: =CJ30/'Weighting Factors'!$O$5 -> 0 | AN30: =CN30/'Weighting Factors'!$O$5 -> 0 | AO30: 168992 | AP30: =AO30/'Weighting Factors'!$O$5 -> 33.2 | AQ30: =IF(ISNA(VLOOKUP($CW30,'Audit Values'!$A:$BX,2,FALSE)),'Preliminary SO66'!X29,VLOOKUP($CW30,'Audit Values'!$A:$BX,48,FALSE)) -> 0 | AR30: =SUM(U30+V30+AA30+AC30+AF30+AI30+AL30+AM30+AP30+AQ30) -> 376.6 | AS30: =SUM(U30+V30+AA30+AC30+AF30+AI30+AL30+AM30+AN30+AQ30) -> 343.4 | AT30: =IF(ISNA(VLOOKUP($CW30,'Audit Values'!$A$2:$BX$410,2,FALSE)),'Preliminary SO66'!AA29,VLOOKUP($CW30,'Audit Values'!$A$2:$BX$410,41,FALSE)) -> 0 | AU30: =IF(ISNA(VLOOKUP($CW30,'Audit Values'!$A$2:$BX$410,2,FALSE)),'Preliminary SO66'!AB29,VLOOKUP($CW30,'Audit Values'!$A$2:$BX$410,42,FALSE)) -> 0 | AV30: 0 | AW30: 0 | AX30: =SUM(AT30*'Weighting Factors'!$R$10)+('2024 Legal Max'!AU30*'Weighting Factors'!$R$11)+('2024 Legal Max'!AV30*'Weighting Factors'!$R$12)+('2024 Legal Max'!AW30*'Weighting Factors'!$R$12) -> 0 | AY30: =IF(ISNA(VLOOKUP($CW30,'Audit Values'!$A$2:$BX$429,2,FALSE)),"",IF(AND('Weighting Factors'!G30>0,VLOOKUP($CW30,'Audit Values'!$A$2:$BX$429,51,FALSE)<'Weighting Factors'!G30),'Weighting Factors'!G30,VLOOKUP($CW30,'Audit Values'!$A$2:$BX$429,51,FALSE))) -> 25 | AZ30: =IF(ISNA(VLOOKUP($CW30,'Audit Values'!$A:$BY,2,FALSE)),"",VLOOKUP($CW30,'Audit Values'!$A:$BY,52,FALSE)) -> A | BA30: =IF('Weighting Factors'!F30="","",IF('Weighting Factors'!H30="Pending","PX","R")) -> R | BB30: =SUM((U30+V30+AA30+AC30+AF30+AI30+AL30+AM30+AQ30+AN30)*'Weighting Factors'!$O$5)+'2024 Legal Max'!AX30 -> 1747219 | BC30: =SUM((AR30+AN30)*'Weighting Factors'!$O$5)+AX30 -> 1916141 | BD30: =IF('Weighting Factors'!F30>0,'Weighting Factors'!F30,'Preliminary SO66'!AV29) -> 1917667 | BE30: =MIN(BC30,BD30) -> 1916141 | BF30: ='Weighting Factors'!E30 -> 0 | BG30: =Transportation!G30 -> 0 | BH30: =IF(ISNA(VLOOKUP($CW30,'Audit Values'!$A:$BW,2,FALSE)), 0, VLOOKUP($CW30,'Audit Values'!$A:$BW,75,FALSE)) -> 0 | BI30: =SUM(BF30:BH30) -> 0 | BJ30: =BE30+BI30 -> 1916141 | BK30: =SUM((U30+V30+AA30+AC30+AF30+AI30+AL30+AM30+AN30)*'Weighting Factors'!O$12)+(MAX(AO30,'Weighting Factors'!B30)) -> 2018357 | BL30: ='LOB%'!F28 -> 0.33 | BM30: =BK30*BL30 -> 666058 | BN30: 646994 | BO30: =MIN(BM30,BN30) -> 646994 | BP30: =BO30/BK30 -> 0.3206 | BQ30: =ROUND(IF(U30<=99.9,(U30*1.014331),0),1) -> 0 | BR30: =AND(U30>99.9,U30<=299.9) -> TRUE | BS30: =IF(BR30=TRUE,ROUND((U30-100)*9.655,3),0) -> 411.303 | BT30: =IF(BR30=TRUE,ROUND(((7337-BS30)/3642.4)-1,6),0) -> 0.90141 | BU30: =ROUND(BT30*U30,1) -> 128.5 | BV30: =AND(U30>299.9,U30<=1621.9) -> FALSE | BW30: =IF(BV30=TRUE,ROUND((U30-300)*1.2375,4),0) -> 0 | BX30: =IF(BV30=TRUE,ROUND(((5406-BW30)/3642.4)-1,6),0) -> 0 | BY30: =ROUND(BX30*U30,1) -> 0 | BZ30: =ROUND(IF(U30>=1622,(U30*0.03504),0),1) -> 0 | CA30: 263 | CB30: =AJ30/CA30 -> 0.259 | CC30: =IF(CB30<0.06,1,IF(CB30>=18.29,52,MATCH(CB30-0.001,'Weighting Factors'!$W$5:$W$156)+1)) -> 18 | CD30: =VLOOKUP(CC30, 'Weighting Factors'!$U$5:$X$56,4) -> 1230 | CE30: =('Weighting Factors'!$O$5/'Weighting Factors'!$O$14) -> 1.2216 | CF30: =AJ30*CD30 -> 83640 | CG30: =CF30*'Weighting Factors'!$Q$7 -> 83640 | CH30: =CG30*CE30 -> 102175 | CI30: =AK30/'Weighting Factors'!$O$5 -> 20.1 | CJ30: 0 | CK30: 0 | CL30: 0 | CM30: =SUM((AR30*'Weighting Factors'!$O$5)+'2024 Legal Max'!AX30)*CL30 -> 0 | CN30: =IF(CK30>CM30,CM30,CK30) -> 0 | CO30: =AE30/AD30 -> 0.5163 | CP30: =IF(CO30>=50%,AE30*10.5%,0) -> 8.3 | CQ30: =IF(AND(CO30>35%,CO30<50%),AE30*(CO30-35%)*0.7,0) -> 0 | CR30: =AS30+AP30 -> 376.6 | CS30: ='Required Transfers'!L30 -> 66123 | CT30: ='Required Transfers'!O30 -> 323 | CU30: ='Required Transfers'!H30 -> 236592 | CV30: =SUM(R30+T30+AT30+AU30+AV30/6+AW30/6) -> 146.1 | CW30: D0212
A31: 214 | B31: Grant | C31: Ulysses | D31: 1508.9 | F31: 0 | G31: =SUM(D31-E31+F31) -> 1508.9 | H31: 1434.5 | J31: 0 | K31: =SUM(H31-I31+J31) -> 1434.5 | L31: 1405 | N31: 0 | O31: =SUM(L31-M31+N31) -> 1405 | P31: =IF(ISNA(VLOOKUP($CW31,'Audit Values'!$A:$BZ,2,FALSE)),'Preliminary SO66'!C30,VLOOKUP($CW31,'Audit Values'!$A:$BZ,76,FALSE)) -> 1378.4 | Q31: =IF(ISNA(VLOOKUP($CW31,'Audit Values'!$A:$BZ,2,FALSE)),'Preliminary SO66'!F30,VLOOKUP($CW31,'Audit Values'!$A:$BZ,4,FALSE)) -> 0 | R31: =SUM(P31+Q31) -> 1378.4 | S31: =IF('Military Provision'!I31="YES", MAX('2024 Legal Max'!O31,'2024 Legal Max'!K31,AVERAGE('2024 Legal Max'!G31,'2024 Legal Max'!K31,'2024 Legal Max'!O31)), MAX(O31, K31)) -> 1434.5 | T31: =IF(ISNA(VLOOKUP($CW31,'Audit Values'!$A:$BX,2,FALSE)),'Preliminary SO66'!AL30,VLOOKUP($CW31,'Audit Values'!$A:$BX,59,FALSE)) -> 19.5 | U31: =S31+T31 -> 1454 | V31: ='Low-High ENRL- 2023 HSubSB 113'!N34 -> 133.9 | W31: =IF(ISNA(VLOOKUP($CW31,'Audit Values'!$A:$BZ,2,FALSE)),'Preliminary SO66'!AM30,VLOOKUP($CW31,'Audit Values'!$A:$BZ,63,FALSE)) -> 1471.4 | X31: =(W31/6)*'Weighting Factors'!$O$7 -> 96.9 | Y31: =IF(ISNA(VLOOKUP($CW31,'Audit Values'!$A:$BZ,2,FALSE)),'Preliminary SO66'!AN30,VLOOKUP($CW31,'Audit Values'!$A:$BZ,62,FALSE)) -> 380 | Z31: =Y31*'Weighting Factors'!$O$8 -> 70.3 | AA31: =MAX(X31,Z31) -> 96.9 | AB31: =IF(ISNA(VLOOKUP($CW31,'Audit Values'!$A:$BZ,2,FALSE)),'Preliminary SO66'!AO30,VLOOKUP($CW31,'Audit Values'!$A:$BZ,61,FALSE)) -> 533.3 | AC31: =AB31/6*'Weighting Factors'!$O$6 -> 44.4 | AD31: =IF(ISNA(VLOOKUP($CW31,'Audit Values'!$A:$BX,2,FALSE)),'Preliminary SO66'!AS30,VLOOKUP($CW31,'Audit Values'!$A:$BX,64,FALSE)) -> 1430 | AE31: =IF(ISNA(VLOOKUP($CW31,'Audit Values'!$A:$BX,2,FALSE)),'Preliminary SO66'!AP30,VLOOKUP($CW31,'Audit Values'!$A:$BX,65,FALSE)) -> 846 | AF31: =IF(A31=207, AE31,(AE31))*'Weighting Factors'!$O$9 -> 409.5 | AG31: =MAX(CP31,CQ31) -> 88.8 | AH31: =IF(ISNA(VLOOKUP($CW31,'Audit Values'!$A:$BZ,2,FALSE)),'Preliminary SO66'!AG30,VLOOKUP($CW31,'Audit Values'!$A:$BZ,71,FALSE)) -> 86.9 | AI31: =MAX(AG31, AH31) -> 88.8 | AJ31: =IF(ISNA(VLOOKUP($CW31,'Audit Values'!$A:$BX,2,FALSE)),'Preliminary SO66'!AR30,VLOOKUP($CW31,'Audit Values'!$A:$BX,66,FALSE)) -> 205 | AK31: =CH31 -> 282984 | AL31: =AK31/'Weighting Factors'!$O$5 -> 55.6 | AM31: =CJ31/'Weighting Factors'!$O$5 -> 0 | AN31: =CN31/'Weighting Factors'!$O$5 -> 0 | AO31: 920013 | AP31: =AO31/'Weighting Factors'!$O$5 -> 180.8 | AQ31: =IF(ISNA(VLOOKUP($CW31,'Audit Values'!$A:$BX,2,FALSE)),'Preliminary SO66'!X30,VLOOKUP($CW31,'Audit Values'!$A:$BX,48,FALSE)) -> 0 | AR31: =SUM(U31+V31+AA31+AC31+AF31+AI31+AL31+AM31+AP31+AQ31) -> 2463.9 | AS31: =SUM(U31+V31+AA31+AC31+AF31+AI31+AL31+AM31+AN31+AQ31) -> 2283.1 | AT31: =IF(ISNA(VLOOKUP($CW31,'Audit Values'!$A$2:$BX$410,2,FALSE)),'Preliminary SO66'!AA30,VLOOKUP($CW31,'Audit Values'!$A$2:$BX$410,41,FALSE)) -> 34 | AU31: =IF(ISNA(VLOOKUP($CW31,'Audit Values'!$A$2:$BX$410,2,FALSE)),'Preliminary SO66'!AB30,VLOOKUP($CW31,'Audit Values'!$A$2:$BX$410,42,FALSE)) -> 13 | AV31: 68 | AW31: 20.5 | AX31: =SUM(AT31*'Weighting Factors'!$R$10)+('2024 Legal Max'!AU31*'Weighting Factors'!$R$11)+('2024 Legal Max'!AV31*'Weighting Factors'!$R$12)+('2024 Legal Max'!AW31*'Weighting Factors'!$R$12) -> 289547 | AY31: =IF(ISNA(VLOOKUP($CW31,'Audit Values'!$A$2:$BX$429,2,FALSE)),"",IF(AND('Weighting Factors'!G31>0,VLOOKUP($CW31,'Audit Values'!$A$2:$BX$429,51,FALSE)<'Weighting Factors'!G31),'Weighting Factors'!G31,VLOOKUP($CW31,'Audit Values'!$A$2:$BX$429,51,FALSE))) -> 18 | AZ31: =IF(ISNA(VLOOKUP($CW31,'Audit Values'!$A:$BY,2,FALSE)),"",VLOOKUP($CW31,'Audit Values'!$A:$BY,52,FALSE)) -> A | BA31: =IF('Weighting Factors'!F31="","",IF('Weighting Factors'!H31="Pending","PX","R")) | BB31: =SUM((U31+V31+AA31+AC31+AF31+AI31+AL31+AM31+AQ31+AN31)*'Weighting Factors'!$O$5)+'2024 Legal Max'!AX31 -> 11905960 | BC31: =SUM((AR31+AN31)*'Weighting Factors'!$O$5)+AX31 -> 12825870 | BD31: =IF('Weighting Factors'!F31>0,'Weighting Factors'!F31,'Preliminary SO66'!AV30) -> 13007191 | BE31: =MIN(BC31,BD31) -> 12825870 | BF31: ='Weighting Factors'!E31 -> 0 | BG31: =Transportation!G31 -> 0 | BH31: =IF(ISNA(VLOOKUP($CW31,'Audit Values'!$A:$BW,2,FALSE)), 0, VLOOKUP($CW31,'Audit Values'!$A:$BW,75,FALSE)) -> -12762 | BI31: =SUM(BF31:BH31) -> -12762 | BJ31: =BE31+BI31 -> 12813108 | BK31: =SUM((U31+V31+AA31+AC31+AF31+AI31+AL31+AM31+AN31)*'Weighting Factors'!O$12)+(MAX(AO31,'Weighting Factors'!B31)) -> 12770460 | BL31: ='LOB%'!F29 -> 0.316 | BM31: =BK31*BL31 -> 4035465 | BN31: 4124970 | BO31: =MIN(BM31,BN31) -> 4035465 | BP31: =BO31/BK31 -> 0.316 | BQ31: =ROUND(IF(U31<=99.9,(U31*1.014331),0),1) -> 0 | BR31: =AND(U31>99.9,U31<=299.9) -> FALSE | BS31: =IF(BR31=TRUE,ROUND((U31-100)*9.655,3),0) -> 0 | BT31: =IF(BR31=TRUE,ROUND(((7337-BS31)/3642.4)-1,6),0) -> 0 | BU31: =ROUND(BT31*U31,1) -> 0 | BV31: =AND(U31>299.9,U31<=1621.9) -> TRUE | BW31: =IF(BV31=TRUE,ROUND((U31-300)*1.2375,4),0) -> 1428.075 | BX31: =IF(BV31=TRUE,ROUND(((5406-BW31)/3642.4)-1,6),0) -> 0.092116 | BY31: =ROUND(BX31*U31,1) -> 133.9 | BZ31: =ROUND(IF(U31>=1622,(U31*0.03504),0),1) -> 0 | CA31: 517 | CB31: =AJ31/CA31 -> 0.397 | CC31: =IF(CB31<0.06,1,IF(CB31>=18.29,52,MATCH(CB31-0.001,'Weighting Factors'!$W$5:$W$156)+1)) -> 23 | CD31: =VLOOKUP(CC31, 'Weighting Factors'!$U$5:$X$56,4) -> 1130 | CE31: =('Weighting Factors'!$O$5/'Weighting Factors'!$O$14) -> 1.2216 | CF31: =AJ31*CD31 -> 231650 | CG31: =CF31*'Weighting Factors'!$Q$7 -> 231650 | CH31: =CG31*CE31 -> 282984 | CI31: =AK31/'Weighting Factors'!$O$5 -> 55.6 | CJ31: 0 | CK31: 0 | CL31: 0 | CM31: =SUM((AR31*'Weighting Factors'!$O$5)+'2024 Legal Max'!AX31)*CL31 -> 0 | CN31: =IF(CK31>CM31,CM31,CK31) -> 0 | CO31: =AE31/AD31 -> 0.5916 | CP31: =IF(CO31>=50%,AE31*10.5%,0) -> 88.8 | CQ31: =IF(AND(CO31>35%,CO31<50%),AE31*(CO31-35%)*0.7,0) -> 0 | CR31: =AS31+AP31 -> 2463.9 | CS31: ='Required Transfers'!L31 -> 675940 | CT31: ='Required Transfers'!O31 -> 159804 | CU31: ='Required Transfers'!H31 -> 2535350 | CV31: =SUM(R31+T31+AT31+AU31+AV31/6+AW31/6) -> 1459.7 | CW31: D0214
A32: 215 | B32: Kearny | C32: Lakin | D32: 615 | F32: 0 | G32: =SUM(D32-E32+F32) -> 615 | H32: 602 | J32: 0 | K32: =SUM(H32-I32+J32) -> 602 | L32: 621.9 | N32: 0 | O32: =SUM(L32-M32+N32) -> 621.9 | P32: =IF(ISNA(VLOOKUP($CW32,'Audit Values'!$A:$BZ,2,FALSE)),'Preliminary SO66'!C31,VLOOKUP($CW32,'Audit Values'!$A:$BZ,76,FALSE)) -> 604.1 | Q32: =IF(ISNA(VLOOKUP($CW32,'Audit Values'!$A:$BZ,2,FALSE)),'Preliminary SO66'!F31,VLOOKUP($CW32,'Audit Values'!$A:$BZ,4,FALSE)) -> 0 | R32: =SUM(P32+Q32) -> 604.1 | S32: =IF('Military Provision'!I32="YES", MAX('2024 Legal Max'!O32,'2024 Legal Max'!K32,AVERAGE('2024 Legal Max'!G32,'2024 Legal Max'!K32,'2024 Legal Max'!O32)), MAX(O32, K32)) -> 621.9 | T32: =IF(ISNA(VLOOKUP($CW32,'Audit Values'!$A:$BX,2,FALSE)),'Preliminary SO66'!AL31,VLOOKUP($CW32,'Audit Values'!$A:$BX,59,FALSE)) -> 5 | U32: =S32+T32 -> 626.9 | V32: ='Low-High ENRL- 2023 HSubSB 113'!N35 -> 233.9 | W32: =IF(ISNA(VLOOKUP($CW32,'Audit Values'!$A:$BZ,2,FALSE)),'Preliminary SO66'!AM31,VLOOKUP($CW32,'Audit Values'!$A:$BZ,63,FALSE)) -> 332.3 | X32: =(W32/6)*'Weighting Factors'!$O$7 -> 21.9 | Y32: =IF(ISNA(VLOOKUP($CW32,'Audit Values'!$A:$BZ,2,FALSE)),'Preliminary SO66'!AN31,VLOOKUP($CW32,'Audit Values'!$A:$BZ,62,FALSE)) -> 111 | Z32: =Y32*'Weighting Factors'!$O$8 -> 20.5 | AA32: =MAX(X32,Z32) -> 21.9 | AB32: =IF(ISNA(VLOOKUP($CW32,'Audit Values'!$A:$BZ,2,FALSE)),'Preliminary SO66'!AO31,VLOOKUP($CW32,'Audit Values'!$A:$BZ,61,FALSE)) -> 252.9 | AC32: =AB32/6*'Weighting Factors'!$O$6 -> 21.1 | AD32: =IF(ISNA(VLOOKUP($CW32,'Audit Values'!$A:$BX,2,FALSE)),'Preliminary SO66'!AS31,VLOOKUP($CW32,'Audit Values'!$A:$BX,64,FALSE)) -> 615 | AE32: =IF(ISNA(VLOOKUP($CW32,'Audit Values'!$A:$BX,2,FALSE)),'Preliminary SO66'!AP31,VLOOKUP($CW32,'Audit Values'!$A:$BX,65,FALSE)) -> 313 | AF32: =IF(A32=207, AE32,(AE32))*'Weighting Factors'!$O$9 -> 151.5 | AG32: =MAX(CP32,CQ32) -> 32.9 | AH32: =IF(ISNA(VLOOKUP($CW32,'Audit Values'!$A:$BZ,2,FALSE)),'Preliminary SO66'!AG31,VLOOKUP($CW32,'Audit Values'!$A:$BZ,71,FALSE)) -> 32.2 | AI32: =MAX(AG32, AH32) -> 32.9 | AJ32: =IF(ISNA(VLOOKUP($CW32,'Audit Values'!$A:$BX,2,FALSE)),'Preliminary SO66'!AR31,VLOOKUP($CW32,'Audit Values'!$A:$BX,66,FALSE)) -> 39 | AK32: =CH32 -> 75275 | AL32: =AK32/'Weighting Factors'!$O$5 -> 14.8 | AM32: =CJ32/'Weighting Factors'!$O$5 -> 0 | AN32: =CN32/'Weighting Factors'!$O$5 -> 0 | AO32: 381510 | AP32: =AO32/'Weighting Factors'!$O$5 -> 75 | AQ32: =IF(ISNA(VLOOKUP($CW32,'Audit Values'!$A:$BX,2,FALSE)),'Preliminary SO66'!X31,VLOOKUP($CW32,'Audit Values'!$A:$BX,48,FALSE)) -> 0 | AR32: =SUM(U32+V32+AA32+AC32+AF32+AI32+AL32+AM32+AP32+AQ32) -> 1178 | AS32: =SUM(U32+V32+AA32+AC32+AF32+AI32+AL32+AM32+AN32+AQ32) -> 1103 | AT32: =IF(ISNA(VLOOKUP($CW32,'Audit Values'!$A$2:$BX$410,2,FALSE)),'Preliminary SO66'!AA31,VLOOKUP($CW32,'Audit Values'!$A$2:$BX$410,41,FALSE)) -> 0 | AU32: =IF(ISNA(VLOOKUP($CW32,'Audit Values'!$A$2:$BX$410,2,FALSE)),'Preliminary SO66'!AB31,VLOOKUP($CW32,'Audit Values'!$A$2:$BX$410,42,FALSE)) -> 0 | AV32: 0 | AW32: 0 | AX32: =SUM(AT32*'Weighting Factors'!$R$10)+('2024 Legal Max'!AU32*'Weighting Factors'!$R$11)+('2024 Legal Max'!AV32*'Weighting Factors'!$R$12)+('2024 Legal Max'!AW32*'Weighting Factors'!$R$12) -> 0 | AY32: =IF(ISNA(VLOOKUP($CW32,'Audit Values'!$A$2:$BX$429,2,FALSE)),"",IF(AND('Weighting Factors'!G32>0,VLOOKUP($CW32,'Audit Values'!$A$2:$BX$429,51,FALSE)<'Weighting Factors'!G32),'Weighting Factors'!G32,VLOOKUP($CW32,'Audit Values'!$A$2:$BX$429,51,FALSE))) -> 24 | AZ32: =IF(ISNA(VLOOKUP($CW32,'Audit Values'!$A:$BY,2,FALSE)),"",VLOOKUP($CW32,'Audit Values'!$A:$BY,52,FALSE)) -> A | BA32: =IF('Weighting Factors'!F32="","",IF('Weighting Factors'!H32="Pending","PX","R")) -> R | BB32: =SUM((U32+V32+AA32+AC32+AF32+AI32+AL32+AM32+AQ32+AN32)*'Weighting Factors'!$O$5)+'2024 Legal Max'!AX32 -> 5612064 | BC32: =SUM((AR32+AN32)*'Weighting Factors'!$O$5)+AX32 -> 5993664 | BD32: =IF('Weighting Factors'!F32>0,'Weighting Factors'!F32,'Preliminary SO66'!AV31) -> 6023174 | BE32: =MIN(BC32,BD32) -> 5993664 | BF32: ='Weighting Factors'!E32 -> 0 | BG32: =Transportation!G32 -> 0 | BH32: =IF(ISNA(VLOOKUP($CW32,'Audit Values'!$A:$BW,2,FALSE)), 0, VLOOKUP($CW32,'Audit Values'!$A:$BW,75,FALSE)) -> 0 | BI32: =SUM(BF32:BH32) -> 0 | BJ32: =BE32+BI32 -> 5993664 | BK32: =SUM((U32+V32+AA32+AC32+AF32+AI32+AL32+AM32+AN32)*'Weighting Factors'!O$12)+(MAX(AO32,'Weighting Factors'!B32)) -> 6085825 | BL32: ='LOB%'!F30 -> 0.316 | BM32: =BK32*BL32 -> 1923121 | BN32: 1915891 | BO32: =MIN(BM32,BN32) -> 1915891 | BP32: =BO32/BK32 -> 0.3148 | BQ32: =ROUND(IF(U32<=99.9,(U32*1.014331),0),1) -> 0 | BR32: =AND(U32>99.9,U32<=299.9) -> FALSE | BS32: =IF(BR32=TRUE,ROUND((U32-100)*9.655,3),0) -> 0 | BT32: =IF(BR32=TRUE,ROUND(((7337-BS32)/3642.4)-1,6),0) -> 0 | BU32: =ROUND(BT32*U32,1) -> 0 | BV32: =AND(U32>299.9,U32<=1621.9) -> TRUE | BW32: =IF(BV32=TRUE,ROUND((U32-300)*1.2375,4),0) -> 404.5388 | BX32: =IF(BV32=TRUE,ROUND(((5406-BW32)/3642.4)-1,6),0) -> 0.373122 | BY32: =ROUND(BX32*U32,1) -> 233.9 | BZ32: =ROUND(IF(U32>=1622,(U32*0.03504),0),1) -> 0 | CA32: 646 | CB32: =AJ32/CA32 -> 0.06 | CC32: =IF(CB32<0.06,1,IF(CB32>=18.29,52,MATCH(CB32-0.001,'Weighting Factors'!$W$5:$W$156)+1)) -> 2 | CD32: =VLOOKUP(CC32, 'Weighting Factors'!$U$5:$X$56,4) -> 1580 | CE32: =('Weighting Factors'!$O$5/'Weighting Factors'!$O$14) -> 1.2216 | CF32: =AJ32*CD32 -> 61620 | CG32: =CF32*'Weighting Factors'!$Q$7 -> 61620 | CH32: =CG32*CE32 -> 75275 | CI32: =AK32/'Weighting Factors'!$O$5 -> 14.8 | CJ32: 0 | CK32: 0 | CL32: 0 | CM32: =SUM((AR32*'Weighting Factors'!$O$5)+'2024 Legal Max'!AX32)*CL32 -> 0 | CN32: =IF(CK32>CM32,CM32,CK32) -> 0 | CO32: =AE32/AD32 -> 0.5089 | CP32: =IF(CO32>=50%,AE32*10.5%,0) -> 32.9 | CQ32: =IF(AND(CO32>35%,CO32<50%),AE32*(CO32-35%)*0.7,0) -> 0 | CR32: =AS32+AP32 -> 1178 | CS32: ='Required Transfers'!L32 -> 247533 | CT32: ='Required Transfers'!O32 -> 35827 | CU32: ='Required Transfers'!H32 -> 938227 | CV32: =SUM(R32+T32+AT32+AU32+AV32/6+AW32/6) -> 609.1 | CW32: D0215
A33: 216 | B33: Kearny | C33: Deerfield | D33: 179.5 | F33: 0 | G33: =SUM(D33-E33+F33) -> 179.5 | H33: 210.5 | J33: 0 | K33: =SUM(H33-I33+J33) -> 210.5 | L33: 216.5 | N33: 0 | O33: =SUM(L33-M33+N33) -> 216.5 | P33: =IF(ISNA(VLOOKUP($CW33,'Audit Values'!$A:$BZ,2,FALSE)),'Preliminary SO66'!C32,VLOOKUP($CW33,'Audit Values'!$A:$BZ,76,FALSE)) -> 228 | Q33: =IF(ISNA(VLOOKUP($CW33,'Audit Values'!$A:$BZ,2,FALSE)),'Preliminary SO66'!F32,VLOOKUP($CW33,'Audit Values'!$A:$BZ,4,FALSE)) -> 0 | R33: =SUM(P33+Q33) -> 228 | S33: =IF('Military Provision'!I33="YES", MAX('2024 Legal Max'!O33,'2024 Legal Max'!K33,AVERAGE('2024 Legal Max'!G33,'2024 Legal Max'!K33,'2024 Legal Max'!O33)), MAX(O33, K33)) -> 216.5 | T33: =IF(ISNA(VLOOKUP($CW33,'Audit Values'!$A:$BX,2,FALSE)),'Preliminary SO66'!AL32,VLOOKUP($CW33,'Audit Values'!$A:$BX,59,FALSE)) -> 7.5 | U33: =S33+T33 -> 224 | V33: ='Low-High ENRL- 2023 HSubSB 113'!N36 -> 153.6 | W33: =IF(ISNA(VLOOKUP($CW33,'Audit Values'!$A:$BZ,2,FALSE)),'Preliminary SO66'!AM32,VLOOKUP($CW33,'Audit Values'!$A:$BZ,63,FALSE)) -> 338 | X33: =(W33/6)*'Weighting Factors'!$O$7 -> 22.3 | Y33: =IF(ISNA(VLOOKUP($CW33,'Audit Values'!$A:$BZ,2,FALSE)),'Preliminary SO66'!AN32,VLOOKUP($CW33,'Audit Values'!$A:$BZ,62,FALSE)) -> 84 | Z33: =Y33*'Weighting Factors'!$O$8 -> 15.5 | AA33: =MAX(X33,Z33) -> 22.3 | AB33: =IF(ISNA(VLOOKUP($CW33,'Audit Values'!$A:$BZ,2,FALSE)),'Preliminary SO66'!AO32,VLOOKUP($CW33,'Audit Values'!$A:$BZ,61,FALSE)) -> 58.5 | AC33: =AB33/6*'Weighting Factors'!$O$6 -> 4.9 | AD33: =IF(ISNA(VLOOKUP($CW33,'Audit Values'!$A:$BX,2,FALSE)),'Preliminary SO66'!AS32,VLOOKUP($CW33,'Audit Values'!$A:$BX,64,FALSE)) -> 245 | AE33: =IF(ISNA(VLOOKUP($CW33,'Audit Values'!$A:$BX,2,FALSE)),'Preliminary SO66'!AP32,VLOOKUP($CW33,'Audit Values'!$A:$BX,65,FALSE)) -> 145 | AF33: =IF(A33=207, AE33,(AE33))*'Weighting Factors'!$O$9 -> 70.2 | AG33: =MAX(CP33,CQ33) -> 15.2 | AH33: =IF(ISNA(VLOOKUP($CW33,'Audit Values'!$A:$BZ,2,FALSE)),'Preliminary SO66'!AG32,VLOOKUP($CW33,'Audit Values'!$A:$BZ,71,FALSE)) -> 15.3 | AI33: =MAX(AG33, AH33) -> 15.3 | AJ33: =IF(ISNA(VLOOKUP($CW33,'Audit Values'!$A:$BX,2,FALSE)),'Preliminary SO66'!AR32,VLOOKUP($CW33,'Audit Values'!$A:$BX,66,FALSE)) -> 11 | AK33: =CH33 -> 21769 | AL33: =AK33/'Weighting Factors'!$O$5 -> 4.3 | AM33: =CJ33/'Weighting Factors'!$O$5 -> 0 | AN33: =CN33/'Weighting Factors'!$O$5 -> 0 | AO33: 148924 | AP33: =AO33/'Weighting Factors'!$O$5 -> 29.3 | AQ33: =IF(ISNA(VLOOKUP($CW33,'Audit Values'!$A:$BX,2,FALSE)),'Preliminary SO66'!X32,VLOOKUP($CW33,'Audit Values'!$A:$BX,48,FALSE)) -> 0 | AR33: =SUM(U33+V33+AA33+AC33+AF33+AI33+AL33+AM33+AP33+AQ33) -> 523.9 | AS33: =SUM(U33+V33+AA33+AC33+AF33+AI33+AL33+AM33+AN33+AQ33) -> 494.6 | AT33: =IF(ISNA(VLOOKUP($CW33,'Audit Values'!$A$2:$BX$410,2,FALSE)),'Preliminary SO66'!AA32,VLOOKUP($CW33,'Audit Values'!$A$2:$BX$410,41,FALSE)) -> 0 | AU33: =IF(ISNA(VLOOKUP($CW33,'Audit Values'!$A$2:$BX$410,2,FALSE)),'Preliminary SO66'!AB32,VLOOKUP($CW33,'Audit Values'!$A$2:$BX$410,42,FALSE)) -> 0 | AV33: 0 | AW33: 0 | AX33: =SUM(AT33*'Weighting Factors'!$R$10)+('2024 Legal Max'!AU33*'Weighting Factors'!$R$11)+('2024 Legal Max'!AV33*'Weighting Factors'!$R$12)+('2024 Legal Max'!AW33*'Weighting Factors'!$R$12) -> 0 | AY33: =IF(ISNA(VLOOKUP($CW33,'Audit Values'!$A$2:$BX$429,2,FALSE)),"",IF(AND('Weighting Factors'!G33>0,VLOOKUP($CW33,'Audit Values'!$A$2:$BX$429,51,FALSE)<'Weighting Factors'!G33),'Weighting Factors'!G33,VLOOKUP($CW33,'Audit Values'!$A$2:$BX$429,51,FALSE))) -> 17 | AZ33: =IF(ISNA(VLOOKUP($CW33,'Audit Values'!$A:$BY,2,FALSE)),"",VLOOKUP($CW33,'Audit Values'!$A:$BY,52,FALSE)) -> A | BA33: =IF('Weighting Factors'!F33="","",IF('Weighting Factors'!H33="Pending","PX","R")) | BB33: =SUM((U33+V33+AA33+AC33+AF33+AI33+AL33+AM33+AQ33+AN33)*'Weighting Factors'!$O$5)+'2024 Legal Max'!AX33 -> 2516525 | BC33: =SUM((AR33+AN33)*'Weighting Factors'!$O$5)+AX33 -> 2665603 | BD33: =IF('Weighting Factors'!F33>0,'Weighting Factors'!F33,'Preliminary SO66'!AV32) -> 2688499 | BE33: =MIN(BC33,BD33) -> 2665603 | BF33: ='Weighting Factors'!E33 -> 0 | BG33: =Transportation!G33 -> 0 | BH33: =IF(ISNA(VLOOKUP($CW33,'Audit Values'!$A:$BW,2,FALSE)), 0, VLOOKUP($CW33,'Audit Values'!$A:$BW,75,FALSE)) -> 0 | BI33: =SUM(BF33:BH33) -> 0 | BJ33: =BE33+BI33 -> 2665603 | BK33: =SUM((U33+V33+AA33+AC33+AF33+AI33+AL33+AM33+AN33)*'Weighting Factors'!O$12)+(MAX(AO33,'Weighting Factors'!B33)) -> 2757036 | BL33: ='LOB%'!F31 -> 0.33 | BM33: =BK33*BL33 -> 909822 | BN33: 914417 | BO33: =MIN(BM33,BN33) -> 909822 | BP33: =BO33/BK33 -> 0.33 | BQ33: =ROUND(IF(U33<=99.9,(U33*1.014331),0),1) -> 0 | BR33: =AND(U33>99.9,U33<=299.9) -> TRUE | BS33: =IF(BR33=TRUE,ROUND((U33-100)*9.655,3),0) -> 1197.22 | BT33: =IF(BR33=TRUE,ROUND(((7337-BS33)/3642.4)-1,6),0) -> 0.685641 | BU33: =ROUND(BT33*U33,1) -> 153.6 | BV33: =AND(U33>299.9,U33<=1621.9) -> FALSE | BW33: =IF(BV33=TRUE,ROUND((U33-300)*1.2375,4),0) -> 0 | BX33: =IF(BV33=TRUE,ROUND(((5406-BW33)/3642.4)-1,6),0) -> 0 | BY33: =ROUND(BX33*U33,1) -> 0 | BZ33: =ROUND(IF(U33>=1622,(U33*0.03504),0),1) -> 0 | CA33: 216 | CB33: =AJ33/CA33 -> 0.051 | CC33: =IF(CB33<0.06,1,IF(CB33>=18.29,52,MATCH(CB33-0.001,'Weighting Factors'!$W$5:$W$156)+1)) -> 1 | CD33: =VLOOKUP(CC33, 'Weighting Factors'!$U$5:$X$56,4) -> 1620 | CE33: =('Weighting Factors'!$O$5/'Weighting Factors'!$O$14) -> 1.2216 | CF33: =AJ33*CD33 -> 17820 | CG33: =CF33*'Weighting Factors'!$Q$7 -> 17820 | CH33: =CG33*CE33 -> 21769 | CI33: =AK33/'Weighting Factors'!$O$5 -> 4.3 | CJ33: 0 | CK33: 0 | CL33: 0 | CM33: =SUM((AR33*'Weighting Factors'!$O$5)+'2024 Legal Max'!AX33)*CL33 -> 0 | CN33: =IF(CK33>CM33,CM33,CK33) -> 0 | CO33: =AE33/AD33 -> 0.5918 | CP33: =IF(CO33>=50%,AE33*10.5%,0) -> 15.2 | CQ33: =IF(AND(CO33>35%,CO33<50%),AE33*(CO33-35%)*0.7,0) -> 0 | CR33: =AS33+AP33 -> 523.9 | CS33: ='Required Transfers'!L33 -> 123645 | CT33: ='Required Transfers'!O33 -> 39304 | CU33: ='Required Transfers'!H33 -> 435024 | CV33: =SUM(R33+T33+AT33+AU33+AV33/6+AW33/6) -> 235.5 | CW33: D0216
... A37: 220 | B37: Clark | C37: Ashland | D37: 186.1 | F37: 0 | G37: =SUM(D37-E37+F37) -> 186.1 | H37: 196.8 | J37: 0 | K37: =SUM(H37-I37+J37) -> 196.8 | L37: 186.5 | N37: 0 | O37: =SUM(L37-M37+N37) -> 186.5 | P37: =IF(ISNA(VLOOKUP($CW37,'Audit Values'!$A:$BZ,2,FALSE)),'Preliminary SO66'!C36,VLOOKUP($CW37,'Audit Values'!$A:$BZ,76,FALSE)) -> 192.3 | Q37: =IF(ISNA(VLOOKUP($CW37,'Audit Values'!$A:$BZ,2,FALSE)),'Preliminary SO66'!F36,VLOOKUP($CW37,'Audit Values'!$A:$BZ,4,FALSE)) -> 0 | R37: =SUM(P37+Q37) -> 192.3 | S37: =IF('Military Provision'!I37="YES", MAX('2024 Legal Max'!O37,'2024 Legal Max'!K37,AVERAGE('2024 Legal Max'!G37,'2024 Legal Max'!K37,'2024 Legal Max'!O37)), MAX(O37, K37)) -> 196.8 | T37: =IF(ISNA(VLOOKUP($CW37,'Audit Values'!$A:$BX,2,FALSE)),'Preliminary SO66'!AL36,VLOOKUP($CW37,'Audit Values'!$A:$BX,59,FALSE)) -> 2 | U37: =S37+T37 -> 198.8 | V37: ='Low-High ENRL- 2023 HSubSB 113'!N40 -> 149.6 | W37: =IF(ISNA(VLOOKUP($CW37,'Audit Values'!$A:$BZ,2,FALSE)),'Preliminary SO66'!AM36,VLOOKUP($CW37,'Audit Values'!$A:$BZ,63,FALSE)) -> 24.5 | X37: =(W37/6)*'Weighting Factors'!$O$7 -> 1.6 | Y37: =IF(ISNA(VLOOKUP($CW37,'Audit Values'!$A:$BZ,2,FALSE)),'Preliminary SO66'!AN36,VLOOKUP($CW37,'Audit Values'!$A:$BZ,62,FALSE)) -> 15 | Z37: =Y37*'Weighting Factors'!$O$8 -> 2.8 | AA37: =MAX(X37,Z37) -> 2.8 | AB37: =IF(ISNA(VLOOKUP($CW37,'Audit Values'!$A:$BZ,2,FALSE)),'Preliminary SO66'!AO36,VLOOKUP($CW37,'Audit Values'!$A:$BZ,61,FALSE)) -> 56.2 | AC37: =AB37/6*'Weighting Factors'!$O$6 -> 4.7 | AD37: =IF(ISNA(VLOOKUP($CW37,'Audit Values'!$A:$BX,2,FALSE)),'Preliminary SO66'!AS36,VLOOKUP($CW37,'Audit Values'!$A:$BX,64,FALSE)) -> 199 | AE37: =IF(ISNA(VLOOKUP($CW37,'Audit Values'!$A:$BX,2,FALSE)),'Preliminary SO66'!AP36,VLOOKUP($CW37,'Audit Values'!$A:$BX,65,FALSE)) -> 77 | AF37: =IF(A37=207, AE37,(AE37))*'Weighting Factors'!$O$9 -> 37.3 | AG37: =MAX(CP37,CQ37) -> 2 | AH37: =IF(ISNA(VLOOKUP($CW37,'Audit Values'!$A:$BZ,2,FALSE)),'Preliminary SO66'!AG36,VLOOKUP($CW37,'Audit Values'!$A:$BZ,71,FALSE)) -> 3.3 | AI37: =MAX(AG37, AH37) -> 3.3 | AJ37: =IF(ISNA(VLOOKUP($CW37,'Audit Values'!$A:$BX,2,FALSE)),'Preliminary SO66'!AR36,VLOOKUP($CW37,'Audit Values'!$A:$BX,66,FALSE)) -> 26.5 | AK37: =CH37 -> 52443 | AL37: =AK37/'Weighting Factors'!$O$5 -> 10.3 | AM37: =CJ37/'Weighting Factors'!$O$5 -> 0 | AN37: =CN37/'Weighting Factors'!$O$5 -> 0 | AO37: 157078 | AP37: =AO37/'Weighting Factors'!$O$5 -> 30.9 | AQ37: =IF(ISNA(VLOOKUP($CW37,'Audit Values'!$A:$BX,2,FALSE)),'Preliminary SO66'!X36,VLOOKUP($CW37,'Audit Values'!$A:$BX,48,FALSE)) -> 0 | AR37: =SUM(U37+V37+AA37+AC37+AF37+AI37+AL37+AM37+AP37+AQ37) -> 437.7 | AS37: =SUM(U37+V37+AA37+AC37+AF37+AI37+AL37+AM37+AN37+AQ37) -> 406.8 | AT37: =IF(ISNA(VLOOKUP($CW37,'Audit Values'!$A$2:$BX$410,2,FALSE)),'Preliminary SO66'!AA36,VLOOKUP($CW37,'Audit Values'!$A$2:$BX$410,41,FALSE)) -> 0 | AU37: =IF(ISNA(VLOOKUP($CW37,'Audit Values'!$A$2:$BX$410,2,FALSE)),'Preliminary SO66'!AB36,VLOOKUP($CW37,'Audit Values'!$A$2:$BX$410,42,FALSE)) -> 0 | AV37: 0 | AW37: 0 | AX37: =SUM(AT37*'Weighting Factors'!$R$10)+('2024 Legal Max'!AU37*'Weighting Factors'!$R$11)+('2024 Legal Max'!AV37*'Weighting Factors'!$R$12)+('2024 Legal Max'!AW37*'Weighting Factors'!$R$12) -> 0 | AY37: =IF(ISNA(VLOOKUP($CW37,'Audit Values'!$A$2:$BX$429,2,FALSE)),"",IF(AND('Weighting Factors'!G37>0,VLOOKUP($CW37,'Audit Values'!$A$2:$BX$429,51,FALSE)<'Weighting Factors'!G37),'Weighting Factors'!G37,VLOOKUP($CW37,'Audit Values'!$A$2:$BX$429,51,FALSE))) -> 11 | AZ37: =IF(ISNA(VLOOKUP($CW37,'Audit Values'!$A:$BY,2,FALSE)),"",VLOOKUP($CW37,'Audit Values'!$A:$BY,52,FALSE)) -> A | BA37: =IF('Weighting Factors'!F37="","",IF('Weighting Factors'!H37="Pending","PX","R")) | BB37: =SUM((U37+V37+AA37+AC37+AF37+AI37+AL37+AM37+AQ37+AN37)*'Weighting Factors'!$O$5)+'2024 Legal Max'!AX37 -> 2069798 | BC37: =SUM((AR37+AN37)*'Weighting Factors'!$O$5)+AX37 -> 2227018 | BD37: =IF('Weighting Factors'!F37>0,'Weighting Factors'!F37,'Preliminary SO66'!AV36) -> 2318602 | BE37: =MIN(BC37,BD37) -> 2227018 | BF37: ='Weighting Factors'!E37 -> 0 | BG37: =Transportation!G37 -> 0 | BH37: =IF(ISNA(VLOOKUP($CW37,'Audit Values'!$A:$BW,2,FALSE)), 0, VLOOKUP($CW37,'Audit Values'!$A:$BW,75,FALSE)) -> 0 | BI37: =SUM(BF37:BH37) -> 0 | BJ37: =BE37+BI37 -> 2227018 | BK37: =SUM((U37+V37+AA37+AC37+AF37+AI37+AL37+AM37+AN37)*'Weighting Factors'!O$12)+(MAX(AO37,'Weighting Factors'!B37)) -> 2296955 | BL37: ='LOB%'!F35 -> 0.316 | BM37: =BK37*BL37 -> 725838 | BN37: 742463 | BO37: =MIN(BM37,BN37) -> 725838 | BP37: =BO37/BK37 -> 0.316 | BQ37: =ROUND(IF(U37<=99.9,(U37*1.014331),0),1) -> 0 | BR37: =AND(U37>99.9,U37<=299.9) -> TRUE | BS37: =IF(BR37=TRUE,ROUND((U37-100)*9.655,3),0) -> 953.914 | BT37: =IF(BR37=TRUE,ROUND(((7337-BS37)/3642.4)-1,6),0) -> 0.75244 | BU37: =ROUND(BT37*U37,1) -> 149.6 | BV37: =AND(U37>299.9,U37<=1621.9) -> FALSE | BW37: =IF(BV37=TRUE,ROUND((U37-300)*1.2375,4),0) -> 0 | BX37: =IF(BV37=TRUE,ROUND(((5406-BW37)/3642.4)-1,6),0) -> 0 | BY37: =ROUND(BX37*U37,1) -> 0 | BZ37: =ROUND(IF(U37>=1622,(U37*0.03504),0),1) -> 0 | CA37: 660 | CB37: =AJ37/CA37 -> 0.04 | CC37: =IF(CB37<0.06,1,IF(CB37>=18.29,52,MATCH(CB37-0.001,'Weighting Factors'!$W$5:$W$156)+1)) -> 1 | CD37: =VLOOKUP(CC37, 'Weighting Factors'!$U$5:$X$56,4) -> 1620 | CE37: =('Weighting Factors'!$O$5/'Weighting Factors'!$O$14) -> 1.2216 | CF37: =AJ37*CD37 -> 42930 | CG37: =CF37*'Weighting Factors'!$Q$7 -> 42930 | CH37: =CG37*CE37 -> 52443 | CI37: =AK37/'Weighting Factors'!$O$5 -> 10.3 | CJ37: 0 | CK37: 0 | CL37: 0 | CM37: =SUM((AR37*'Weighting Factors'!$O$5)+'2024 Legal Max'!AX37)*CL37 -> 0 | CN37: =IF(CK37>CM37,CM37,CK37) -> 0 | CO37: =AE37/AD37 -> 0.3869 | CP37: =IF(CO37>=50%,AE37*10.5%,0) -> 0 | CQ37: =IF(AND(CO37>35%,CO37<50%),AE37*(CO37-35%)*0.7,0) -> 2 | CR37: =AS37+AP37 -> 437.7 | CS37: ='Required Transfers'!L37 -> 62132 | CT37: ='Required Transfers'!O37 -> 4645 | CU37: ='Required Transfers'!H37 -> 206573 | CV37: =SUM(R37+T37+AT37+AU37+AV37/6+AW37/6) -> 194.3 | CW37: D0220
A38: 223 | B38: Washington | C38: Barnes | D38: 361.1 | E38: 2 | F38: 0 | G38: =SUM(D38-E38+F38) -> 359.1 | H38: 336.8 | I38: 1 | J38: 0 | K38: =SUM(H38-I38+J38) -> 335.8 | L38: 357.5 | N38: 0 | O38: =SUM(L38-M38+N38) -> 357.5 | P38: =IF(ISNA(VLOOKUP($CW38,'Audit Values'!$A:$BZ,2,FALSE)),'Preliminary SO66'!C37,VLOOKUP($CW38,'Audit Values'!$A:$BZ,76,FALSE)) -> 366.7 | Q38: =IF(ISNA(VLOOKUP($CW38,'Audit Values'!$A:$BZ,2,FALSE)),'Preliminary SO66'!F37,VLOOKUP($CW38,'Audit Values'!$A:$BZ,4,FALSE)) -> 0 | R38: =SUM(P38+Q38) -> 366.7 | S38: =IF('Military Provision'!I38="YES", MAX('2024 Legal Max'!O38,'2024 Legal Max'!K38,AVERAGE('2024 Legal Max'!G38,'2024 Legal Max'!K38,'2024 Legal Max'!O38)), MAX(O38, K38)) -> 357.5 | T38: =IF(ISNA(VLOOKUP($CW38,'Audit Values'!$A:$BX,2,FALSE)),'Preliminary SO66'!AL37,VLOOKUP($CW38,'Audit Values'!$A:$BX,59,FALSE)) -> 16 | U38: =S38+T38 -> 373.5 | V38: ='Low-High ENRL- 2023 HSubSB 113'!N41 -> 171.5 | W38: =IF(ISNA(VLOOKUP($CW38,'Audit Values'!$A:$BZ,2,FALSE)),'Preliminary SO66'!AM37,VLOOKUP($CW38,'Audit Values'!$A:$BZ,63,FALSE)) -> 42.8 | X38: =(W38/6)*'Weighting Factors'!$O$7 -> 2.8 | Y38: =IF(ISNA(VLOOKUP($CW38,'Audit Values'!$A:$BZ,2,FALSE)),'Preliminary SO66'!AN37,VLOOKUP($CW38,'Audit Values'!$A:$BZ,62,FALSE)) -> 26 | Z38: =Y38*'Weighting Factors'!$O$8 -> 4.8 | AA38: =MAX(X38,Z38) -> 4.8 | AB38: =IF(ISNA(VLOOKUP($CW38,'Audit Values'!$A:$BZ,2,FALSE)),'Preliminary SO66'!AO37,VLOOKUP($CW38,'Audit Values'!$A:$BZ,61,FALSE)) -> 144 | AC38: =AB38/6*'Weighting Factors'!$O$6 -> 12 | AD38: =IF(ISNA(VLOOKUP($CW38,'Audit Values'!$A:$BX,2,FALSE)),'Preliminary SO66'!AS37,VLOOKUP($CW38,'Audit Values'!$A:$BX,64,FALSE)) -> 504 | AE38: =IF(ISNA(VLOOKUP($CW38,'Audit Values'!$A:$BX,2,FALSE)),'Preliminary SO66'!AP37,VLOOKUP($CW38,'Audit Values'!$A:$BX,65,FALSE)) -> 110 | AF38: =IF(A38=207, AE38,(AE38))*'Weighting Factors'!$O$9 -> 53.2 | AG38: =MAX(CP38,CQ38) -> 0 | AH38: =IF(ISNA(VLOOKUP($CW38,'Audit Values'!$A:$BZ,2,FALSE)),'Preliminary SO66'!AG37,VLOOKUP($CW38,'Audit Values'!$A:$BZ,71,FALSE)) -> 0 | AI38: =MAX(AG38, AH38) -> 0 | AJ38: =IF(ISNA(VLOOKUP($CW38,'Audit Values'!$A:$BX,2,FALSE)),'Preliminary SO66'!AR37,VLOOKUP($CW38,'Audit Values'!$A:$BX,66,FALSE)) -> 122.3 | AK38: =CH38 -> 174800 | AL38: =AK38/'Weighting Factors'!$O$5 -> 34.4 | AM38: =CJ38/'Weighting Factors'!$O$5 -> 0 | AN38: =CN38/'Weighting Factors'!$O$5 -> 0 | AO38: 420094 | AP38: =AO38/'Weighting Factors'!$O$5 -> 82.6 | AQ38: =IF(ISNA(VLOOKUP($CW38,'Audit Values'!$A:$BX,2,FALSE)),'Preliminary SO66'!X37,VLOOKUP($CW38,'Audit Values'!$A:$BX,48,FALSE)) -> 0 | AR38: =SUM(U38+V38+AA38+AC38+AF38+AI38+AL38+AM38+AP38+AQ38) -> 732 | AS38: =SUM(U38+V38+AA38+AC38+AF38+AI38+AL38+AM38+AN38+AQ38) -> 649.4 | AT38: =IF(ISNA(VLOOKUP($CW38,'Audit Values'!$A$2:$BX$410,2,FALSE)),'Preliminary SO66'!AA37,VLOOKUP($CW38,'Audit Values'!$A$2:$BX$410,41,FALSE)) -> 0 | AU38: =IF(ISNA(VLOOKUP($CW38,'Audit Values'!$A$2:$BX$410,2,FALSE)),'Preliminary SO66'!AB37,VLOOKUP($CW38,'Audit Values'!$A$2:$BX$410,42,FALSE)) -> 0 | AV38: 0 | AW38: 0 | AX38: =SUM(AT38*'Weighting Factors'!$R$10)+('2024 Legal Max'!AU38*'Weighting Factors'!$R$11)+('2024 Legal Max'!AV38*'Weighting Factors'!$R$12)+('2024 Legal Max'!AW38*'Weighting Factors'!$R$12) -> 0 | AY38: =IF(ISNA(VLOOKUP($CW38,'Audit Values'!$A$2:$BX$429,2,FALSE)),"",IF(AND('Weighting Factors'!G38>0,VLOOKUP($CW38,'Audit Values'!$A$2:$BX$429,51,FALSE)<'Weighting Factors'!G38),'Weighting Factors'!G38,VLOOKUP($CW38,'Audit Values'!$A$2:$BX$429,51,FALSE))) -> 16 | AZ38: =IF(ISNA(VLOOKUP($CW38,'Audit Values'!$A:$BY,2,FALSE)),"",VLOOKUP($CW38,'Audit Values'!$A:$BY,52,FALSE)) -> A | BA38: =IF('Weighting Factors'!F38="","",IF('Weighting Factors'!H38="Pending","PX","R")) | BB38: =SUM((U38+V38+AA38+AC38+AF38+AI38+AL38+AM38+AQ38+AN38)*'Weighting Factors'!$O$5)+'2024 Legal Max'!AX38 -> 3304147 | BC38: =SUM((AR38+AN38)*'Weighting Factors'!$O$5)+AX38 -> 3724416 | BD38: =IF('Weighting Factors'!F38>0,'Weighting Factors'!F38,'Preliminary SO66'!AV37) -> 3807350 | BE38: =MIN(BC38,BD38) -> 3724416 | BF38: ='Weighting Factors'!E38 -> 0 | BG38: =Transportation!G38 -> 0 | BH38: =IF(ISNA(VLOOKUP($CW38,'Audit Values'!$A:$BW,2,FALSE)), 0, VLOOKUP($CW38,'Audit Values'!$A:$BW,75,FALSE)) -> 0 | BI38: =SUM(BF38:BH38) -> 0 | BJ38: =BE38+BI38 -> 3724416 | BK38: =SUM((U38+V38+AA38+AC38+AF38+AI38+AL38+AM38+AN38)*'Weighting Factors'!O$12)+(MAX(AO38,'Weighting Factors'!B38)) -> 3776764 | BL38: ='LOB%'!F36 -> 0.33 | BM38: =BK38*BL38 -> 1246332 | BN38: 1271449 | BO38: =MIN(BM38,BN38) -> 1246332 | BP38: =BO38/BK38 -> 0.33 | BQ38: =ROUND(IF(U38<=99.9,(U38*1.014331),0),1) -> 0 | BR38: =AND(U38>99.9,U38<=299.9) -> FALSE | BS38: =IF(BR38=TRUE,ROUND((U38-100)*9.655,3),0) -> 0 | BT38: =IF(BR38=TRUE,ROUND(((7337-BS38)/3642.4)-1,6),0) -> 0 | BU38: =ROUND(BT38*U38,1) -> 0 | BV38: =AND(U38>299.9,U38<=1621.9) -> TRUE | BW38: =IF(BV38=TRUE,ROUND((U38-300)*1.2375,4),0) -> 90.9563 | BX38: =IF(BV38=TRUE,ROUND(((5406-BW38)/3642.4)-1,6),0) -> 0.459215 | BY38: =ROUND(BX38*U38,1) -> 171.5 | BZ38: =ROUND(IF(U38>=1622,(U38*0.03504),0),1) -> 0 | CA38: 378 | CB38: =AJ38/CA38 -> 0.324 | CC38: =IF(CB38<0.06,1,IF(CB38>=18.29,52,MATCH(CB38-0.001,'Weighting Factors'!$W$5:$W$156)+1)) -> 21 | CD38: =VLOOKUP(CC38, 'Weighting Factors'!$U$5:$X$56,4) -> 1170 | CE38: =('Weighting Factors'!$O$5/'Weighting Factors'!$O$14) -> 1.2216 | CF38: =AJ38*CD38 -> 143091 | CG38: =CF38*'Weighting Factors'!$Q$7 -> 143091 | CH38: =CG38*CE38 -> 174800 | CI38: =AK38/'Weighting Factors'!$O$5 -> 34.4 | CJ38: 0 | CK38: 0 | CL38: 0 | CM38: =SUM((AR38*'Weighting Factors'!$O$5)+'2024 Legal Max'!AX38)*CL38 -> 0 | CN38: =IF(CK38>CM38,CM38,CK38) -> 0 | CO38: =AE38/AD38 -> 0.2183 | CP38: =IF(CO38>=50%,AE38*10.5%,0) -> 0 | CQ38: =IF(AND(CO38>35%,CO38<50%),AE38*(CO38-35%)*0.7,0) -> 0 | CR38: =AS38+AP38 -> 732 | CS38: ='Required Transfers'!L38 -> 92602 | CT38: ='Required Transfers'!O38 -> 8350 | CU38: ='Required Transfers'!H38 -> 270682 | CV38: =SUM(R38+T38+AT38+AU38+AV38/6+AW38/6) -> 382.7 | CW38: D0223
A39: 224 | B39: Washington | C39: Clifton-Clyde | D39: 289.8 | F39: 0 | G39: =SUM(D39-E39+F39) -> 289.8 | H39: 281 | J39: 0 | K39: =SUM(H39-I39+J39) -> 281 | L39: 292.2 | N39: 0 | O39: =SUM(L39-M39+N39) -> 292.2 | P39: =IF(ISNA(VLOOKUP($CW39,'Audit Values'!$A:$BZ,2,FALSE)),'Preliminary SO66'!C38,VLOOKUP($CW39,'Audit Values'!$A:$BZ,76,FALSE)) -> 293.1 | Q39: =IF(ISNA(VLOOKUP($CW39,'Audit Values'!$A:$BZ,2,FALSE)),'Preliminary SO66'!F38,VLOOKUP($CW39,'Audit Values'!$A:$BZ,4,FALSE)) -> 0 | R39: =SUM(P39+Q39) -> 293.1 | S39: =IF('Military Provision'!I39="YES", MAX('2024 Legal Max'!O39,'2024 Legal Max'!K39,AVERAGE('2024 Legal Max'!G39,'2024 Legal Max'!K39,'2024 Legal Max'!O39)), MAX(O39, K39)) -> 292.2 | T39: =IF(ISNA(VLOOKUP($CW39,'Audit Values'!$A:$BX,2,FALSE)),'Preliminary SO66'!AL38,VLOOKUP($CW39,'Audit Values'!$A:$BX,59,FALSE)) -> 3 | U39: =S39+T39 -> 295.2 | V39: ='Low-High ENRL- 2023 HSubSB 113'!N42 -> 146.7 | W39: =IF(ISNA(VLOOKUP($CW39,'Audit Values'!$A:$BZ,2,FALSE)),'Preliminary SO66'!AM38,VLOOKUP($CW39,'Audit Values'!$A:$BZ,63,FALSE)) -> 4.5 | X39: =(W39/6)*'Weighting Factors'!$O$7 -> 0.3 | Y39: =IF(ISNA(VLOOKUP($CW39,'Audit Values'!$A:$BZ,2,FALSE)),'Preliminary SO66'!AN38,VLOOKUP($CW39,'Audit Values'!$A:$BZ,62,FALSE)) -> 5 | Z39: =Y39*'Weighting Factors'!$O$8 -> 0.9 | AA39: =MAX(X39,Z39) -> 0.9 | AB39: =IF(ISNA(VLOOKUP($CW39,'Audit Values'!$A:$BZ,2,FALSE)),'Preliminary SO66'!AO38,VLOOKUP($CW39,'Audit Values'!$A:$BZ,61,FALSE)) -> 144.7 | AC39: =AB39/6*'Weighting Factors'!$O$6 -> 12.1 | AD39: =IF(ISNA(VLOOKUP($CW39,'Audit Values'!$A:$BX,2,FALSE)),'Preliminary SO66'!AS38,VLOOKUP($CW39,'Audit Values'!$A:$BX,64,FALSE)) -> 302 | AE39: =IF(ISNA(VLOOKUP($CW39,'Audit Values'!$A:$BX,2,FALSE)),'Preliminary SO66'!AP38,VLOOKUP($CW39,'Audit Values'!$A:$BX,65,FALSE)) -> 86 | AF39: =IF(A39=207, AE39,(AE39))*'Weighting Factors'!$O$9 -> 41.6 | AG39: =MAX(CP39,CQ39) -> 0 | AH39: =IF(ISNA(VLOOKUP($CW39,'Audit Values'!$A:$BZ,2,FALSE)),'Preliminary SO66'!AG38,VLOOKUP($CW39,'Audit Values'!$A:$BZ,71,FALSE)) -> 0 | AI39: =MAX(AG39, AH39) -> 0 | AJ39: =IF(ISNA(VLOOKUP($CW39,'Audit Values'!$A:$BX,2,FALSE)),'Preliminary SO66'!AR38,VLOOKUP($CW39,'Audit Values'!$A:$BX,66,FALSE)) -> 160 | AK39: =CH39 -> 205229 | AL39: =AK39/'Weighting Factors'!$O$5 -> 40.3 | AM39: =CJ39/'Weighting Factors'!$O$5 -> 0 | AN39: =CN39/'Weighting Factors'!$O$5 -> 0 | AO39: 306632 | AP39: =AO39/'Weighting Factors'!$O$5 -> 60.3 | AQ39: =IF(ISNA(VLOOKUP($CW39,'Audit Values'!$A:$BX,2,FALSE)),'Preliminary SO66'!X38,VLOOKUP($CW39,'Audit Values'!$A:$BX,48,FALSE)) -> 0 | AR39: =SUM(U39+V39+AA39+AC39+AF39+AI39+AL39+AM39+AP39+AQ39) -> 597.1 | AS39: =SUM(U39+V39+AA39+AC39+AF39+AI39+AL39+AM39+AN39+AQ39) -> 536.8 | AT39: =IF(ISNA(VLOOKUP($CW39,'Audit Values'!$A$2:$BX$410,2,FALSE)),'Preliminary SO66'!AA38,VLOOKUP($CW39,'Audit Values'!$A$2:$BX$410,41,FALSE)) -> 0 | AU39: =IF(ISNA(VLOOKUP($CW39,'Audit Values'!$A$2:$BX$410,2,FALSE)),'Preliminary SO66'!AB38,VLOOKUP($CW39,'Audit Values'!$A$2:$BX$410,42,FALSE)) -> 0 | AV39: 0 | AW39: 0 | AX39: =SUM(AT39*'Weighting Factors'!$R$10)+('2024 Legal Max'!AU39*'Weighting Factors'!$R$11)+('2024 Legal Max'!AV39*'Weighting Factors'!$R$12)+('2024 Legal Max'!AW39*'Weighting Factors'!$R$12) -> 0 | AY39: =IF(ISNA(VLOOKUP($CW39,'Audit Values'!$A$2:$BX$429,2,FALSE)),"",IF(AND('Weighting Factors'!G39>0,VLOOKUP($CW39,'Audit Values'!$A$2:$BX$429,51,FALSE)<'Weighting Factors'!G39),'Weighting Factors'!G39,VLOOKUP($CW39,'Audit Values'!$A$2:$BX$429,51,FALSE))) -> 17 | AZ39: =IF(ISNA(VLOOKUP($CW39,'Audit Values'!$A:$BY,2,FALSE)),"",VLOOKUP($CW39,'Audit Values'!$A:$BY,52,FALSE)) -> A | BA39: =IF('Weighting Factors'!F39="","",IF('Weighting Factors'!H39="Pending","PX","R")) -> R | BB39: =SUM((U39+V39+AA39+AC39+AF39+AI39+AL39+AM39+AQ39+AN39)*'Weighting Factors'!$O$5)+'2024 Legal Max'!AX39 -> 2731238 | BC39: =SUM((AR39+AN39)*'Weighting Factors'!$O$5)+AX39 -> 3038045 | BD39: =IF('Weighting Factors'!F39>0,'Weighting Factors'!F39,'Preliminary SO66'!AV38) -> 3074170 | BE39: =MIN(BC39,BD39) -> 3038045 | BF39: ='Weighting Factors'!E39 -> 0 | BG39: =Transportation!G39 -> 0 | BH39: =IF(ISNA(VLOOKUP($CW39,'Audit Values'!$A:$BW,2,FALSE)), 0, VLOOKUP($CW39,'Audit Values'!$A:$BW,75,FALSE)) -> 0 | BI39: =SUM(BF39:BH39) -> 0 | BJ39: =BE39+BI39 -> 3038045 | BK39: =SUM((U39+V39+AA39+AC39+AF39+AI39+AL39+AM39+AN39)*'Weighting Factors'!O$12)+(MAX(AO39,'Weighting Factors'!B39)) -> 3116672 | BL39: ='LOB%'!F37 -> 0.316 | BM39: =BK39*BL39 -> 984868 | BN39: 979001 | BO39: =MIN(BM39,BN39) -> 979001 | BP39: =BO39/BK39 -> 0.3141 | BQ39: =ROUND(IF(U39<=99.9,(U39*1.014331),0),1) -> 0 | BR39: =AND(U39>99.9,U39<=299.9) -> TRUE | BS39: =IF(BR39=TRUE,ROUND((U39-100)*9.655,3),0) -> 1884.656 | BT39: =IF(BR39=TRUE,ROUND(((7337-BS39)/3642.4)-1,6),0) -> 0.49691 | BU39: =ROUND(BT39*U39,1) -> 146.7 | BV39: =AND(U39>299.9,U39<=1621.9) -> FALSE | BW39: =IF(BV39=TRUE,ROUND((U39-300)*1.2375,4),0) -> 0 | BX39: =IF(BV39=TRUE,ROUND(((5406-BW39)/3642.4)-1,6),0) -> 0 | BY39: =ROUND(BX39*U39,1) -> 0 | BZ39: =ROUND(IF(U39>=1622,(U39*0.03504),0),1) -> 0 | CA39: 255 | CB39: =AJ39/CA39 -> 0.627 | CC39: =IF(CB39<0.06,1,IF(CB39>=18.29,52,MATCH(CB39-0.001,'Weighting Factors'!$W$5:$W$156)+1)) -> 27 | CD39: =VLOOKUP(CC39, 'Weighting Factors'!$U$5:$X$56,4) -> 1050 | CE39: =('Weighting Factors'!$O$5/'Weighting Factors'!$O$14) -> 1.2216 | CF39: =AJ39*CD39 -> 168000 | CG39: =CF39*'Weighting Factors'!$Q$7 -> 168000 | CH39: =CG39*CE39 -> 205229 | CI39: =AK39/'Weighting Factors'!$O$5 -> 40.3 | CJ39: 0 | CK39: 0 | CL39: 0 | CM39: =SUM((AR39*'Weighting Factors'!$O$5)+'2024 Legal Max'!AX39)*CL39 -> 0 | CN39: =IF(CK39>CM39,CM39,CK39) -> 0 | CO39: =AE39/AD39 -> 0.2848 | CP39: =IF(CO39>=50%,AE39*10.5%,0) -> 0 | CQ39: =IF(AND(CO39>35%,CO39<50%),AE39*(CO39-35%)*0.7,0) -> 0 | CR39: =AS39+AP39 -> 597.1 | CS39: ='Required Transfers'!L39 -> 68530 | CT39: ='Required Transfers'!O39 -> 1469 | CU39: ='Required Transfers'!H39 -> 211661 | CV39: =SUM(R39+T39+AT39+AU39+AV39/6+AW39/6) -> 296.1 | CW39: D0224
A40: 225 | B40: Meade | C40: Fowler | D40: 117 | F40: 0 | G40: =SUM(D40-E40+F40) -> 117 | H40: 96 | J40: 0 | K40: =SUM(H40-I40+J40) -> 96 | L40: 66 | N40: 0 | O40: =SUM(L40-M40+N40) -> 66 | P40: =IF(ISNA(VLOOKUP($CW40,'Audit Values'!$A:$BZ,2,FALSE)),'Preliminary SO66'!C39,VLOOKUP($CW40,'Audit Values'!$A:$BZ,76,FALSE)) -> 69.7 | Q40: =IF(ISNA(VLOOKUP($CW40,'Audit Values'!$A:$BZ,2,FALSE)),'Preliminary SO66'!F39,VLOOKUP($CW40,'Audit Values'!$A:$BZ,4,FALSE)) -> 0 | R40: =SUM(P40+Q40) -> 69.7 | S40: =IF('Military Provision'!I40="YES", MAX('2024 Legal Max'!O40,'2024 Legal Max'!K40,AVERAGE('2024 Legal Max'!G40,'2024 Legal Max'!K40,'2024 Legal Max'!O40)), MAX(O40, K40)) -> 96 | T40: =IF(ISNA(VLOOKUP($CW40,'Audit Values'!$A:$BX,2,FALSE)),'Preliminary SO66'!AL39,VLOOKUP($CW40,'Audit Values'!$A:$BX,59,FALSE)) -> 1 | U40: =S40+T40 -> 97 | V40: ='Low-High ENRL- 2023 HSubSB 113'!N43 -> 98.4 | W40: =IF(ISNA(VLOOKUP($CW40,'Audit Values'!$A:$BZ,2,FALSE)),'Preliminary SO66'!AM39,VLOOKUP($CW40,'Audit Values'!$A:$BZ,63,FALSE)) -> 14.8 | X40: =(W40/6)*'Weighting Factors'!$O$7 -> 1 | Y40: =IF(ISNA(VLOOKUP($CW40,'Audit Values'!$A:$BZ,2,FALSE)),'Preliminary SO66'!AN39,VLOOKUP($CW40,'Audit Values'!$A:$BZ,62,FALSE)) -> 5 | Z40: =Y40*'Weighting Factors'!$O$8 -> 0.9 | AA40: =MAX(X40,Z40) -> 1 | AB40: =IF(ISNA(VLOOKUP($CW40,'Audit Values'!$A:$BZ,2,FALSE)),'Preliminary SO66'!AO39,VLOOKUP($CW40,'Audit Values'!$A:$BZ,61,FALSE)) -> 8.6 | AC40: =AB40/6*'Weighting Factors'!$O$6 -> 0.7 | AD40: =IF(ISNA(VLOOKUP($CW40,'Audit Values'!$A:$BX,2,FALSE)),'Preliminary SO66'!AS39,VLOOKUP($CW40,'Audit Values'!$A:$BX,64,FALSE)) -> 72 | AE40: =IF(ISNA(VLOOKUP($CW40,'Audit Values'!$A:$BX,2,FALSE)),'Preliminary SO66'!AP39,VLOOKUP($CW40,'Audit Values'!$A:$BX,65,FALSE)) -> 35 | AF40: =IF(A40=207, AE40,(AE40))*'Weighting Factors'!$O$9 -> 16.9 | AG40: =MAX(CP40,CQ40) -> 3.3 | AH40: =IF(ISNA(VLOOKUP($CW40,'Audit Values'!$A:$BZ,2,FALSE)),'Preliminary SO66'!AG39,VLOOKUP($CW40,'Audit Values'!$A:$BZ,71,FALSE)) -> 2.9 | AI40: =MAX(AG40, AH40) -> 3.3 | AJ40: =IF(ISNA(VLOOKUP($CW40,'Audit Values'!$A:$BX,2,FALSE)),'Preliminary SO66'!AR39,VLOOKUP($CW40,'Audit Values'!$A:$BX,66,FALSE)) -> 1 | AK40: =CH40 -> 1979 | AL40: =AK40/'Weighting Factors'!$O$5 -> 0.4 | AM40: =CJ40/'Weighting Factors'!$O$5 -> 0 | AN40: =CN40/'Weighting Factors'!$O$5 -> 0 | AO40: 94889 | AP40: =AO40/'Weighting Factors'!$O$5 -> 18.6 | AQ40: =IF(ISNA(VLOOKUP($CW40,'Audit Values'!$A:$BX,2,FALSE)),'Preliminary SO66'!X39,VLOOKUP($CW40,'Audit Values'!$A:$BX,48,FALSE)) -> 0 | AR40: =SUM(U40+V40+AA40+AC40+AF40+AI40+AL40+AM40+AP40+AQ40) -> 236.3 | AS40: =SUM(U40+V40+AA40+AC40+AF40+AI40+AL40+AM40+AN40+AQ40) -> 217.7 | AT40: =IF(ISNA(VLOOKUP($CW40,'Audit Values'!$A$2:$BX$410,2,FALSE)),'Preliminary SO66'!AA39,VLOOKUP($CW40,'Audit Values'!$A$2:$BX$410,41,FALSE)) -> 0 | AU40: =IF(ISNA(VLOOKUP($CW40,'Audit Values'!$A$2:$BX$410,2,FALSE)),'Preliminary SO66'!AB39,VLOOKUP($CW40,'Audit Values'!$A$2:$BX$410,42,FALSE)) -> 0 | AV40: 0 | AW40: 0 | AX40: =SUM(AT40*'Weighting Factors'!$R$10)+('2024 Legal Max'!AU40*'Weighting Factors'!$R$11)+('2024 Legal Max'!AV40*'Weighting Factors'!$R$12)+('2024 Legal Max'!AW40*'Weighting Factors'!$R$12) -> 0 | AY40: =IF(ISNA(VLOOKUP($CW40,'Audit Values'!$A$2:$BX$429,2,FALSE)),"",IF(AND('Weighting Factors'!G40>0,VLOOKUP($CW40,'Audit Values'!$A$2:$BX$429,51,FALSE)<'Weighting Factors'!G40),'Weighting Factors'!G40,VLOOKUP($CW40,'Audit Values'!$A$2:$BX$429,51,FALSE))) -> 6 | AZ40: =IF(ISNA(VLOOKUP($CW40,'Audit Values'!$A:$BY,2,FALSE)),"",VLOOKUP($CW40,'Audit Values'!$A:$BY,52,FALSE)) -> A | BA40: =IF('Weighting Factors'!F40="","",IF('Weighting Factors'!H40="Pending","PX","R")) | BB40: =SUM((U40+V40+AA40+AC40+AF40+AI40+AL40+AM40+AQ40+AN40)*'Weighting Factors'!$O$5)+'2024 Legal Max'!AX40 -> 1107658 | BC40: =SUM((AR40+AN40)*'Weighting Factors'!$O$5)+AX40 -> 1202294 | BD40: =IF('Weighting Factors'!F40>0,'Weighting Factors'!F40,'Preliminary SO66'!AV39) -> 1255210 | BE40: =MIN(BC40,BD40) -> 1202294 | BF40: ='Weighting Factors'!E40 -> 0 | BG40: =Transportation!G40 -> 0 | BH40: =IF(ISNA(VLOOKUP($CW40,'Audit Values'!$A:$BW,2,FALSE)), 0, VLOOKUP($CW40,'Audit Values'!$A:$BW,75,FALSE)) -> 0 | BI40: =SUM(BF40:BH40) -> 0 | BJ40: =BE40+BI40 -> 1202294 | BK40: =SUM((U40+V40+AA40+AC40+AF40+AI40+AL40+AM40+AN40)*'Weighting Factors'!O$12)+(MAX(AO40,'Weighting Factors'!B40)) -> 1275684 | BL40: ='LOB%'!F38 -> 0.33 | BM40: =BK40*BL40 -> 420976 | BN40: 438337 | BO40: =MIN(BM40,BN40) -> 420976 | BP40: =BO40/BK40 -> 0.33 | BQ40: =ROUND(IF(U40<=99.9,(U40*1.014331),0),1) -> 98.4 | BR40: =AND(U40>99.9,U40<=299.9) -> FALSE | BS40: =IF(BR40=TRUE,ROUND((U40-100)*9.655,3),0) -> 0 | BT40: =IF(BR40=TRUE,ROUND(((7337-BS40)/3642.4)-1,6),0) -> 0 | BU40: =ROUND(BT40*U40,1) -> 0 | BV40: =AND(U40>299.9,U40<=1621.9) -> FALSE | BW40: =IF(BV40=TRUE,ROUND((U40-300)*1.2375,4),0) -> 0 | BX40: =IF(BV40=TRUE,ROUND(((5406-BW40)/3642.4)-1,6),0) -> 0 | BY40: =ROUND(BX40*U40,1) -> 0 | BZ40: =ROUND(IF(U40>=1622,(U40*0.03504),0),1) -> 0 | CA40: 281 | CB40: =AJ40/CA40 -> 0.004 | CC40: =IF(CB40<0.06,1,IF(CB40>=18.29,52,MATCH(CB40-0.001,'Weighting Factors'!$W$5:$W$156)+1)) -> 1 | CD40: =VLOOKUP(CC40, 'Weighting Factors'!$U$5:$X$56,4) -> 1620 | CE40: =('Weighting Factors'!$O$5/'Weighting Factors'!$O$14) -> 1.2216 | CF40: =AJ40*CD40 -> 1620 | CG40: =CF40*'Weighting Factors'!$Q$7 -> 1620 | CH40: =CG40*CE40 -> 1979 | CI40: =AK40/'Weighting Factors'!$O$5 -> 0.4 | CJ40: 0 | CK40: 0 | CL40: 0 | CM40: =SUM((AR40*'Weighting Factors'!$O$5)+'2024 Legal Max'!AX40)*CL40 -> 0 | CN40: =IF(CK40>CM40,CM40,CK40) -> 0 | CO40: =AE40/AD40 -> 0.4861 | CP40: =IF(CO40>=50%,AE40*10.5%,0) -> 0 | CQ40: =IF(AND(CO40>35%,CO40<50%),AE40*(CO40-35%)*0.7,0) -> 3.3 | CR40: =AS40+AP40 -> 236.3 | CS40: ='Required Transfers'!L40 -> 30226 | CT40: ='Required Transfers'!O40 -> 1768 | CU40: ='Required Transfers'!H40 -> 102778 | CV40: =SUM(R40+T40+AT40+AU40+AV40/6+AW40/6) -> 70.7 | CW40: D0225
A41: 226 | B41: Meade | C41: Meade | D41: 332 | F41: 0 | G41: =SUM(D41-E41+F41) -> 332 | H41: 360.5 | J41: 0 | K41: =SUM(H41-I41+J41) -> 360.5 | L41: 340 | N41: 0 | O41: =SUM(L41-M41+N41) -> 340 | P41: =IF(ISNA(VLOOKUP($CW41,'Audit Values'!$A:$BZ,2,FALSE)),'Preliminary SO66'!C40,VLOOKUP($CW41,'Audit Values'!$A:$BZ,76,FALSE)) -> 328.9 | Q41: =IF(ISNA(VLOOKUP($CW41,'Audit Values'!$A:$BZ,2,FALSE)),'Preliminary SO66'!F40,VLOOKUP($CW41,'Audit Values'!$A:$BZ,4,FALSE)) -> 0 | R41: =SUM(P41+Q41) -> 328.9 | S41: =IF('Military Provision'!I41="YES", MAX('2024 Legal Max'!O41,'2024 Legal Max'!K41,AVERAGE('2024 Legal Max'!G41,'2024 Legal Max'!K41,'2024 Legal Max'!O41)), MAX(O41, K41)) -> 360.5 | T41: =IF(ISNA(VLOOKUP($CW41,'Audit Values'!$A:$BX,2,FALSE)),'Preliminary SO66'!AL40,VLOOKUP($CW41,'Audit Values'!$A:$BX,59,FALSE)) -> 10 | U41: =S41+T41 -> 370.5 | V41: ='Low-High ENRL- 2023 HSubSB 113'!N44 -> 170.5 | W41: =IF(ISNA(VLOOKUP($CW41,'Audit Values'!$A:$BZ,2,FALSE)),'Preliminary SO66'!AM40,VLOOKUP($CW41,'Audit Values'!$A:$BZ,63,FALSE)) -> 13.1 | X41: =(W41/6)*'Weighting Factors'!$O$7 -> 0.9 | Y41: =IF(ISNA(VLOOKUP($CW41,'Audit Values'!$A:$BZ,2,FALSE)),'Preliminary SO66'!AN40,VLOOKUP($CW41,'Audit Values'!$A:$BZ,62,FALSE)) -> 5 | Z41: =Y41*'Weighting Factors'!$O$8 -> 0.9 | AA41: =MAX(X41,Z41) -> 0.9 | AB41: =IF(ISNA(VLOOKUP($CW41,'Audit Values'!$A:$BZ,2,FALSE)),'Preliminary SO66'!AO40,VLOOKUP($CW41,'Audit Values'!$A:$BZ,61,FALSE)) -> 53.4 | AC41: =AB41/6*'Weighting Factors'!$O$6 -> 4.5 | AD41: =IF(ISNA(VLOOKUP($CW41,'Audit Values'!$A:$BX,2,FALSE)),'Preliminary SO66'!AS40,VLOOKUP($CW41,'Audit Values'!$A:$BX,64,FALSE)) -> 353 | AE41: =IF(ISNA(VLOOKUP($CW41,'Audit Values'!$A:$BX,2,FALSE)),'Preliminary SO66'!AP40,VLOOKUP($CW41,'Audit Values'!$A:$BX,65,FALSE)) -> 124 | AF41: =IF(A41=207, AE41,(AE41))*'Weighting Factors'!$O$9 -> 60 | AG41: =MAX(CP41,CQ41) -> 0.1 | AH41: =IF(ISNA(VLOOKUP($CW41,'Audit Values'!$A:$BZ,2,FALSE)),'Preliminary SO66'!AG40,VLOOKUP($CW41,'Audit Values'!$A:$BZ,71,FALSE)) -> 1.9 | AI41: =MAX(AG41, AH41) -> 1.9 | AJ41: =IF(ISNA(VLOOKUP($CW41,'Audit Values'!$A:$BX,2,FALSE)),'Preliminary SO66'!AR40,VLOOKUP($CW41,'Audit Values'!$A:$BX,66,FALSE)) -> 42 | AK41: =CH41 -> 75935 | AL41: =AK41/'Weighting Factors'!$O$5 -> 14.9 | AM41: =CJ41/'Weighting Factors'!$O$5 -> 0 | AN41: =CN41/'Weighting Factors'!$O$5 -> 0 | AO41: 295683 | AP41: =AO41/'Weighting Factors'!$O$5 -> 58.1 | AQ41: =IF(ISNA(VLOOKUP($CW41,'Audit Values'!$A:$BX,2,FALSE)),'Preliminary SO66'!X40,VLOOKUP($CW41,'Audit Values'!$A:$BX,48,FALSE)) -> 0 | AR41: =SUM(U41+V41+AA41+AC41+AF41+AI41+AL41+AM41+AP41+AQ41) -> 681.3 | AS41: =SUM(U41+V41+AA41+AC41+AF41+AI41+AL41+AM41+AN41+AQ41) -> 623.2 | AT41: =IF(ISNA(VLOOKUP($CW41,'Audit Values'!$A$2:$BX$410,2,FALSE)),'Preliminary SO66'!AA40,VLOOKUP($CW41,'Audit Values'!$A$2:$BX$410,41,FALSE)) -> 0 | AU41: =IF(ISNA(VLOOKUP($CW41,'Audit Values'!$A$2:$BX$410,2,FALSE)),'Preliminary SO66'!AB40,VLOOKUP($CW41,'Audit Values'!$A$2:$BX$410,42,FALSE)) -> 0 | AV41: 0 | AW41: 0 | AX41: =SUM(AT41*'Weighting Factors'!$R$10)+('2024 Legal Max'!AU41*'Weighting Factors'!$R$11)+('2024 Legal Max'!AV41*'Weighting Factors'!$R$12)+('2024 Legal Max'!AW41*'Weighting Factors'!$R$12) -> 0 | AY41: =IF(ISNA(VLOOKUP($CW41,'Audit Values'!$A$2:$BX$429,2,FALSE)),"",IF(AND('Weighting Factors'!G41>0,VLOOKUP($CW41,'Audit Values'!$A$2:$BX$429,51,FALSE)<'Weighting Factors'!G41),'Weighting Factors'!G41,VLOOKUP($CW41,'Audit Values'!$A$2:$BX$429,51,FALSE))) -> 5 | AZ41: =IF(ISNA(VLOOKUP($CW41,'Audit Values'!$A:$BY,2,FALSE)),"",VLOOKUP($CW41,'Audit Values'!$A:$BY,52,FALSE)) -> A | BA41: =IF('Weighting Factors'!F41="","",IF('Weighting Factors'!H41="Pending","PX","R")) | BB41: =SUM((U41+V41+AA41+AC41+AF41+AI41+AL41+AM41+AQ41+AN41)*'Weighting Factors'!$O$5)+'2024 Legal Max'!AX41 -> 3170842 | BC41: =SUM((AR41+AN41)*'Weighting Factors'!$O$5)+AX41 -> 3466454 | BD41: =IF('Weighting Factors'!F41>0,'Weighting Factors'!F41,'Preliminary SO66'!AV40) -> 3607392 | BE41: =MIN(BC41,BD41) -> 3466454 | BF41: ='Weighting Factors'!E41 -> 0 | BG41: =Transportation!G41 -> 0 | BH41: =IF(ISNA(VLOOKUP($CW41,'Audit Values'!$A:$BW,2,FALSE)), 0, VLOOKUP($CW41,'Audit Values'!$A:$BW,75,FALSE)) -> 0 | BI41: =SUM(BF41:BH41) -> 0 | BJ41: =BE41+BI41 -> 3466454 | BK41: =SUM((U41+V41+AA41+AC41+AF41+AI41+AL41+AM41+AN41)*'Weighting Factors'!O$12)+(MAX(AO41,'Weighting Factors'!B41)) -> 3608060 | BL41: ='LOB%'!F39 -> 0.33 | BM41: =BK41*BL41 -> 1190660 | BN41: 1098384 | BO41: =MIN(BM41,BN41) -> 1098384 | BP41: =BO41/BK41 -> 0.3044 | BQ41: =ROUND(IF(U41<=99.9,(U41*1.014331),0),1) -> 0 | BR41: =AND(U41>99.9,U41<=299.9) -> FALSE | BS41: =IF(BR41=TRUE,ROUND((U41-100)*9.655,3),0) -> 0 | BT41: =IF(BR41=TRUE,ROUND(((7337-BS41)/3642.4)-1,6),0) -> 0 | BU41: =ROUND(BT41*U41,1) -> 0 | BV41: =AND(U41>299.9,U41<=1621.9) -> TRUE | BW41: =IF(BV41=TRUE,ROUND((U41-300)*1.2375,4),0) -> 87.2438 | BX41: =IF(BV41=TRUE,ROUND(((5406-BW41)/3642.4)-1,6),0) -> 0.460234 | BY41: =ROUND(BX41*U41,1) -> 170.5 | BZ41: =ROUND(IF(U41>=1622,(U41*0.03504),0),1) -> 0 | CA41: 440 | CB41: =AJ41/CA41 -> 0.095 | CC41: =IF(CB41<0.06,1,IF(CB41>=18.29,52,MATCH(CB41-0.001,'Weighting Factors'!$W$5:$W$156)+1)) -> 5 | CD41: =VLOOKUP(CC41, 'Weighting Factors'!$U$5:$X$56,4) -> 1480 | CE41: =('Weighting Factors'!$O$5/'Weighting Factors'!$O$14) -> 1.2216 | CF41: =AJ41*CD41 -> 62160 | CG41: =CF41*'Weighting Factors'!$Q$7 -> 62160 | CH41: =CG41*CE41 -> 75935 | CI41: =AK41/'Weighting Factors'!$O$5 -> 14.9 | CJ41: 0 | CK41: 0 | CL41: 0 | CM41: =SUM((AR41*'Weighting Factors'!$O$5)+'2024 Legal Max'!AX41)*CL41 -> 0 | CN41: =IF(CK41>CM41,CM41,CK41) -> 0 | CO41: =AE41/AD41 -> 0.3513 | CP41: =IF(CO41>=50%,AE41*10.5%,0) -> 0 | CQ41: =IF(AND(CO41>35%,CO41<50%),AE41*(CO41-35%)*0.7,0) -> 0.1 | CR41: =AS41+AP41 -> 681.3 | CS41: ='Required Transfers'!L41 -> 98196 | CT41: ='Required Transfers'!O41 -> 1428 | CU41: ='Required Transfers'!H41 -> 314947 | CV41: =SUM(R41+T41+AT41+AU41+AV41/6+AW41/6) -> 338.9 | CW41: D0226
